Workbook

Sheet HOME
A2: Home | B2: Home | C2: Dashboard | D2: Dashboard | E2: Daily plan | F2: Daily plan | G2: Tasks | H2: Tasks | I2: Checklists | J2: Checklists | K2: Handover | L2: Handover | M2: Issues | N2: Issues | O2: KPI log | P2: KPI log | Q2: Setup | R2: Setup | S2: Audit | T2: Audit
A4: DAILY OPERATIONS | B4: DAILY OPERATIONS | C4: DAILY OPERATIONS | D4: DAILY OPERATIONS | E4: DAILY OPERATIONS | F4: DAILY OPERATIONS | G4: DAILY OPERATIONS | H4: DAILY OPERATIONS | I4: DAILY OPERATIONS | J4: DAILY OPERATIONS | K4: DAILY OPERATIONS | L4: DAILY OPERATIONS | M4: DAILY OPERATIONS | N4: DAILY OPERATIONS | O4: DAILY OPERATIONS | P4: DAILY OPERATIONS | Q4: DAILY OPERATIONS | R4: DAILY OPERATIONS | S4: DAILY OPERATIONS | T4: DAILY OPERATIONS
A6: Daily Operations Control Center | B6: Daily Operations Control Center | C6: Daily Operations Control Center | D6: Daily Operations Control Center | E6: Daily Operations Control Center | F6: Daily Operations Control Center | G6: Daily Operations Control Center | H6: Daily Operations Control Center | I6: Daily Operations Control Center | J6: Daily Operations Control Center | K6: Daily Operations Control Center | L6: Daily Operations Control Center | M6: Daily Operations Control Center | N6: Daily Operations Control Center | O6: Daily Operations Control Center | P6: Daily Operations Control Center | Q6: Daily Operations Control Center | R6: Daily Operations Control Center | S6: Daily Operations Control Center | T6: Daily Operations Control Center
A7: Run the day from one practical system for tasks, checks, handovers, issues, actions, and KPIs. | B7: Run the day from one practical system for tasks, checks, handovers, issues, actions, and KPIs. | C7: Run the day from one practical system for tasks, checks, handovers, issues, actions, and KPIs. | D7: Run the day from one practical system for tasks, checks, handovers, issues, actions, and KPIs. | E7: Run the day from one practical system for tasks, checks, handovers, issues, actions, and KPIs. | F7: Run the day from one practical system for tasks, checks, handovers, issues, actions, and KPIs. | G7: Run the day from one practical system for tasks, checks, handovers, issues, actions, and KPIs. | H7: Run the day from one practical system for tasks, checks, handovers, issues, actions, and KPIs. | I7: Run the day from one practical system for tasks, checks, handovers, issues, actions, and KPIs. | J7: Run the day from one practical system for tasks, checks, handovers, issues, actions, and KPIs. | K7: Run the day from one practical system for tasks, checks, handovers, issues, actions, and KPIs. | L7: Run the day from one practical system for tasks, checks, handovers, issues, actions, and KPIs. | M7: Run the day from one practical system for tasks, checks, handovers, issues, actions, and KPIs. | N7: Run the day from one practical system for tasks, checks, handovers, issues, actions, and KPIs. | O7: Run the day from one practical system for tasks, checks, handovers, issues, actions, and KPIs. | P7: Run the day from one practical system for tasks, checks, handovers, issues, actions, and KPIs. | Q7: Run the day from one practical system for tasks, checks, handovers, issues, actions, and KPIs. | R7: Run the day from one practical system for tasks, checks, handovers, issues, actions, and KPIs. | S7: Run the day from one practical system for tasks, checks, handovers, issues, actions, and KPIs. | T7: Run the day from one practical system for tasks, checks, handovers, issues, actions, and KPIs.
A9: TODAY'S OPERATING PULSE | B9: TODAY'S OPERATING PULSE | C9: TODAY'S OPERATING PULSE | D9: TODAY'S OPERATING PULSE | E9: TODAY'S OPERATING PULSE | F9: TODAY'S OPERATING PULSE | G9: TODAY'S OPERATING PULSE | H9: TODAY'S OPERATING PULSE | I9: TODAY'S OPERATING PULSE | J9: TODAY'S OPERATING PULSE | K9: TODAY'S OPERATING PULSE | L9: TODAY'S OPERATING PULSE | M9: TODAY'S OPERATING PULSE | N9: TODAY'S OPERATING PULSE | O9: TODAY'S OPERATING PULSE | P9: TODAY'S OPERATING PULSE | Q9: TODAY'S OPERATING PULSE | R9: TODAY'S OPERATING PULSE | S9: TODAY'S OPERATING PULSE | T9: TODAY'S OPERATING PULSE
A11: Open tasks | B11: Open tasks | C11: Open tasks | D11: Open tasks | F11: Actions overdue | G11: Actions overdue | H11: Actions overdue | I11: Actions overdue | J11: Actions overdue | L11: Checklist complete | M11: Checklist complete | N11: Checklist complete | O11: Checklist complete | Q11: High-risk issues | R11: High-risk issues | S11: High-risk issues | T11: High-risk issues
A12: =COUNTIF(TASKS!$M$11:$M$110,"Overdue")+COUNTIF(TASKS!$M$11:$M$110,"Due today")+COUNTIF(TASKS!$M$11:$M$110,"Due soon")+COUNTIF(TASKS!$M$11:$M$110,"On track") -> 11 | F12: =COUNTIF(TASKS!$M$11:$M$110,"Overdue")+COUNTIF(HANDOVER!$M$11:$M$100,"Overdue")+COUNTIF(ISSUES!$P$11:$P$100,"Overdue") -> 3 | L12: =IF(COUNTIFS(CHECKLISTS!$B$11:$B$130,SETUP!$D$11,CHECKLISTS!$G$11:$G$130,"Yes")=0,"",COUNTIFS(CHECKLISTS!$B$11:$B$130,SETUP!$D$11,CHECKLISTS!$G$11:$G$130,"Yes",CHECKLISTS!$H$11:$H$130,"Complete")/COUNTIFS(CHECKLISTS!$B$11:$B$130,SETUP!$D$11,CHECKLISTS!$G$11:$G$130,"Yes")) -> 0.625 | Q12: =COUNTIFS(ISSUES!$E$11:$E$100,"Critical",ISSUES!$L$11:$L$100,"<>Closed")+COUNTIFS(ISSUES!$E$11:$E$100,"High",ISSUES!$L$11:$L$100,"<>Closed") -> 2
A17: OPERATING RHYTHM | B17: OPERATING RHYTHM | C17: OPERATING RHYTHM | D17: OPERATING RHYTHM | E17: OPERATING RHYTHM | F17: OPERATING RHYTHM | G17: OPERATING RHYTHM | H17: OPERATING RHYTHM | I17: OPERATING RHYTHM | J17: OPERATING RHYTHM | K17: OPERATING RHYTHM | L17: OPERATING RHYTHM | M17: OPERATING RHYTHM | N17: OPERATING RHYTHM | O17: OPERATING RHYTHM | P17: OPERATING RHYTHM | Q17: OPERATING RHYTHM | R17: OPERATING RHYTHM | S17: OPERATING RHYTHM | T17: OPERATING RHYTHM
A19: Start the day Confirm staffing, priorities, opening checks, and outstanding handovers. | B19: Start the day Confirm staffing, priorities, opening checks, and outstanding handovers. | C19: Start the day Confirm staffing, priorities, opening checks, and outstanding handovers. | D19: Start the day Confirm staffing, priorities, opening checks, and outstanding handovers. | E19: Start the day Confirm staffing, priorities, opening checks, and outstanding handovers. | F19: Run the shift Update tasks, complete checks, record exceptions, and assign actions. | G19: Run the shift Update tasks, complete checks, record exceptions, and assign actions. | H19: Run the shift Update tasks, complete checks, record exceptions, and assign actions. | I19: Run the shift Update tasks, complete checks, record exceptions, and assign actions. | J19: Run the shift Update tasks, complete checks, record exceptions, and assign actions. | K19: Control problems Contain impact, record cause, set corrective action, and monitor closure. | L19: Control problems Contain impact, record cause, set corrective action, and monitor closure. | M19: Control problems Contain impact, record cause, set corrective action, and monitor closure. | N19: Control problems Contain impact, record cause, set corrective action, and monitor closure. | O19: Control problems Contain impact, record cause, set corrective action, and monitor closure. | P19: Review performance Compare KPIs with targets and carry unresolved work into the next shift. | Q19: Review performance Compare KPIs with targets and carry unresolved work into the next shift. | R19: Review performance Compare KPIs with targets and carry unresolved work into the next shift. | S19: Review performance Compare KPIs with targets and carry unresolved work into the next shift. | T19: Review performance Compare KPIs with targets and carry unresolved work into the next shift.
A20: Start the day Confirm staffing, priorities, opening checks, and outstanding handovers. | B20: Start the day Confirm staffing, priorities, opening checks, and outstanding handovers. | C20: Start the day Confirm staffing, priorities, opening checks, and outstanding handovers. | D20: Start the day Confirm staffing, priorities, opening checks, and outstanding handovers. | E20: Start the day Confirm staffing, priorities, opening checks, and outstanding handovers. | F20: Run the shift Update tasks, complete checks, record exceptions, and assign actions. | G20: Run the shift Update tasks, complete checks, record exceptions, and assign actions. | H20: Run the shift Update tasks, complete checks, record exceptions, and assign actions. | I20: Run the shift Update tasks, complete checks, record exceptions, and assign actions. | J20: Run the shift Update tasks, complete checks, record exceptions, and assign actions. | K20: Control problems Contain impact, record cause, set corrective action, and monitor closure. | L20: Control problems Contain impact, record cause, set corrective action, and monitor closure. | M20: Control problems Contain impact, record cause, set corrective action, and monitor closure. | N20: Control problems Contain impact, record cause, set corrective action, and monitor closure. | O20: Control problems Contain impact, record cause, set corrective action, and monitor closure. | P20: Review performance Compare KPIs with targets and carry unresolved work into the next shift. | Q20: Review performance Compare KPIs with targets and carry unresolved work into the next shift. | R20: Review performance Compare KPIs with targets and carry unresolved work into the next shift. | S20: Review performance Compare KPIs with targets and carry unresolved work into the next shift. | T20: Review performance Compare KPIs with targets and carry unresolved work into the next shift.
A21: Start the day Confirm staffing, priorities, opening checks, and outstanding handovers. | B21: Start the day Confirm staffing, priorities, opening checks, and outstanding handovers. | C21: Start the day Confirm staffing, priorities, opening checks, and outstanding handovers. | D21: Start the day Confirm staffing, priorities, opening checks, and outstanding handovers. | E21: Start the day Confirm staffing, priorities, opening checks, and outstanding handovers. | F21: Run the shift Update tasks, complete checks, record exceptions, and assign actions. | G21: Run the shift Update tasks, complete checks, record exceptions, and assign actions. | H21: Run the shift Update tasks, complete checks, record exceptions, and assign actions. | I21: Run the shift Update tasks, complete checks, record exceptions, and assign actions. | J21: Run the shift Update tasks, complete checks, record exceptions, and assign actions. | K21: Control problems Contain impact, record cause, set corrective action, and monitor closure. | L21: Control problems Contain impact, record cause, set corrective action, and monitor closure. | M21: Control problems Contain impact, record cause, set corrective action, and monitor closure. | N21: Control problems Contain impact, record cause, set corrective action, and monitor closure. | O21: Control problems Contain impact, record cause, set corrective action, and monitor closure. | P21: Review performance Compare KPIs with targets and carry unresolved work into the next shift. | Q21: Review performance Compare KPIs with targets and carry unresolved work into the next shift. | R21: Review performance Compare KPIs with targets and carry unresolved work into the next shift. | S21: Review performance Compare KPIs with targets and carry unresolved work into the next shift. | T21: Review performance Compare KPIs with targets and carry unresolved work into the next shift.
A22: Start the day Confirm staffing, priorities, opening checks, and outstanding handovers. | B22: Start the day Confirm staffing, priorities, opening checks, and outstanding handovers. | C22: Start the day Confirm staffing, priorities, opening checks, and outstanding handovers. | D22: Start the day Confirm staffing, priorities, opening checks, and outstanding handovers. | E22: Start the day Confirm staffing, priorities, opening checks, and outstanding handovers. | F22: Run the shift Update tasks, complete checks, record exceptions, and assign actions. | G22: Run the shift Update tasks, complete checks, record exceptions, and assign actions. | H22: Run the shift Update tasks, complete checks, record exceptions, and assign actions. | I22: Run the shift Update tasks, complete checks, record exceptions, and assign actions. | J22: Run the shift Update tasks, complete checks, record exceptions, and assign actions. | K22: Control problems Contain impact, record cause, set corrective action, and monitor closure. | L22: Control problems Contain impact, record cause, set corrective action, and monitor closure. | M22: Control problems Contain impact, record cause, set corrective action, and monitor closure. | N22: Control problems Contain impact, record cause, set corrective action, and monitor closure. | O22: Control problems Contain impact, record cause, set corrective action, and monitor closure. | P22: Review performance Compare KPIs with targets and carry unresolved work into the next shift. | Q22: Review performance Compare KPIs with targets and carry unresolved work into the next shift. | R22: Review performance Compare KPIs with targets and carry unresolved work into the next shift. | S22: Review performance Compare KPIs with targets and carry unresolved work into the next shift. | T22: Review performance Compare KPIs with targets and carry unresolved work into the next shift.
A23: Start the day Confirm staffing, priorities, opening checks, and outstanding handovers. | B23: Start the day Confirm staffing, priorities, opening checks, and outstanding handovers. | C23: Start the day Confirm staffing, priorities, opening checks, and outstanding handovers. | D23: Start the day Confirm staffing, priorities, opening checks, and outstanding handovers. | E23: Start the day Confirm staffing, priorities, opening checks, and outstanding handovers. | F23: Run the shift Update tasks, complete checks, record exceptions, and assign actions. | G23: Run the shift Update tasks, complete checks, record exceptions, and assign actions. | H23: Run the shift Update tasks, complete checks, record exceptions, and assign actions. | I23: Run the shift Update tasks, complete checks, record exceptions, and assign actions. | J23: Run the shift Update tasks, complete checks, record exceptions, and assign actions. | K23: Control problems Contain impact, record cause, set corrective action, and monitor closure. | L23: Control problems Contain impact, record cause, set corrective action, and monitor closure. | M23: Control problems Contain impact, record cause, set corrective action, and monitor closure. | N23: Control problems Contain impact, record cause, set corrective action, and monitor closure. | O23: Control problems Contain impact, record cause, set corrective action, and monitor closure. | P23: Review performance Compare KPIs with targets and carry unresolved work into the next shift. | Q23: Review performance Compare KPIs with targets and carry unresolved work into the next shift. | R23: Review performance Compare KPIs with targets and carry unresolved work into the next shift. | S23: Review performance Compare KPIs with targets and carry unresolved work into the next shift. | T23: Review performance Compare KPIs with targets and carry unresolved work into the next shift.
A24: Start the day Confirm staffing, priorities, opening checks, and outstanding handovers. | B24: Start the day Confirm staffing, priorities, opening checks, and outstanding handovers. | C24: Start the day Confirm staffing, priorities, opening checks, and outstanding handovers. | D24: Start the day Confirm staffing, priorities, opening checks, and outstanding handovers. | E24: Start the day Confirm staffing, priorities, opening checks, and outstanding handovers. | F24: Run the shift Update tasks, complete checks, record exceptions, and assign actions. | G24: Run the shift Update tasks, complete checks, record exceptions, and assign actions. | H24: Run the shift Update tasks, complete checks, record exceptions, and assign actions. | I24: Run the shift Update tasks, complete checks, record exceptions, and assign actions. | J24: Run the shift Update tasks, complete checks, record exceptions, and assign actions. | K24: Control problems Contain impact, record cause, set corrective action, and monitor closure. | L24: Control problems Contain impact, record cause, set corrective action, and monitor closure. | M24: Control problems Contain impact, record cause, set corrective action, and monitor closure. | N24: Control problems Contain impact, record cause, set corrective action, and monitor closure. | O24: Control problems Contain impact, record cause, set corrective action, and monitor closure. | P24: Review performance Compare KPIs with targets and carry unresolved work into the next shift. | Q24: Review performance Compare KPIs with targets and carry unresolved work into the next shift. | R24: Review performance Compare KPIs with targets and carry unresolved work into the next shift. | S24: Review performance Compare KPIs with targets and carry unresolved work into the next shift. | T24: Review performance Compare KPIs with targets and carry unresolved work into the next shift.
A27: QUICK START | B27: QUICK START | C27: QUICK START | D27: QUICK START | E27: QUICK START | F27: QUICK START | G27: QUICK START | H27: QUICK START | I27: QUICK START | J27: QUICK START | K27: QUICK START | L27: QUICK START | M27: QUICK START | N27: QUICK START | O27: QUICK START | P27: QUICK START | Q27: QUICK START | R27: QUICK START | S27: QUICK START | T27: QUICK START
A29: 1. Set the business name, review date, alert windows, approved lists, and KPI definitions in SETUP. | B29: 1. Set the business name, review date, alert windows, approved lists, and KPI definitions in SETUP. | C29: 1. Set the business name, review date, alert windows, approved lists, and KPI definitions in SETUP. | D29: 1. Set the business name, review date, alert windows, approved lists, and KPI definitions in SETUP. | E29: 1. Set the business name, review date, alert windows, approved lists, and KPI definitions in SETUP. | F29: 1. Set the business name, review date, alert windows, approved lists, and KPI definitions in SETUP. | G29: 1. Set the business name, review date, alert windows, approved lists, and KPI definitions in SETUP. | H29: 1. Set the business name, review date, alert windows, approved lists, and KPI definitions in SETUP. | I29: 1. Set the business name, review date, alert windows, approved lists, and KPI definitions in SETUP. | J29: 1. Set the business name, review date, alert windows, approved lists, and KPI definitions in SETUP. | K29: 1. Set the business name, review date, alert windows, approved lists, and KPI definitions in SETUP. | L29: 1. Set the business name, review date, alert windows, approved lists, and KPI definitions in SETUP. | M29: 1. Set the business name, review date, alert windows, approved lists, and KPI definitions in SETUP. | N29: 1. Set the business name, review date, alert windows, approved lists, and KPI definitions in SETUP. | O29: 1. Set the business name, review date, alert windows, approved lists, and KPI definitions in SETUP. | P29: 1. Set the business name, review date, alert windows, approved lists, and KPI definitions in SETUP. | Q29: 1. Set the business name, review date, alert windows, approved lists, and KPI definitions in SETUP. | R29: 1. Set the business name, review date, alert windows, approved lists, and KPI definitions in SETUP. | S29: 1. Set the business name, review date, alert windows, approved lists, and KPI definitions in SETUP. | T29: 1. Set the business name, review date, alert windows, approved lists, and KPI definitions in SETUP.
A31: 2. Maintain TASKS and CHECKLISTS as the primary daily work records. | B31: 2. Maintain TASKS and CHECKLISTS as the primary daily work records. | C31: 2. Maintain TASKS and CHECKLISTS as the primary daily work records. | D31: 2. Maintain TASKS and CHECKLISTS as the primary daily work records. | E31: 2. Maintain TASKS and CHECKLISTS as the primary daily work records. | F31: 2. Maintain TASKS and CHECKLISTS as the primary daily work records. | G31: 2. Maintain TASKS and CHECKLISTS as the primary daily work records. | H31: 2. Maintain TASKS and CHECKLISTS as the primary daily work records. | I31: 2. Maintain TASKS and CHECKLISTS as the primary daily work records. | J31: 2. Maintain TASKS and CHECKLISTS as the primary daily work records. | K31: 2. Maintain TASKS and CHECKLISTS as the primary daily work records. | L31: 2. Maintain TASKS and CHECKLISTS as the primary daily work records. | M31: 2. Maintain TASKS and CHECKLISTS as the primary daily work records. | N31: 2. Maintain TASKS and CHECKLISTS as the primary daily work records. | O31: 2. Maintain TASKS and CHECKLISTS as the primary daily work records. | P31: 2. Maintain TASKS and CHECKLISTS as the primary daily work records. | Q31: 2. Maintain TASKS and CHECKLISTS as the primary daily work records. | R31: 2. Maintain TASKS and CHECKLISTS as the primary daily work records. | S31: 2. Maintain TASKS and CHECKLISTS as the primary daily work records. | T31: 2. Maintain TASKS and CHECKLISTS as the primary daily work records.
A33: 3. Record every material handover and issue with an owner, due date, and next action. | B33: 3. Record every material handover and issue with an owner, due date, and next action. | C33: 3. Record every material handover and issue with an owner, due date, and next action. | D33: 3. Record every material handover and issue with an owner, due date, and next action. | E33: 3. Record every material handover and issue with an owner, due date, and next action. | F33: 3. Record every material handover and issue with an owner, due date, and next action. | G33: 3. Record every material handover and issue with an owner, due date, and next action. | H33: 3. Record every material handover and issue with an owner, due date, and next action. | I33: 3. Record every material handover and issue with an owner, due date, and next action. | J33: 3. Record every material handover and issue with an owner, due date, and next action. | K33: 3. Record every material handover and issue with an owner, due date, and next action. | L33: 3. Record every material handover and issue with an owner, due date, and next action. | M33: 3. Record every material handover and issue with an owner, due date, and next action. | N33: 3. Record every material handover and issue with an owner, due date, and next action. | O33: 3. Record every material handover and issue with an owner, due date, and next action. | P33: 3. Record every material handover and issue with an owner, due date, and next action. | Q33: 3. Record every material handover and issue with an owner, due date, and next action. | R33: 3. Record every material handover and issue with an owner, due date, and next action. | S33: 3. Record every material handover and issue with an owner, due date, and next action. | T33: 3. Record every material handover and issue with an owner, due date, and next action.
A35: 4. Use DAILY PLAN during the day, then review DASHBOARD and AUDIT before close. | B35: 4. Use DAILY PLAN during the day, then review DASHBOARD and AUDIT before close. | C35: 4. Use DAILY PLAN during the day, then review DASHBOARD and AUDIT before close. | D35: 4. Use DAILY PLAN during the day, then review DASHBOARD and AUDIT before close. | E35: 4. Use DAILY PLAN during the day, then review DASHBOARD and AUDIT before close. | F35: 4. Use DAILY PLAN during the day, then review DASHBOARD and AUDIT before close. | G35: 4. Use DAILY PLAN during the day, then review DASHBOARD and AUDIT before close. | H35: 4. Use DAILY PLAN during the day, then review DASHBOARD and AUDIT before close. | I35: 4. Use DAILY PLAN during the day, then review DASHBOARD and AUDIT before close. | J35: 4. Use DAILY PLAN during the day, then review DASHBOARD and AUDIT before close. | K35: 4. Use DAILY PLAN during the day, then review DASHBOARD and AUDIT before close. | L35: 4. Use DAILY PLAN during the day, then review DASHBOARD and AUDIT before close. | M35: 4. Use DAILY PLAN during the day, then review DASHBOARD and AUDIT before close. | N35: 4. Use DAILY PLAN during the day, then review DASHBOARD and AUDIT before close. | O35: 4. Use DAILY PLAN during the day, then review DASHBOARD and AUDIT before close. | P35: 4. Use DAILY PLAN during the day, then review DASHBOARD and AUDIT before close. | Q35: 4. Use DAILY PLAN during the day, then review DASHBOARD and AUDIT before close. | R35: 4. Use DAILY PLAN during the day, then review DASHBOARD and AUDIT before close. | S35: 4. Use DAILY PLAN during the day, then review DASHBOARD and AUDIT before close. | T35: 4. Use DAILY PLAN during the day, then review DASHBOARD and AUDIT before close.
... A40: The supplied records are fictional sample data. Replace them with your own operations. The workbook supports coordination and review; it does not replace emergency procedures, safety systems, legal records, or specialist advice. | B40: The supplied records are fictional sample data. Replace them with your own operations. The workbook supports coordination and review; it does not replace emergency procedures, safety systems, legal records, or specialist advice. | C40: The supplied records are fictional sample data. Replace them with your own operations. The workbook supports coordination and review; it does not replace emergency procedures, safety systems, legal records, or specialist advice. | D40: The supplied records are fictional sample data. Replace them with your own operations. The workbook supports coordination and review; it does not replace emergency procedures, safety systems, legal records, or specialist advice. | E40: The supplied records are fictional sample data. Replace them with your own operations. The workbook supports coordination and review; it does not replace emergency procedures, safety systems, legal records, or specialist advice. | F40: The supplied records are fictional sample data. Replace them with your own operations. The workbook supports coordination and review; it does not replace emergency procedures, safety systems, legal records, or specialist advice. | G40: The supplied records are fictional sample data. Replace them with your own operations. The workbook supports coordination and review; it does not replace emergency procedures, safety systems, legal records, or specialist advice. | H40: The supplied records are fictional sample data. Replace them with your own operations. The workbook supports coordination and review; it does not replace emergency procedures, safety systems, legal records, or specialist advice. | I40: The supplied records are fictional sample data. Replace them with your own operations. The workbook supports coordination and review; it does not replace emergency procedures, safety systems, legal records, or specialist advice. | J40: The supplied records are fictional sample data. Replace them with your own operations. The workbook supports coordination and review; it does not replace emergency procedures, safety systems, legal records, or specialist advice. | K40: The supplied records are fictional sample data. Replace them with your own operations. The workbook supports coordination and review; it does not replace emergency procedures, safety systems, legal records, or specialist advice. | L40: The supplied records are fictional sample data. Replace them with your own operations. The workbook supports coordination and review; it does not replace emergency procedures, safety systems, legal records, or specialist advice. | M40: The supplied records are fictional sample data. Replace them with your own operations. The workbook supports coordination and review; it does not replace emergency procedures, safety systems, legal records, or specialist advice. | N40: The supplied records are fictional sample data. Replace them with your own operations. The workbook supports coordination and review; it does not replace emergency procedures, safety systems, legal records, or specialist advice. | O40: The supplied records are fictional sample data. Replace them with your own operations. The workbook supports coordination and review; it does not replace emergency procedures, safety systems, legal records, or specialist advice. | P40: The supplied records are fictional sample data. Replace them with your own operations. The workbook supports coordination and review; it does not replace emergency procedures, safety systems, legal records, or specialist advice. | Q40: The supplied records are fictional sample data. Replace them with your own operations. The workbook supports coordination and review; it does not replace emergency procedures, safety systems, legal records, or specialist advice. | R40: The supplied records are fictional sample data. Replace them with your own operations. The workbook supports coordination and review; it does not replace emergency procedures, safety systems, legal records, or specialist advice. | S40: The supplied records are fictional sample data. Replace them with your own operations. The workbook supports coordination and review; it does not replace emergency procedures, safety systems, legal records, or specialist advice. | T40: The supplied records are fictional sample data. Replace them with your own operations. The workbook supports coordination and review; it does not replace emergency procedures, safety systems, legal records, or specialist advice.

Sheet DASHBOARD
A2: Home | B2: Home | C2: Dashboard | D2: Dashboard | E2: Daily plan | F2: Daily plan | G2: Tasks | H2: Tasks | I2: Checklists | J2: Checklists | K2: Handover | L2: Handover | M2: Issues | N2: Issues | O2: KPI log | P2: KPI log | Q2: Setup | R2: Setup | S2: Audit | T2: Audit
A4: MANAGEMENT VIEW | B4: MANAGEMENT VIEW | C4: MANAGEMENT VIEW | D4: MANAGEMENT VIEW | E4: MANAGEMENT VIEW | F4: MANAGEMENT VIEW | G4: MANAGEMENT VIEW | H4: MANAGEMENT VIEW | I4: MANAGEMENT VIEW | J4: MANAGEMENT VIEW | K4: MANAGEMENT VIEW | L4: MANAGEMENT VIEW | M4: MANAGEMENT VIEW | N4: MANAGEMENT VIEW | O4: MANAGEMENT VIEW | P4: MANAGEMENT VIEW | Q4: MANAGEMENT VIEW | R4: MANAGEMENT VIEW | S4: MANAGEMENT VIEW | T4: MANAGEMENT VIEW
A6: Operations Dashboard | B6: Operations Dashboard | C6: Operations Dashboard | D6: Operations Dashboard | E6: Operations Dashboard | F6: Operations Dashboard | G6: Operations Dashboard | H6: Operations Dashboard | I6: Operations Dashboard | J6: Operations Dashboard | K6: Operations Dashboard | L6: Operations Dashboard | M6: Operations Dashboard | N6: Operations Dashboard | O6: Operations Dashboard | P6: Operations Dashboard | Q6: Operations Dashboard | R6: Operations Dashboard | S6: Operations Dashboard | T6: Operations Dashboard
A7: Review workload, exceptions, unresolved actions, checklist completion, and target performance. | B7: Review workload, exceptions, unresolved actions, checklist completion, and target performance. | C7: Review workload, exceptions, unresolved actions, checklist completion, and target performance. | D7: Review workload, exceptions, unresolved actions, checklist completion, and target performance. | E7: Review workload, exceptions, unresolved actions, checklist completion, and target performance. | F7: Review workload, exceptions, unresolved actions, checklist completion, and target performance. | G7: Review workload, exceptions, unresolved actions, checklist completion, and target performance. | H7: Review workload, exceptions, unresolved actions, checklist completion, and target performance. | I7: Review workload, exceptions, unresolved actions, checklist completion, and target performance. | J7: Review workload, exceptions, unresolved actions, checklist completion, and target performance. | K7: Review workload, exceptions, unresolved actions, checklist completion, and target performance. | L7: Review workload, exceptions, unresolved actions, checklist completion, and target performance. | M7: Review workload, exceptions, unresolved actions, checklist completion, and target performance. | N7: Review workload, exceptions, unresolved actions, checklist completion, and target performance. | O7: Review workload, exceptions, unresolved actions, checklist completion, and target performance. | P7: Review workload, exceptions, unresolved actions, checklist completion, and target performance. | Q7: Review workload, exceptions, unresolved actions, checklist completion, and target performance. | R7: Review workload, exceptions, unresolved actions, checklist completion, and target performance. | S7: Review workload, exceptions, unresolved actions, checklist completion, and target performance. | T7: Review workload, exceptions, unresolved actions, checklist completion, and target performance.
A10: Open tasks | B10: Open tasks | C10: Open tasks | E10: Overdue actions | F10: Overdue actions | G10: Overdue actions | I10: Checklist complete | J10: Checklist complete | K10: Checklist complete | M10: High-risk issues | N10: High-risk issues | O10: High-risk issues | Q10: Handover actions | R10: Handover actions | S10: KPI targets met | T10: KPI targets met
A11: =COUNTIF(TASKS!$M$11:$M$110,"Overdue")+COUNTIF(TASKS!$M$11:$M$110,"Due today")+COUNTIF(TASKS!$M$11:$M$110,"Due soon")+COUNTIF(TASKS!$M$11:$M$110,"On track") -> 11 | E11: =COUNTIF(TASKS!$M$11:$M$110,"Overdue")+COUNTIF(HANDOVER!$M$11:$M$100,"Overdue")+COUNTIF(ISSUES!$P$11:$P$100,"Overdue") -> 3 | I11: =IF(COUNTIFS(CHECKLISTS!$B$11:$B$130,SETUP!$D$11,CHECKLISTS!$G$11:$G$130,"Yes")=0,"",COUNTIFS(CHECKLISTS!$B$11:$B$130,SETUP!$D$11,CHECKLISTS!$G$11:$G$130,"Yes",CHECKLISTS!$H$11:$H$130,"Complete")/COUNTIFS(CHECKLISTS!$B$11:$B$130,SETUP!$D$11,CHECKLISTS!$G$11:$G$130,"Yes")) -> 0.625 | M11: =COUNTIFS(ISSUES!$E$11:$E$100,"Critical",ISSUES!$L$11:$L$100,"<>Closed")+COUNTIFS(ISSUES!$E$11:$E$100,"High",ISSUES!$L$11:$L$100,"<>Closed") -> 2 | Q11: =COUNTIF(HANDOVER!$M$11:$M$100,"Overdue")+COUNTIF(HANDOVER!$M$11:$M$100,"Due today")+COUNTIF(HANDOVER!$M$11:$M$100,"Due soon")+COUNTIF(HANDOVER!$M$11:$M$100,"On track") -> 4 | S11: =IF(COUNTIFS('KPI LOG'!$A$11:$A$150,SETUP!$D$14)=0,"",COUNTIFS('KPI LOG'!$A$11:$A$150,SETUP!$D$14,'KPI LOG'!$K$11:$K$150,"Met")/COUNTIFS('KPI LOG'!$A$11:$A$150,SETUP!$D$14)) -> 0.2
A16: PRIORITY TASKS | B16: PRIORITY TASKS | C16: PRIORITY TASKS | D16: PRIORITY TASKS | E16: PRIORITY TASKS | F16: PRIORITY TASKS | G16: PRIORITY TASKS | I16: OPEN ISSUES | J16: OPEN ISSUES | K16: OPEN ISSUES | L16: OPEN ISSUES | M16: OPEN ISSUES | N16: OPEN ISSUES | P16: CHECKLIST BY SHIFT | Q16: CHECKLIST BY SHIFT | R16: CHECKLIST BY SHIFT | S16: CHECKLIST BY SHIFT | T16: CHECKLIST BY SHIFT
A17: Task | B17: Department | C17: Owner | D17: Priority | E17: Due | F17: Status | G17: Reason | I17: Issue | J17: Department | K17: Severity | L17: Owner | M17: Due | N17: Action status | P17: Shift | Q17: Required | R17: Complete | S17: Exceptions
A18: =IF(SMALL(TASKS!$O$11:$O$110,1)>=99999,"",IFERROR(INDEX(TASKS!$C$11:$C$110,MATCH(SMALL(TASKS!$O$11:$O$110,1),TASKS!$O$11:$O$110,0)),"")) -> Resolve late supplier delivery | B18: =IF(SMALL(TASKS!$O$11:$O$110,1)>=99999,"",IFERROR(INDEX(TASKS!$B$11:$B$110,MATCH(SMALL(TASKS!$O$11:$O$110,1),TASKS!$O$11:$O$110,0)),"")) -> Operations | C18: =IF(SMALL(TASKS!$O$11:$O$110,1)>=99999,"",IFERROR(INDEX(TASKS!$E$11:$E$110,MATCH(SMALL(TASKS!$O$11:$O$110,1),TASKS!$O$11:$O$110,0)),"")) -> Omar Saleh | D18: =IF(SMALL(TASKS!$O$11:$O$110,1)>=99999,"",IFERROR(INDEX(TASKS!$F$11:$F$110,MATCH(SMALL(TASKS!$O$11:$O$110,1),TASKS!$O$11:$O$110,0)),"")) -> High | E18: =IF(SMALL(TASKS!$O$11:$O$110,1)>=99999,"",IFERROR(INDEX(TASKS!$H$11:$H$110,MATCH(SMALL(TASKS!$O$11:$O$110,1),TASKS!$O$11:$O$110,0)),"")) -> 46322 | F18: =IF(SMALL(TASKS!$O$11:$O$110,1)>=99999,"",IFERROR(INDEX(TASKS!$I$11:$I$110,MATCH(SMALL(TASKS!$O$11:$O$110,1),TASKS!$O$11:$O$110,0)),"")) -> Waiting | G18: =IF(SMALL(TASKS!$O$11:$O$110,1)>=99999,"",IFERROR(INDEX(TASKS!$M$11:$M$110,MATCH(SMALL(TASKS!$O$11:$O$110,1),TASKS!$O$11:$O$110,0)),"")) -> Overdue | I18: =IF(SMALL(ISSUES!$R$11:$R$100,1)>=99999,"",IFERROR(INDEX(ISSUES!$D$11:$D$100,MATCH(SMALL(ISSUES!$R$11:$R$100,1),ISSUES!$R$11:$R$100,0)),"")) -> Cooling unit intermittent fault | J18: =IF(SMALL(ISSUES!$R$11:$R$100,1)>=99999,"",IFERROR(INDEX(ISSUES!$C$11:$C$100,MATCH(SMALL(ISSUES!$R$11:$R$100,1),ISSUES!$R$11:$R$100,0)),"")) -> Facilities | K18: =IF(SMALL(ISSUES!$R$11:$R$100,1)>=99999,"",IFERROR(INDEX(ISSUES!$E$11:$E$100,MATCH(SMALL(ISSUES!$R$11:$R$100,1),ISSUES!$R$11:$R$100,0)),"")) -> High | L18: =IF(SMALL(ISSUES!$R$11:$R$100,1)>=99999,"",IFERROR(INDEX(ISSUES!$J$11:$J$100,MATCH(SMALL(ISSUES!$R$11:$R$100,1),ISSUES!$R$11:$R$100,0)),"")) -> Omar Saleh | M18: =IF(SMALL(ISSUES!$R$11:$R$100,1)>=99999,"",IFERROR(INDEX(ISSUES!$K$11:$K$100,MATCH(SMALL(ISSUES!$R$11:$R$100,1),ISSUES!$R$11:$R$100,0)),"")) -> 46321 | N18: =IF(SMALL(ISSUES!$R$11:$R$100,1)>=99999,"",IFERROR(INDEX(ISSUES!$P$11:$P$100,MATCH(SMALL(ISSUES!$R$11:$R$100,1),ISSUES!$R$11:$R$100,0)),"")) -> Overdue | P18: Opening | Q18: =COUNTIFS(CHECKLISTS!$B$11:$B$130,SETUP!$D$11,CHECKLISTS!$C$11:$C$130,P18,CHECKLISTS!$G$11:$G$130,"Yes") -> 4 | R18: =COUNTIFS(CHECKLISTS!$B$11:$B$130,SETUP!$D$11,CHECKLISTS!$C$11:$C$130,P18,CHECKLISTS!$H$11:$H$130,"Complete") -> 3 | S18: =COUNTIFS(CHECKLISTS!$B$11:$B$130,SETUP!$D$11,CHECKLISTS!$C$11:$C$130,P18,CHECKLISTS!$H$11:$H$130,"Exception") -> 1
A19: =IF(SMALL(TASKS!$O$11:$O$110,2)>=99999,"",IFERROR(INDEX(TASKS!$C$11:$C$110,MATCH(SMALL(TASKS!$O$11:$O$110,2),TASKS!$O$11:$O$110,0)),"")) -> Close air-conditioning maintenance action | B19: =IF(SMALL(TASKS!$O$11:$O$110,2)>=99999,"",IFERROR(INDEX(TASKS!$B$11:$B$110,MATCH(SMALL(TASKS!$O$11:$O$110,2),TASKS!$O$11:$O$110,0)),"")) -> Facilities | C19: =IF(SMALL(TASKS!$O$11:$O$110,2)>=99999,"",IFERROR(INDEX(TASKS!$E$11:$E$110,MATCH(SMALL(TASKS!$O$11:$O$110,2),TASKS!$O$11:$O$110,0)),"")) -> Omar Saleh | D19: =IF(SMALL(TASKS!$O$11:$O$110,2)>=99999,"",IFERROR(INDEX(TASKS!$F$11:$F$110,MATCH(SMALL(TASKS!$O$11:$O$110,2),TASKS!$O$11:$O$110,0)),"")) -> High | E19: =IF(SMALL(TASKS!$O$11:$O$110,2)>=99999,"",IFERROR(INDEX(TASKS!$H$11:$H$110,MATCH(SMALL(TASKS!$O$11:$O$110,2),TASKS!$O$11:$O$110,0)),"")) -> 46321 | F19: =IF(SMALL(TASKS!$O$11:$O$110,2)>=99999,"",IFERROR(INDEX(TASKS!$I$11:$I$110,MATCH(SMALL(TASKS!$O$11:$O$110,2),TASKS!$O$11:$O$110,0)),"")) -> In progress | G19: =IF(SMALL(TASKS!$O$11:$O$110,2)>=99999,"",IFERROR(INDEX(TASKS!$M$11:$M$110,MATCH(SMALL(TASKS!$O$11:$O$110,2),TASKS!$O$11:$O$110,0)),"")) -> Overdue | I19: =IF(SMALL(ISSUES!$R$11:$R$100,2)>=99999,"",IFERROR(INDEX(ISSUES!$D$11:$D$100,MATCH(SMALL(ISSUES!$R$11:$R$100,2),ISSUES!$R$11:$R$100,0)),"")) -> Replacement stock delivery delayed | J19: =IF(SMALL(ISSUES!$R$11:$R$100,2)>=99999,"",IFERROR(INDEX(ISSUES!$C$11:$C$100,MATCH(SMALL(ISSUES!$R$11:$R$100,2),ISSUES!$R$11:$R$100,0)),"")) -> Operations | K19: =IF(SMALL(ISSUES!$R$11:$R$100,2)>=99999,"",IFERROR(INDEX(ISSUES!$E$11:$E$100,MATCH(SMALL(ISSUES!$R$11:$R$100,2),ISSUES!$R$11:$R$100,0)),"")) -> High | L19: =IF(SMALL(ISSUES!$R$11:$R$100,2)>=99999,"",IFERROR(INDEX(ISSUES!$J$11:$J$100,MATCH(SMALL(ISSUES!$R$11:$R$100,2),ISSUES!$R$11:$R$100,0)),"")) -> Omar Saleh | M19: =IF(SMALL(ISSUES!$R$11:$R$100,2)>=99999,"",IFERROR(INDEX(ISSUES!$K$11:$K$100,MATCH(SMALL(ISSUES!$R$11:$R$100,2),ISSUES!$R$11:$R$100,0)),"")) -> 46323 | N19: =IF(SMALL(ISSUES!$R$11:$R$100,2)>=99999,"",IFERROR(INDEX(ISSUES!$P$11:$P$100,MATCH(SMALL(ISSUES!$R$11:$R$100,2),ISSUES!$R$11:$R$100,0)),"")) -> Due today | P19: Midday | Q19: =COUNTIFS(CHECKLISTS!$B$11:$B$130,SETUP!$D$11,CHECKLISTS!$C$11:$C$130,P19,CHECKLISTS!$G$11:$G$130,"Yes") -> 2 | R19: =COUNTIFS(CHECKLISTS!$B$11:$B$130,SETUP!$D$11,CHECKLISTS!$C$11:$C$130,P19,CHECKLISTS!$H$11:$H$130,"Complete") -> 2 | S19: =COUNTIFS(CHECKLISTS!$B$11:$B$130,SETUP!$D$11,CHECKLISTS!$C$11:$C$130,P19,CHECKLISTS!$H$11:$H$130,"Exception") -> 0
A20: =IF(SMALL(TASKS!$O$11:$O$110,3)>=99999,"",IFERROR(INDEX(TASKS!$C$11:$C$110,MATCH(SMALL(TASKS!$O$11:$O$110,3),TASKS!$O$11:$O$110,0)),"")) -> Confirm staff and shift coverage | B20: =IF(SMALL(TASKS!$O$11:$O$110,3)>=99999,"",IFERROR(INDEX(TASKS!$B$11:$B$110,MATCH(SMALL(TASKS!$O$11:$O$110,3),TASKS!$O$11:$O$110,0)),"")) -> Operations | C20: =IF(SMALL(TASKS!$O$11:$O$110,3)>=99999,"",IFERROR(INDEX(TASKS!$E$11:$E$110,MATCH(SMALL(TASKS!$O$11:$O$110,3),TASKS!$O$11:$O$110,0)),"")) -> Maya Hassan | D20: =IF(SMALL(TASKS!$O$11:$O$110,3)>=99999,"",IFERROR(INDEX(TASKS!$F$11:$F$110,MATCH(SMALL(TASKS!$O$11:$O$110,3),TASKS!$O$11:$O$110,0)),"")) -> Critical | E20: =IF(SMALL(TASKS!$O$11:$O$110,3)>=99999,"",IFERROR(INDEX(TASKS!$H$11:$H$110,MATCH(SMALL(TASKS!$O$11:$O$110,3),TASKS!$O$11:$O$110,0)),"")) -> 46323 | F20: =IF(SMALL(TASKS!$O$11:$O$110,3)>=99999,"",IFERROR(INDEX(TASKS!$I$11:$I$110,MATCH(SMALL(TASKS!$O$11:$O$110,3),TASKS!$O$11:$O$110,0)),"")) -> In progress | G20: =IF(SMALL(TASKS!$O$11:$O$110,3)>=99999,"",IFERROR(INDEX(TASKS!$M$11:$M$110,MATCH(SMALL(TASKS!$O$11:$O$110,3),TASKS!$O$11:$O$110,0)),"")) -> Due today | I20: =IF(SMALL(ISSUES!$R$11:$R$100,3)>=99999,"",IFERROR(INDEX(ISSUES!$D$11:$D$100,MATCH(SMALL(ISSUES!$R$11:$R$100,3),ISSUES!$R$11:$R$100,0)),"")) -> Escalation rota has coverage gap | J20: =IF(SMALL(ISSUES!$R$11:$R$100,3)>=99999,"",IFERROR(INDEX(ISSUES!$C$11:$C$100,MATCH(SMALL(ISSUES!$R$11:$R$100,3),ISSUES!$R$11:$R$100,0)),"")) -> Customer Service | K20: =IF(SMALL(ISSUES!$R$11:$R$100,3)>=99999,"",IFERROR(INDEX(ISSUES!$E$11:$E$100,MATCH(SMALL(ISSUES!$R$11:$R$100,3),ISSUES!$R$11:$R$100,0)),"")) -> Medium | L20: =IF(SMALL(ISSUES!$R$11:$R$100,3)>=99999,"",IFERROR(INDEX(ISSUES!$J$11:$J$100,MATCH(SMALL(ISSUES!$R$11:$R$100,3),ISSUES!$R$11:$R$100,0)),"")) -> Noor Al Mansoori | M20: =IF(SMALL(ISSUES!$R$11:$R$100,3)>=99999,"",IFERROR(INDEX(ISSUES!$K$11:$K$100,MATCH(SMALL(ISSUES!$R$11:$R$100,3),ISSUES!$R$11:$R$100,0)),"")) -> 46323 | N20: =IF(SMALL(ISSUES!$R$11:$R$100,3)>=99999,"",IFERROR(INDEX(ISSUES!$P$11:$P$100,MATCH(SMALL(ISSUES!$R$11:$R$100,3),ISSUES!$R$11:$R$100,0)),"")) -> Due today | P20: Closing | Q20: =COUNTIFS(CHECKLISTS!$B$11:$B$130,SETUP!$D$11,CHECKLISTS!$C$11:$C$130,P20,CHECKLISTS!$G$11:$G$130,"Yes") -> 2 | R20: =COUNTIFS(CHECKLISTS!$B$11:$B$130,SETUP!$D$11,CHECKLISTS!$C$11:$C$130,P20,CHECKLISTS!$H$11:$H$130,"Complete") -> 0 | S20: =COUNTIFS(CHECKLISTS!$B$11:$B$130,SETUP!$D$11,CHECKLISTS!$C$11:$C$130,P20,CHECKLISTS!$H$11:$H$130,"Exception") -> 0
A21: =IF(SMALL(TASKS!$O$11:$O$110,4)>=99999,"",IFERROR(INDEX(TASKS!$C$11:$C$110,MATCH(SMALL(TASKS!$O$11:$O$110,4),TASKS!$O$11:$O$110,0)),"")) -> Dispatch priority customer orders | B21: =IF(SMALL(TASKS!$O$11:$O$110,4)>=99999,"",IFERROR(INDEX(TASKS!$B$11:$B$110,MATCH(SMALL(TASKS!$O$11:$O$110,4),TASKS!$O$11:$O$110,0)),"")) -> Sales | C21: =IF(SMALL(TASKS!$O$11:$O$110,4)>=99999,"",IFERROR(INDEX(TASKS!$E$11:$E$110,MATCH(SMALL(TASKS!$O$11:$O$110,4),TASKS!$O$11:$O$110,0)),"")) -> Daniel Ruiz | D21: =IF(SMALL(TASKS!$O$11:$O$110,4)>=99999,"",IFERROR(INDEX(TASKS!$F$11:$F$110,MATCH(SMALL(TASKS!$O$11:$O$110,4),TASKS!$O$11:$O$110,0)),"")) -> High | E21: =IF(SMALL(TASKS!$O$11:$O$110,4)>=99999,"",IFERROR(INDEX(TASKS!$H$11:$H$110,MATCH(SMALL(TASKS!$O$11:$O$110,4),TASKS!$O$11:$O$110,0)),"")) -> 46323 | F21: =IF(SMALL(TASKS!$O$11:$O$110,4)>=99999,"",IFERROR(INDEX(TASKS!$I$11:$I$110,MATCH(SMALL(TASKS!$O$11:$O$110,4),TASKS!$O$11:$O$110,0)),"")) -> In progress | G21: =IF(SMALL(TASKS!$O$11:$O$110,4)>=99999,"",IFERROR(INDEX(TASKS!$M$11:$M$110,MATCH(SMALL(TASKS!$O$11:$O$110,4),TASKS!$O$11:$O$110,0)),"")) -> Due today | I21: =IF(SMALL(ISSUES!$R$11:$R$100,4)>=99999,"",IFERROR(INDEX(ISSUES!$D$11:$D$100,MATCH(SMALL(ISSUES!$R$11:$R$100,4),ISSUES!$R$11:$R$100,0)),"")) -> Three stock items need recount | J21: =IF(SMALL(ISSUES!$R$11:$R$100,4)>=99999,"",IFERROR(INDEX(ISSUES!$C$11:$C$100,MATCH(SMALL(ISSUES!$R$11:$R$100,4),ISSUES!$R$11:$R$100,0)),"")) -> Operations | K21: =IF(SMALL(ISSUES!$R$11:$R$100,4)>=99999,"",IFERROR(INDEX(ISSUES!$E$11:$E$100,MATCH(SMALL(ISSUES!$R$11:$R$100,4),ISSUES!$R$11:$R$100,0)),"")) -> Medium | L21: =IF(SMALL(ISSUES!$R$11:$R$100,4)>=99999,"",IFERROR(INDEX(ISSUES!$J$11:$J$100,MATCH(SMALL(ISSUES!$R$11:$R$100,4),ISSUES!$R$11:$R$100,0)),"")) -> Lucas Martin | M21: =IF(SMALL(ISSUES!$R$11:$R$100,4)>=99999,"",IFERROR(INDEX(ISSUES!$K$11:$K$100,MATCH(SMALL(ISSUES!$R$11:$R$100,4),ISSUES!$R$11:$R$100,0)),"")) -> 46323 | N21: =IF(SMALL(ISSUES!$R$11:$R$100,4)>=99999,"",IFERROR(INDEX(ISSUES!$P$11:$P$100,MATCH(SMALL(ISSUES!$R$11:$R$100,4),ISSUES!$R$11:$R$100,0)),"")) -> Due today
A22: =IF(SMALL(TASKS!$O$11:$O$110,5)>=99999,"",IFERROR(INDEX(TASKS!$C$11:$C$110,MATCH(SMALL(TASKS!$O$11:$O$110,5),TASKS!$O$11:$O$110,0)),"")) -> Complete end-of-day cash review | B22: =IF(SMALL(TASKS!$O$11:$O$110,5)>=99999,"",IFERROR(INDEX(TASKS!$B$11:$B$110,MATCH(SMALL(TASKS!$O$11:$O$110,5),TASKS!$O$11:$O$110,0)),"")) -> Finance | C22: =IF(SMALL(TASKS!$O$11:$O$110,5)>=99999,"",IFERROR(INDEX(TASKS!$E$11:$E$110,MATCH(SMALL(TASKS!$O$11:$O$110,5),TASKS!$O$11:$O$110,0)),"")) -> Sofia Kim | D22: =IF(SMALL(TASKS!$O$11:$O$110,5)>=99999,"",IFERROR(INDEX(TASKS!$F$11:$F$110,MATCH(SMALL(TASKS!$O$11:$O$110,5),TASKS!$O$11:$O$110,0)),"")) -> High | E22: =IF(SMALL(TASKS!$O$11:$O$110,5)>=99999,"",IFERROR(INDEX(TASKS!$H$11:$H$110,MATCH(SMALL(TASKS!$O$11:$O$110,5),TASKS!$O$11:$O$110,0)),"")) -> 46323 | F22: =IF(SMALL(TASKS!$O$11:$O$110,5)>=99999,"",IFERROR(INDEX(TASKS!$I$11:$I$110,MATCH(SMALL(TASKS!$O$11:$O$110,5),TASKS!$O$11:$O$110,0)),"")) -> Not started | G22: =IF(SMALL(TASKS!$O$11:$O$110,5)>=99999,"",IFERROR(INDEX(TASKS!$M$11:$M$110,MATCH(SMALL(TASKS!$O$11:$O$110,5),TASKS!$O$11:$O$110,0)),"")) -> Due today | I22: =IF(SMALL(ISSUES!$R$11:$R$100,5)>=99999,"",IFERROR(INDEX(ISSUES!$D$11:$D$100,MATCH(SMALL(ISSUES!$R$11:$R$100,5),ISSUES!$R$11:$R$100,0)),"")) -> Supplier invoice reference mismatch | J22: =IF(SMALL(ISSUES!$R$11:$R$100,5)>=99999,"",IFERROR(INDEX(ISSUES!$C$11:$C$100,MATCH(SMALL(ISSUES!$R$11:$R$100,5),ISSUES!$R$11:$R$100,0)),"")) -> Finance | K22: =IF(SMALL(ISSUES!$R$11:$R$100,5)>=99999,"",IFERROR(INDEX(ISSUES!$E$11:$E$100,MATCH(SMALL(ISSUES!$R$11:$R$100,5),ISSUES!$R$11:$R$100,0)),"")) -> Low | L22: =IF(SMALL(ISSUES!$R$11:$R$100,5)>=99999,"",IFERROR(INDEX(ISSUES!$J$11:$J$100,MATCH(SMALL(ISSUES!$R$11:$R$100,5),ISSUES!$R$11:$R$100,0)),"")) -> Sofia Kim | M22: =IF(SMALL(ISSUES!$R$11:$R$100,5)>=99999,"",IFERROR(INDEX(ISSUES!$K$11:$K$100,MATCH(SMALL(ISSUES!$R$11:$R$100,5),ISSUES!$R$11:$R$100,0)),"")) -> 46326 | N22: =IF(SMALL(ISSUES!$R$11:$R$100,5)>=99999,"",IFERROR(INDEX(ISSUES!$P$11:$P$100,MATCH(SMALL(ISSUES!$R$11:$R$100,5),ISSUES!$R$11:$R$100,0)),"")) -> Due soon
A23: =IF(SMALL(TASKS!$O$11:$O$110,6)>=99999,"",IFERROR(INDEX(TASKS!$C$11:$C$110,MATCH(SMALL(TASKS!$O$11:$O$110,6),TASKS!$O$11:$O$110,0)),"")) -> Publish revised escalation rota | B23: =IF(SMALL(TASKS!$O$11:$O$110,6)>=99999,"",IFERROR(INDEX(TASKS!$B$11:$B$110,MATCH(SMALL(TASKS!$O$11:$O$110,6),TASKS!$O$11:$O$110,0)),"")) -> Customer Service | C23: =IF(SMALL(TASKS!$O$11:$O$110,6)>=99999,"",IFERROR(INDEX(TASKS!$E$11:$E$110,MATCH(SMALL(TASKS!$O$11:$O$110,6),TASKS!$O$11:$O$110,0)),"")) -> Noor Al Mansoori | D23: =IF(SMALL(TASKS!$O$11:$O$110,6)>=99999,"",IFERROR(INDEX(TASKS!$F$11:$F$110,MATCH(SMALL(TASKS!$O$11:$O$110,6),TASKS!$O$11:$O$110,0)),"")) -> High | E23: =IF(SMALL(TASKS!$O$11:$O$110,6)>=99999,"",IFERROR(INDEX(TASKS!$H$11:$H$110,MATCH(SMALL(TASKS!$O$11:$O$110,6),TASKS!$O$11:$O$110,0)),"")) -> 46323 | F23: =IF(SMALL(TASKS!$O$11:$O$110,6)>=99999,"",IFERROR(INDEX(TASKS!$I$11:$I$110,MATCH(SMALL(TASKS!$O$11:$O$110,6),TASKS!$O$11:$O$110,0)),"")) -> Waiting | G23: =IF(SMALL(TASKS!$O$11:$O$110,6)>=99999,"",IFERROR(INDEX(TASKS!$M$11:$M$110,MATCH(SMALL(TASKS!$O$11:$O$110,6),TASKS!$O$11:$O$110,0)),"")) -> Due today | I23: =IF(SMALL(ISSUES!$R$11:$R$100,6)>=99999,"",IFERROR(INDEX(ISSUES!$D$11:$D$100,MATCH(SMALL(ISSUES!$R$11:$R$100,6),ISSUES!$R$11:$R$100,0)),"")) | J23: =IF(SMALL(ISSUES!$R$11:$R$100,6)>=99999,"",IFERROR(INDEX(ISSUES!$C$11:$C$100,MATCH(SMALL(ISSUES!$R$11:$R$100,6),ISSUES!$R$11:$R$100,0)),"")) | K23: =IF(SMALL(ISSUES!$R$11:$R$100,6)>=99999,"",IFERROR(INDEX(ISSUES!$E$11:$E$100,MATCH(SMALL(ISSUES!$R$11:$R$100,6),ISSUES!$R$11:$R$100,0)),"")) | L23: =IF(SMALL(ISSUES!$R$11:$R$100,6)>=99999,"",IFERROR(INDEX(ISSUES!$J$11:$J$100,MATCH(SMALL(ISSUES!$R$11:$R$100,6),ISSUES!$R$11:$R$100,0)),"")) | M23: =IF(SMALL(ISSUES!$R$11:$R$100,6)>=99999,"",IFERROR(INDEX(ISSUES!$K$11:$K$100,MATCH(SMALL(ISSUES!$R$11:$R$100,6),ISSUES!$R$11:$R$100,0)),"")) | N23: =IF(SMALL(ISSUES!$R$11:$R$100,6)>=99999,"",IFERROR(INDEX(ISSUES!$P$11:$P$100,MATCH(SMALL(ISSUES!$R$11:$R$100,6),ISSUES!$R$11:$R$100,0)),""))
A24: =IF(SMALL(TASKS!$O$11:$O$110,7)>=99999,"",IFERROR(INDEX(TASKS!$C$11:$C$110,MATCH(SMALL(TASKS!$O$11:$O$110,7),TASKS!$O$11:$O$110,0)),"")) -> Test emergency lighting | B24: =IF(SMALL(TASKS!$O$11:$O$110,7)>=99999,"",IFERROR(INDEX(TASKS!$B$11:$B$110,MATCH(SMALL(TASKS!$O$11:$O$110,7),TASKS!$O$11:$O$110,0)),"")) -> Facilities | C24: =IF(SMALL(TASKS!$O$11:$O$110,7)>=99999,"",IFERROR(INDEX(TASKS!$E$11:$E$110,MATCH(SMALL(TASKS!$O$11:$O$110,7),TASKS!$O$11:$O$110,0)),"")) -> Lucas Martin | D24: =IF(SMALL(TASKS!$O$11:$O$110,7)>=99999,"",IFERROR(INDEX(TASKS!$F$11:$F$110,MATCH(SMALL(TASKS!$O$11:$O$110,7),TASKS!$O$11:$O$110,0)),"")) -> High | E24: =IF(SMALL(TASKS!$O$11:$O$110,7)>=99999,"",IFERROR(INDEX(TASKS!$H$11:$H$110,MATCH(SMALL(TASKS!$O$11:$O$110,7),TASKS!$O$11:$O$110,0)),"")) -> 46325 | F24: =IF(SMALL(TASKS!$O$11:$O$110,7)>=99999,"",IFERROR(INDEX(TASKS!$I$11:$I$110,MATCH(SMALL(TASKS!$O$11:$O$110,7),TASKS!$O$11:$O$110,0)),"")) -> Not started | G24: =IF(SMALL(TASKS!$O$11:$O$110,7)>=99999,"",IFERROR(INDEX(TASKS!$M$11:$M$110,MATCH(SMALL(TASKS!$O$11:$O$110,7),TASKS!$O$11:$O$110,0)),"")) -> Due soon | I24: =IF(SMALL(ISSUES!$R$11:$R$100,7)>=99999,"",IFERROR(INDEX(ISSUES!$D$11:$D$100,MATCH(SMALL(ISSUES!$R$11:$R$100,7),ISSUES!$R$11:$R$100,0)),"")) | J24: =IF(SMALL(ISSUES!$R$11:$R$100,7)>=99999,"",IFERROR(INDEX(ISSUES!$C$11:$C$100,MATCH(SMALL(ISSUES!$R$11:$R$100,7),ISSUES!$R$11:$R$100,0)),"")) | K24: =IF(SMALL(ISSUES!$R$11:$R$100,7)>=99999,"",IFERROR(INDEX(ISSUES!$E$11:$E$100,MATCH(SMALL(ISSUES!$R$11:$R$100,7),ISSUES!$R$11:$R$100,0)),"")) | L24: =IF(SMALL(ISSUES!$R$11:$R$100,7)>=99999,"",IFERROR(INDEX(ISSUES!$J$11:$J$100,MATCH(SMALL(ISSUES!$R$11:$R$100,7),ISSUES!$R$11:$R$100,0)),"")) | M24: =IF(SMALL(ISSUES!$R$11:$R$100,7)>=99999,"",IFERROR(INDEX(ISSUES!$K$11:$K$100,MATCH(SMALL(ISSUES!$R$11:$R$100,7),ISSUES!$R$11:$R$100,0)),"")) | N24: =IF(SMALL(ISSUES!$R$11:$R$100,7)>=99999,"",IFERROR(INDEX(ISSUES!$P$11:$P$100,MATCH(SMALL(ISSUES!$R$11:$R$100,7),ISSUES!$R$11:$R$100,0)),""))
A27: TASK STATUS | B27: TASK STATUS | C27: TASK STATUS | D27: TASK STATUS | E27: TASK STATUS | F27: TASK STATUS | K27: ISSUE SEVERITY | L27: ISSUE SEVERITY | M27: ISSUE SEVERITY | N27: ISSUE SEVERITY
A28: Status | B28: Tasks | K28: Severity | L28: Open issues
A29: Not started | B29: =COUNTIF(TASKS!$I$11:$I$110,A29) -> 5 | K29: Critical | L29: =COUNTIFS(ISSUES!$E$11:$E$100,K29,ISSUES!$L$11:$L$100,"<>Closed") -> 0
A30: In progress | B30: =COUNTIF(TASKS!$I$11:$I$110,A30) -> 4 | K30: High | L30: =COUNTIFS(ISSUES!$E$11:$E$100,K30,ISSUES!$L$11:$L$100,"<>Closed") -> 2
A31: Waiting | B31: =COUNTIF(TASKS!$I$11:$I$110,A31) -> 2 | K31: Medium | L31: =COUNTIFS(ISSUES!$E$11:$E$100,K31,ISSUES!$L$11:$L$100,"<>Closed") -> 2
A32: Completed | B32: =COUNTIF(TASKS!$I$11:$I$110,A32) -> 3 | K32: Low | L32: =COUNTIFS(ISSUES!$E$11:$E$100,K32,ISSUES!$L$11:$L$100,"<>Closed") -> 1
A33: Cancelled | B33: =COUNTIF(TASKS!$I$11:$I$110,A33) -> 0
A46: SIX-WEEK KPI TARGET ATTAINMENT | B46: SIX-WEEK KPI TARGET ATTAINMENT | C46: SIX-WEEK KPI TARGET ATTAINMENT | D46: SIX-WEEK KPI TARGET ATTAINMENT | E46: SIX-WEEK KPI TARGET ATTAINMENT | F46: SIX-WEEK KPI TARGET ATTAINMENT | G46: SIX-WEEK KPI TARGET ATTAINMENT | H46: SIX-WEEK KPI TARGET ATTAINMENT | I46: SIX-WEEK KPI TARGET ATTAINMENT | J46: SIX-WEEK KPI TARGET ATTAINMENT | K46: SIX-WEEK KPI TARGET ATTAINMENT | L46: SIX-WEEK KPI TARGET ATTAINMENT | M46: SIX-WEEK KPI TARGET ATTAINMENT | N46: SIX-WEEK KPI TARGET ATTAINMENT | O46: SIX-WEEK KPI TARGET ATTAINMENT | P46: SIX-WEEK KPI TARGET ATTAINMENT | Q46: SIX-WEEK KPI TARGET ATTAINMENT | R46: SIX-WEEK KPI TARGET ATTAINMENT | S46: SIX-WEEK KPI TARGET ATTAINMENT | T46: SIX-WEEK KPI TARGET ATTAINMENT
A47: Week | B47: Targets met | C47: Attainment | AA47: Week | AB47: Attainment
A48: 46287 | B48: =COUNTIFS('KPI LOG'!$A$11:$A$150,A48,'KPI LOG'!$K$11:$K$150,"Met") -> 0 | C48: =IF(COUNTIFS('KPI LOG'!$A$11:$A$150,A48)=0,"",B48/COUNTIFS('KPI LOG'!$A$11:$A$150,A48)) -> 0 | AA48: Sep 22 | AB48: =C48 -> 0
A49: 46294 | B49: =COUNTIFS('KPI LOG'!$A$11:$A$150,A49,'KPI LOG'!$K$11:$K$150,"Met") -> 1 | C49: =IF(COUNTIFS('KPI LOG'!$A$11:$A$150,A49)=0,"",B49/COUNTIFS('KPI LOG'!$A$11:$A$150,A49)) -> 0.2 | AA49: Sep 29 | AB49: =C49 -> 0.2
A50: 46301 | B50: =COUNTIFS('KPI LOG'!$A$11:$A$150,A50,'KPI LOG'!$K$11:$K$150,"Met") -> 4 | C50: =IF(COUNTIFS('KPI LOG'!$A$11:$A$150,A50)=0,"",B50/COUNTIFS('KPI LOG'!$A$11:$A$150,A50)) -> 0.8 | AA50: Oct 6 | AB50: =C50 -> 0.8
A51: 46308 | B51: =COUNTIFS('KPI LOG'!$A$11:$A$150,A51,'KPI LOG'!$K$11:$K$150,"Met") -> 5 | C51: =IF(COUNTIFS('KPI LOG'!$A$11:$A$150,A51)=0,"",B51/COUNTIFS('KPI LOG'!$A$11:$A$150,A51)) -> 1 | AA51: Oct 13 | AB51: =C51 -> 1
A52: 46315 | B52: =COUNTIFS('KPI LOG'!$A$11:$A$150,A52,'KPI LOG'!$K$11:$K$150,"Met") -> 4 | C52: =IF(COUNTIFS('KPI LOG'!$A$11:$A$150,A52)=0,"",B52/COUNTIFS('KPI LOG'!$A$11:$A$150,A52)) -> 0.8 | AA52: Oct 20 | AB52: =C52 -> 0.8
A53: 46322 | B53: =COUNTIFS('KPI LOG'!$A$11:$A$150,A53,'KPI LOG'!$K$11:$K$150,"Met") -> 1 | C53: =IF(COUNTIFS('KPI LOG'!$A$11:$A$150,A53)=0,"",B53/COUNTIFS('KPI LOG'!$A$11:$A$150,A53)) -> 0.2 | AA53: Oct 27 | AB53: =C53 -> 0.2

Sheet DAILY PLAN
A2: Home | B2: Home | C2: Dashboard | D2: Dashboard | E2: Daily plan | F2: Daily plan | G2: Tasks | H2: Tasks | I2: Checklists | J2: Checklists | K2: Handover | L2: Handover | M2: Issues | N2: Issues | O2: KPI log | P2: KPI log | Q2: Setup | R2: Setup | S2: Audit | T2: Audit
A4: TODAY'S PRIORITIES | B4: TODAY'S PRIORITIES | C4: TODAY'S PRIORITIES | D4: TODAY'S PRIORITIES | E4: TODAY'S PRIORITIES | F4: TODAY'S PRIORITIES | G4: TODAY'S PRIORITIES | H4: TODAY'S PRIORITIES | I4: TODAY'S PRIORITIES | J4: TODAY'S PRIORITIES | K4: TODAY'S PRIORITIES | L4: TODAY'S PRIORITIES | M4: TODAY'S PRIORITIES | N4: TODAY'S PRIORITIES | O4: TODAY'S PRIORITIES | P4: TODAY'S PRIORITIES | Q4: TODAY'S PRIORITIES | R4: TODAY'S PRIORITIES | S4: TODAY'S PRIORITIES | T4: TODAY'S PRIORITIES
A6: Daily Action Plan | B6: Daily Action Plan | C6: Daily Action Plan | D6: Daily Action Plan | E6: Daily Action Plan | F6: Daily Action Plan | G6: Daily Action Plan | H6: Daily Action Plan | I6: Daily Action Plan | J6: Daily Action Plan | K6: Daily Action Plan | L6: Daily Action Plan | M6: Daily Action Plan | N6: Daily Action Plan | O6: Daily Action Plan | P6: Daily Action Plan | Q6: Daily Action Plan | R6: Daily Action Plan | S6: Daily Action Plan | T6: Daily Action Plan
A7: Focus the team on the actions, checks, and handovers that need attention today. | B7: Focus the team on the actions, checks, and handovers that need attention today. | C7: Focus the team on the actions, checks, and handovers that need attention today. | D7: Focus the team on the actions, checks, and handovers that need attention today. | E7: Focus the team on the actions, checks, and handovers that need attention today. | F7: Focus the team on the actions, checks, and handovers that need attention today. | G7: Focus the team on the actions, checks, and handovers that need attention today. | H7: Focus the team on the actions, checks, and handovers that need attention today. | I7: Focus the team on the actions, checks, and handovers that need attention today. | J7: Focus the team on the actions, checks, and handovers that need attention today. | K7: Focus the team on the actions, checks, and handovers that need attention today. | L7: Focus the team on the actions, checks, and handovers that need attention today. | M7: Focus the team on the actions, checks, and handovers that need attention today. | N7: Focus the team on the actions, checks, and handovers that need attention today. | O7: Focus the team on the actions, checks, and handovers that need attention today. | P7: Focus the team on the actions, checks, and handovers that need attention today. | Q7: Focus the team on the actions, checks, and handovers that need attention today. | R7: Focus the team on the actions, checks, and handovers that need attention today. | S7: Focus the team on the actions, checks, and handovers that need attention today. | T7: Focus the team on the actions, checks, and handovers that need attention today.
A10: Open tasks | B10: Open tasks | C10: Open tasks | D10: Open tasks | F10: Actions overdue | G10: Actions overdue | H10: Actions overdue | I10: Actions overdue | K10: Today's checklist | L10: Today's checklist | M10: Today's checklist | N10: Today's checklist | P10: Open handover actions | Q10: Open handover actions | R10: Open handover actions | S10: Open handover actions | T10: Open handover actions
A11: =COUNTIF(TASKS!$M$11:$M$110,"Overdue")+COUNTIF(TASKS!$M$11:$M$110,"Due today")+COUNTIF(TASKS!$M$11:$M$110,"Due soon")+COUNTIF(TASKS!$M$11:$M$110,"On track") -> 11 | F11: =COUNTIF(TASKS!$M$11:$M$110,"Overdue")+COUNTIF(HANDOVER!$M$11:$M$100,"Overdue")+COUNTIF(ISSUES!$P$11:$P$100,"Overdue") -> 3 | K11: =IF(COUNTIFS(CHECKLISTS!$B$11:$B$130,SETUP!$D$11,CHECKLISTS!$G$11:$G$130,"Yes")=0,"",COUNTIFS(CHECKLISTS!$B$11:$B$130,SETUP!$D$11,CHECKLISTS!$G$11:$G$130,"Yes",CHECKLISTS!$H$11:$H$130,"Complete")/COUNTIFS(CHECKLISTS!$B$11:$B$130,SETUP!$D$11,CHECKLISTS!$G$11:$G$130,"Yes")) -> 0.625 | P11: =COUNTIF(HANDOVER!$M$11:$M$100,"Overdue")+COUNTIF(HANDOVER!$M$11:$M$100,"Due today")+COUNTIF(HANDOVER!$M$11:$M$100,"Due soon")+COUNTIF(HANDOVER!$M$11:$M$100,"On track") -> 4
A16: TASK QUEUE | B16: TASK QUEUE | C16: TASK QUEUE | D16: TASK QUEUE | E16: TASK QUEUE | F16: TASK QUEUE | G16: TASK QUEUE | H16: TASK QUEUE | J16: HANDOVER ACTIONS | K16: HANDOVER ACTIONS | L16: HANDOVER ACTIONS | M16: HANDOVER ACTIONS | N16: HANDOVER ACTIONS | O16: HANDOVER ACTIONS | P16: HANDOVER ACTIONS | Q16: HANDOVER ACTIONS | R16: HANDOVER ACTIONS | S16: HANDOVER ACTIONS | T16: HANDOVER ACTIONS
A17: Task | B17: Department | C17: Owner | D17: Priority | E17: Due | F17: Progress | G17: Next action | H17: Reason | J17: Topic | K17: Shift | L17: From | M17: To | N17: Owner | O17: Due | P17: Reason
A18: =IF(SMALL(TASKS!$O$11:$O$110,1)>=99999,"",IFERROR(INDEX(TASKS!$C$11:$C$110,MATCH(SMALL(TASKS!$O$11:$O$110,1),TASKS!$O$11:$O$110,0)),"")) -> Resolve late supplier delivery | B18: =IF(SMALL(TASKS!$O$11:$O$110,1)>=99999,"",IFERROR(INDEX(TASKS!$B$11:$B$110,MATCH(SMALL(TASKS!$O$11:$O$110,1),TASKS!$O$11:$O$110,0)),"")) -> Operations | C18: =IF(SMALL(TASKS!$O$11:$O$110,1)>=99999,"",IFERROR(INDEX(TASKS!$E$11:$E$110,MATCH(SMALL(TASKS!$O$11:$O$110,1),TASKS!$O$11:$O$110,0)),"")) -> Omar Saleh | D18: =IF(SMALL(TASKS!$O$11:$O$110,1)>=99999,"",IFERROR(INDEX(TASKS!$F$11:$F$110,MATCH(SMALL(TASKS!$O$11:$O$110,1),TASKS!$O$11:$O$110,0)),"")) -> High | E18: =IF(SMALL(TASKS!$O$11:$O$110,1)>=99999,"",IFERROR(INDEX(TASKS!$H$11:$H$110,MATCH(SMALL(TASKS!$O$11:$O$110,1),TASKS!$O$11:$O$110,0)),"")) -> 46322 | F18: =IF(SMALL(TASKS!$O$11:$O$110,1)>=99999,"",IFERROR(INDEX(TASKS!$K$11:$K$110,MATCH(SMALL(TASKS!$O$11:$O$110,1),TASKS!$O$11:$O$110,0)),"")) -> 0.35 | G18: =IF(SMALL(TASKS!$O$11:$O$110,1)>=99999,"",IFERROR(INDEX(TASKS!$L$11:$L$110,MATCH(SMALL(TASKS!$O$11:$O$110,1),TASKS!$O$11:$O$110,0)),"")) -> Obtain confirmed arrival time | H18: =IF(SMALL(TASKS!$O$11:$O$110,1)>=99999,"",IFERROR(INDEX(TASKS!$M$11:$M$110,MATCH(SMALL(TASKS!$O$11:$O$110,1),TASKS!$O$11:$O$110,0)),"")) -> Overdue | J18: =IF(SMALL(HANDOVER!$O$11:$O$100,1)>=99999,"",IFERROR(INDEX(HANDOVER!$G$11:$G$100,MATCH(SMALL(HANDOVER!$O$11:$O$100,1),HANDOVER!$O$11:$O$100,0)),"")) -> Supplier delay | K18: =IF(SMALL(HANDOVER!$O$11:$O$100,1)>=99999,"",IFERROR(INDEX(HANDOVER!$C$11:$C$100,MATCH(SMALL(HANDOVER!$O$11:$O$100,1),HANDOVER!$O$11:$O$100,0)),"")) -> Opening | L18: =IF(SMALL(HANDOVER!$O$11:$O$100,1)>=99999,"",IFERROR(INDEX(HANDOVER!$D$11:$D$100,MATCH(SMALL(HANDOVER!$O$11:$O$100,1),HANDOVER!$O$11:$O$100,0)),"")) -> Maya Hassan | M18: =IF(SMALL(HANDOVER!$O$11:$O$100,1)>=99999,"",IFERROR(INDEX(HANDOVER!$E$11:$E$100,MATCH(SMALL(HANDOVER!$O$11:$O$100,1),HANDOVER!$O$11:$O$100,0)),"")) -> Lucas Martin | N18: =IF(SMALL(HANDOVER!$O$11:$O$100,1)>=99999,"",IFERROR(INDEX(HANDOVER!$J$11:$J$100,MATCH(SMALL(HANDOVER!$O$11:$O$100,1),HANDOVER!$O$11:$O$100,0)),"")) -> Omar Saleh | O18: =IF(SMALL(HANDOVER!$O$11:$O$100,1)>=99999,"",IFERROR(INDEX(HANDOVER!$K$11:$K$100,MATCH(SMALL(HANDOVER!$O$11:$O$100,1),HANDOVER!$O$11:$O$100,0)),"")) -> 46323 | P18: =IF(SMALL(HANDOVER!$O$11:$O$100,1)>=99999,"",IFERROR(INDEX(HANDOVER!$M$11:$M$100,MATCH(SMALL(HANDOVER!$O$11:$O$100,1),HANDOVER!$O$11:$O$100,0)),"")) -> Due today
A19: =IF(SMALL(TASKS!$O$11:$O$110,2)>=99999,"",IFERROR(INDEX(TASKS!$C$11:$C$110,MATCH(SMALL(TASKS!$O$11:$O$110,2),TASKS!$O$11:$O$110,0)),"")) -> Close air-conditioning maintenance action | B19: =IF(SMALL(TASKS!$O$11:$O$110,2)>=99999,"",IFERROR(INDEX(TASKS!$B$11:$B$110,MATCH(SMALL(TASKS!$O$11:$O$110,2),TASKS!$O$11:$O$110,0)),"")) -> Facilities | C19: =IF(SMALL(TASKS!$O$11:$O$110,2)>=99999,"",IFERROR(INDEX(TASKS!$E$11:$E$110,MATCH(SMALL(TASKS!$O$11:$O$110,2),TASKS!$O$11:$O$110,0)),"")) -> Omar Saleh | D19: =IF(SMALL(TASKS!$O$11:$O$110,2)>=99999,"",IFERROR(INDEX(TASKS!$F$11:$F$110,MATCH(SMALL(TASKS!$O$11:$O$110,2),TASKS!$O$11:$O$110,0)),"")) -> High | E19: =IF(SMALL(TASKS!$O$11:$O$110,2)>=99999,"",IFERROR(INDEX(TASKS!$H$11:$H$110,MATCH(SMALL(TASKS!$O$11:$O$110,2),TASKS!$O$11:$O$110,0)),"")) -> 46321 | F19: =IF(SMALL(TASKS!$O$11:$O$110,2)>=99999,"",IFERROR(INDEX(TASKS!$K$11:$K$110,MATCH(SMALL(TASKS!$O$11:$O$110,2),TASKS!$O$11:$O$110,0)),"")) -> 0.8 | G19: =IF(SMALL(TASKS!$O$11:$O$110,2)>=99999,"",IFERROR(INDEX(TASKS!$L$11:$L$110,MATCH(SMALL(TASKS!$O$11:$O$110,2),TASKS!$O$11:$O$110,0)),"")) -> Attach service confirmation | H19: =IF(SMALL(TASKS!$O$11:$O$110,2)>=99999,"",IFERROR(INDEX(TASKS!$M$11:$M$110,MATCH(SMALL(TASKS!$O$11:$O$110,2),TASKS!$O$11:$O$110,0)),"")) -> Overdue | J19: =IF(SMALL(HANDOVER!$O$11:$O$100,2)>=99999,"",IFERROR(INDEX(HANDOVER!$G$11:$G$100,MATCH(SMALL(HANDOVER!$O$11:$O$100,2),HANDOVER!$O$11:$O$100,0)),"")) -> Cooling unit | K19: =IF(SMALL(HANDOVER!$O$11:$O$100,2)>=99999,"",IFERROR(INDEX(HANDOVER!$C$11:$C$100,MATCH(SMALL(HANDOVER!$O$11:$O$100,2),HANDOVER!$O$11:$O$100,0)),"")) -> Closing | L19: =IF(SMALL(HANDOVER!$O$11:$O$100,2)>=99999,"",IFERROR(INDEX(HANDOVER!$D$11:$D$100,MATCH(SMALL(HANDOVER!$O$11:$O$100,2),HANDOVER!$O$11:$O$100,0)),"")) -> Lucas Martin | M19: =IF(SMALL(HANDOVER!$O$11:$O$100,2)>=99999,"",IFERROR(INDEX(HANDOVER!$E$11:$E$100,MATCH(SMALL(HANDOVER!$O$11:$O$100,2),HANDOVER!$O$11:$O$100,0)),"")) -> Maya Hassan | N19: =IF(SMALL(HANDOVER!$O$11:$O$100,2)>=99999,"",IFERROR(INDEX(HANDOVER!$J$11:$J$100,MATCH(SMALL(HANDOVER!$O$11:$O$100,2),HANDOVER!$O$11:$O$100,0)),"")) -> Omar Saleh | O19: =IF(SMALL(HANDOVER!$O$11:$O$100,2)>=99999,"",IFERROR(INDEX(HANDOVER!$K$11:$K$100,MATCH(SMALL(HANDOVER!$O$11:$O$100,2),HANDOVER!$O$11:$O$100,0)),"")) -> 46323 | P19: =IF(SMALL(HANDOVER!$O$11:$O$100,2)>=99999,"",IFERROR(INDEX(HANDOVER!$M$11:$M$100,MATCH(SMALL(HANDOVER!$O$11:$O$100,2),HANDOVER!$O$11:$O$100,0)),"")) -> Due today
A20: =IF(SMALL(TASKS!$O$11:$O$110,3)>=99999,"",IFERROR(INDEX(TASKS!$C$11:$C$110,MATCH(SMALL(TASKS!$O$11:$O$110,3),TASKS!$O$11:$O$110,0)),"")) -> Confirm staff and shift coverage | B20: =IF(SMALL(TASKS!$O$11:$O$110,3)>=99999,"",IFERROR(INDEX(TASKS!$B$11:$B$110,MATCH(SMALL(TASKS!$O$11:$O$110,3),TASKS!$O$11:$O$110,0)),"")) -> Operations | C20: =IF(SMALL(TASKS!$O$11:$O$110,3)>=99999,"",IFERROR(INDEX(TASKS!$E$11:$E$110,MATCH(SMALL(TASKS!$O$11:$O$110,3),TASKS!$O$11:$O$110,0)),"")) -> Maya Hassan | D20: =IF(SMALL(TASKS!$O$11:$O$110,3)>=99999,"",IFERROR(INDEX(TASKS!$F$11:$F$110,MATCH(SMALL(TASKS!$O$11:$O$110,3),TASKS!$O$11:$O$110,0)),"")) -> Critical | E20: =IF(SMALL(TASKS!$O$11:$O$110,3)>=99999,"",IFERROR(INDEX(TASKS!$H$11:$H$110,MATCH(SMALL(TASKS!$O$11:$O$110,3),TASKS!$O$11:$O$110,0)),"")) -> 46323 | F20: =IF(SMALL(TASKS!$O$11:$O$110,3)>=99999,"",IFERROR(INDEX(TASKS!$K$11:$K$110,MATCH(SMALL(TASKS!$O$11:$O$110,3),TASKS!$O$11:$O$110,0)),"")) -> 0.6 | G20: =IF(SMALL(TASKS!$O$11:$O$110,3)>=99999,"",IFERROR(INDEX(TASKS!$L$11:$L$110,MATCH(SMALL(TASKS!$O$11:$O$110,3),TASKS!$O$11:$O$110,0)),"")) -> Confirm closing replacement | H20: =IF(SMALL(TASKS!$O$11:$O$110,3)>=99999,"",IFERROR(INDEX(TASKS!$M$11:$M$110,MATCH(SMALL(TASKS!$O$11:$O$110,3),TASKS!$O$11:$O$110,0)),"")) -> Due today | J20: =IF(SMALL(HANDOVER!$O$11:$O$100,3)>=99999,"",IFERROR(INDEX(HANDOVER!$G$11:$G$100,MATCH(SMALL(HANDOVER!$O$11:$O$100,3),HANDOVER!$O$11:$O$100,0)),"")) -> Priority customer | K20: =IF(SMALL(HANDOVER!$O$11:$O$100,3)>=99999,"",IFERROR(INDEX(HANDOVER!$C$11:$C$100,MATCH(SMALL(HANDOVER!$O$11:$O$100,3),HANDOVER!$O$11:$O$100,0)),"")) -> Opening | L20: =IF(SMALL(HANDOVER!$O$11:$O$100,3)>=99999,"",IFERROR(INDEX(HANDOVER!$D$11:$D$100,MATCH(SMALL(HANDOVER!$O$11:$O$100,3),HANDOVER!$O$11:$O$100,0)),"")) -> Noor Al Mansoori | M20: =IF(SMALL(HANDOVER!$O$11:$O$100,3)>=99999,"",IFERROR(INDEX(HANDOVER!$E$11:$E$100,MATCH(SMALL(HANDOVER!$O$11:$O$100,3),HANDOVER!$O$11:$O$100,0)),"")) -> Daniel Ruiz | N20: =IF(SMALL(HANDOVER!$O$11:$O$100,3)>=99999,"",IFERROR(INDEX(HANDOVER!$J$11:$J$100,MATCH(SMALL(HANDOVER!$O$11:$O$100,3),HANDOVER!$O$11:$O$100,0)),"")) -> Daniel Ruiz | O20: =IF(SMALL(HANDOVER!$O$11:$O$100,3)>=99999,"",IFERROR(INDEX(HANDOVER!$K$11:$K$100,MATCH(SMALL(HANDOVER!$O$11:$O$100,3),HANDOVER!$O$11:$O$100,0)),"")) -> 46323 | P20: =IF(SMALL(HANDOVER!$O$11:$O$100,3)>=99999,"",IFERROR(INDEX(HANDOVER!$M$11:$M$100,MATCH(SMALL(HANDOVER!$O$11:$O$100,3),HANDOVER!$O$11:$O$100,0)),"")) -> Due today
A21: =IF(SMALL(TASKS!$O$11:$O$110,4)>=99999,"",IFERROR(INDEX(TASKS!$C$11:$C$110,MATCH(SMALL(TASKS!$O$11:$O$110,4),TASKS!$O$11:$O$110,0)),"")) -> Dispatch priority customer orders | B21: =IF(SMALL(TASKS!$O$11:$O$110,4)>=99999,"",IFERROR(INDEX(TASKS!$B$11:$B$110,MATCH(SMALL(TASKS!$O$11:$O$110,4),TASKS!$O$11:$O$110,0)),"")) -> Sales | C21: =IF(SMALL(TASKS!$O$11:$O$110,4)>=99999,"",IFERROR(INDEX(TASKS!$E$11:$E$110,MATCH(SMALL(TASKS!$O$11:$O$110,4),TASKS!$O$11:$O$110,0)),"")) -> Daniel Ruiz | D21: =IF(SMALL(TASKS!$O$11:$O$110,4)>=99999,"",IFERROR(INDEX(TASKS!$F$11:$F$110,MATCH(SMALL(TASKS!$O$11:$O$110,4),TASKS!$O$11:$O$110,0)),"")) -> High | E21: =IF(SMALL(TASKS!$O$11:$O$110,4)>=99999,"",IFERROR(INDEX(TASKS!$H$11:$H$110,MATCH(SMALL(TASKS!$O$11:$O$110,4),TASKS!$O$11:$O$110,0)),"")) -> 46323 | F21: =IF(SMALL(TASKS!$O$11:$O$110,4)>=99999,"",IFERROR(INDEX(TASKS!$K$11:$K$110,MATCH(SMALL(TASKS!$O$11:$O$110,4),TASKS!$O$11:$O$110,0)),"")) -> 0.45 | G21: =IF(SMALL(TASKS!$O$11:$O$110,4)>=99999,"",IFERROR(INDEX(TASKS!$L$11:$L$110,MATCH(SMALL(TASKS!$O$11:$O$110,4),TASKS!$O$11:$O$110,0)),"")) -> Release remaining two orders | H21: =IF(SMALL(TASKS!$O$11:$O$110,4)>=99999,"",IFERROR(INDEX(TASKS!$M$11:$M$110,MATCH(SMALL(TASKS!$O$11:$O$110,4),TASKS!$O$11:$O$110,0)),"")) -> Due today | J21: =IF(SMALL(HANDOVER!$O$11:$O$100,4)>=99999,"",IFERROR(INDEX(HANDOVER!$G$11:$G$100,MATCH(SMALL(HANDOVER!$O$11:$O$100,4),HANDOVER!$O$11:$O$100,0)),"")) -> Stock count | K21: =IF(SMALL(HANDOVER!$O$11:$O$100,4)>=99999,"",IFERROR(INDEX(HANDOVER!$C$11:$C$100,MATCH(SMALL(HANDOVER!$O$11:$O$100,4),HANDOVER!$O$11:$O$100,0)),"")) -> Midday | L21: =IF(SMALL(HANDOVER!$O$11:$O$100,4)>=99999,"",IFERROR(INDEX(HANDOVER!$D$11:$D$100,MATCH(SMALL(HANDOVER!$O$11:$O$100,4),HANDOVER!$O$11:$O$100,0)),"")) -> Lucas Martin | M21: =IF(SMALL(HANDOVER!$O$11:$O$100,4)>=99999,"",IFERROR(INDEX(HANDOVER!$E$11:$E$100,MATCH(SMALL(HANDOVER!$O$11:$O$100,4),HANDOVER!$O$11:$O$100,0)),"")) -> Maya Hassan | N21: =IF(SMALL(HANDOVER!$O$11:$O$100,4)>=99999,"",IFERROR(INDEX(HANDOVER!$J$11:$J$100,MATCH(SMALL(HANDOVER!$O$11:$O$100,4),HANDOVER!$O$11:$O$100,0)),"")) -> Lucas Martin | O21: =IF(SMALL(HANDOVER!$O$11:$O$100,4)>=99999,"",IFERROR(INDEX(HANDOVER!$K$11:$K$100,MATCH(SMALL(HANDOVER!$O$11:$O$100,4),HANDOVER!$O$11:$O$100,0)),"")) -> 46323 | P21: =IF(SMALL(HANDOVER!$O$11:$O$100,4)>=99999,"",IFERROR(INDEX(HANDOVER!$M$11:$M$100,MATCH(SMALL(HANDOVER!$O$11:$O$100,4),HANDOVER!$O$11:$O$100,0)),"")) -> Due today
A22: =IF(SMALL(TASKS!$O$11:$O$110,5)>=99999,"",IFERROR(INDEX(TASKS!$C$11:$C$110,MATCH(SMALL(TASKS!$O$11:$O$110,5),TASKS!$O$11:$O$110,0)),"")) -> Complete end-of-day cash review | B22: =IF(SMALL(TASKS!$O$11:$O$110,5)>=99999,"",IFERROR(INDEX(TASKS!$B$11:$B$110,MATCH(SMALL(TASKS!$O$11:$O$110,5),TASKS!$O$11:$O$110,0)),"")) -> Finance | C22: =IF(SMALL(TASKS!$O$11:$O$110,5)>=99999,"",IFERROR(INDEX(TASKS!$E$11:$E$110,MATCH(SMALL(TASKS!$O$11:$O$110,5),TASKS!$O$11:$O$110,0)),"")) -> Sofia Kim | D22: =IF(SMALL(TASKS!$O$11:$O$110,5)>=99999,"",IFERROR(INDEX(TASKS!$F$11:$F$110,MATCH(SMALL(TASKS!$O$11:$O$110,5),TASKS!$O$11:$O$110,0)),"")) -> High | E22: =IF(SMALL(TASKS!$O$11:$O$110,5)>=99999,"",IFERROR(INDEX(TASKS!$H$11:$H$110,MATCH(SMALL(TASKS!$O$11:$O$110,5),TASKS!$O$11:$O$110,0)),"")) -> 46323 | F22: =IF(SMALL(TASKS!$O$11:$O$110,5)>=99999,"",IFERROR(INDEX(TASKS!$K$11:$K$110,MATCH(SMALL(TASKS!$O$11:$O$110,5),TASKS!$O$11:$O$110,0)),"")) -> 0 | G22: =IF(SMALL(TASKS!$O$11:$O$110,5)>=99999,"",IFERROR(INDEX(TASKS!$L$11:$L$110,MATCH(SMALL(TASKS!$O$11:$O$110,5),TASKS!$O$11:$O$110,0)),"")) -> Compare receipts with settlement | H22: =IF(SMALL(TASKS!$O$11:$O$110,5)>=99999,"",IFERROR(INDEX(TASKS!$M$11:$M$110,MATCH(SMALL(TASKS!$O$11:$O$110,5),TASKS!$O$11:$O$110,0)),"")) -> Due today | J22: =IF(SMALL(HANDOVER!$O$11:$O$100,5)>=99999,"",IFERROR(INDEX(HANDOVER!$G$11:$G$100,MATCH(SMALL(HANDOVER!$O$11:$O$100,5),HANDOVER!$O$11:$O$100,0)),"")) | K22: =IF(SMALL(HANDOVER!$O$11:$O$100,5)>=99999,"",IFERROR(INDEX(HANDOVER!$C$11:$C$100,MATCH(SMALL(HANDOVER!$O$11:$O$100,5),HANDOVER!$O$11:$O$100,0)),"")) | L22: =IF(SMALL(HANDOVER!$O$11:$O$100,5)>=99999,"",IFERROR(INDEX(HANDOVER!$D$11:$D$100,MATCH(SMALL(HANDOVER!$O$11:$O$100,5),HANDOVER!$O$11:$O$100,0)),"")) | M22: =IF(SMALL(HANDOVER!$O$11:$O$100,5)>=99999,"",IFERROR(INDEX(HANDOVER!$E$11:$E$100,MATCH(SMALL(HANDOVER!$O$11:$O$100,5),HANDOVER!$O$11:$O$100,0)),"")) | N22: =IF(SMALL(HANDOVER!$O$11:$O$100,5)>=99999,"",IFERROR(INDEX(HANDOVER!$J$11:$J$100,MATCH(SMALL(HANDOVER!$O$11:$O$100,5),HANDOVER!$O$11:$O$100,0)),"")) | O22: =IF(SMALL(HANDOVER!$O$11:$O$100,5)>=99999,"",IFERROR(INDEX(HANDOVER!$K$11:$K$100,MATCH(SMALL(HANDOVER!$O$11:$O$100,5),HANDOVER!$O$11:$O$100,0)),"")) | P22: =IF(SMALL(HANDOVER!$O$11:$O$100,5)>=99999,"",IFERROR(INDEX(HANDOVER!$M$11:$M$100,MATCH(SMALL(HANDOVER!$O$11:$O$100,5),HANDOVER!$O$11:$O$100,0)),""))
A23: =IF(SMALL(TASKS!$O$11:$O$110,6)>=99999,"",IFERROR(INDEX(TASKS!$C$11:$C$110,MATCH(SMALL(TASKS!$O$11:$O$110,6),TASKS!$O$11:$O$110,0)),"")) -> Publish revised escalation rota | B23: =IF(SMALL(TASKS!$O$11:$O$110,6)>=99999,"",IFERROR(INDEX(TASKS!$B$11:$B$110,MATCH(SMALL(TASKS!$O$11:$O$110,6),TASKS!$O$11:$O$110,0)),"")) -> Customer Service | C23: =IF(SMALL(TASKS!$O$11:$O$110,6)>=99999,"",IFERROR(INDEX(TASKS!$E$11:$E$110,MATCH(SMALL(TASKS!$O$11:$O$110,6),TASKS!$O$11:$O$110,0)),"")) -> Noor Al Mansoori | D23: =IF(SMALL(TASKS!$O$11:$O$110,6)>=99999,"",IFERROR(INDEX(TASKS!$F$11:$F$110,MATCH(SMALL(TASKS!$O$11:$O$110,6),TASKS!$O$11:$O$110,0)),"")) -> High | E23: =IF(SMALL(TASKS!$O$11:$O$110,6)>=99999,"",IFERROR(INDEX(TASKS!$H$11:$H$110,MATCH(SMALL(TASKS!$O$11:$O$110,6),TASKS!$O$11:$O$110,0)),"")) -> 46323 | F23: =IF(SMALL(TASKS!$O$11:$O$110,6)>=99999,"",IFERROR(INDEX(TASKS!$K$11:$K$110,MATCH(SMALL(TASKS!$O$11:$O$110,6),TASKS!$O$11:$O$110,0)),"")) -> 0.5 | G23: =IF(SMALL(TASKS!$O$11:$O$110,6)>=99999,"",IFERROR(INDEX(TASKS!$L$11:$L$110,MATCH(SMALL(TASKS!$O$11:$O$110,6),TASKS!$O$11:$O$110,0)),"")) -> Obtain manager approval | H23: =IF(SMALL(TASKS!$O$11:$O$110,6)>=99999,"",IFERROR(INDEX(TASKS!$M$11:$M$110,MATCH(SMALL(TASKS!$O$11:$O$110,6),TASKS!$O$11:$O$110,0)),"")) -> Due today | J23: =IF(SMALL(HANDOVER!$O$11:$O$100,6)>=99999,"",IFERROR(INDEX(HANDOVER!$G$11:$G$100,MATCH(SMALL(HANDOVER!$O$11:$O$100,6),HANDOVER!$O$11:$O$100,0)),"")) | K23: =IF(SMALL(HANDOVER!$O$11:$O$100,6)>=99999,"",IFERROR(INDEX(HANDOVER!$C$11:$C$100,MATCH(SMALL(HANDOVER!$O$11:$O$100,6),HANDOVER!$O$11:$O$100,0)),"")) | L23: =IF(SMALL(HANDOVER!$O$11:$O$100,6)>=99999,"",IFERROR(INDEX(HANDOVER!$D$11:$D$100,MATCH(SMALL(HANDOVER!$O$11:$O$100,6),HANDOVER!$O$11:$O$100,0)),"")) | M23: =IF(SMALL(HANDOVER!$O$11:$O$100,6)>=99999,"",IFERROR(INDEX(HANDOVER!$E$11:$E$100,MATCH(SMALL(HANDOVER!$O$11:$O$100,6),HANDOVER!$O$11:$O$100,0)),"")) | N23: =IF(SMALL(HANDOVER!$O$11:$O$100,6)>=99999,"",IFERROR(INDEX(HANDOVER!$J$11:$J$100,MATCH(SMALL(HANDOVER!$O$11:$O$100,6),HANDOVER!$O$11:$O$100,0)),"")) | O23: =IF(SMALL(HANDOVER!$O$11:$O$100,6)>=99999,"",IFERROR(INDEX(HANDOVER!$K$11:$K$100,MATCH(SMALL(HANDOVER!$O$11:$O$100,6),HANDOVER!$O$11:$O$100,0)),"")) | P23: =IF(SMALL(HANDOVER!$O$11:$O$100,6)>=99999,"",IFERROR(INDEX(HANDOVER!$M$11:$M$100,MATCH(SMALL(HANDOVER!$O$11:$O$100,6),HANDOVER!$O$11:$O$100,0)),""))
A24: =IF(SMALL(TASKS!$O$11:$O$110,7)>=99999,"",IFERROR(INDEX(TASKS!$C$11:$C$110,MATCH(SMALL(TASKS!$O$11:$O$110,7),TASKS!$O$11:$O$110,0)),"")) -> Test emergency lighting | B24: =IF(SMALL(TASKS!$O$11:$O$110,7)>=99999,"",IFERROR(INDEX(TASKS!$B$11:$B$110,MATCH(SMALL(TASKS!$O$11:$O$110,7),TASKS!$O$11:$O$110,0)),"")) -> Facilities | C24: =IF(SMALL(TASKS!$O$11:$O$110,7)>=99999,"",IFERROR(INDEX(TASKS!$E$11:$E$110,MATCH(SMALL(TASKS!$O$11:$O$110,7),TASKS!$O$11:$O$110,0)),"")) -> Lucas Martin | D24: =IF(SMALL(TASKS!$O$11:$O$110,7)>=99999,"",IFERROR(INDEX(TASKS!$F$11:$F$110,MATCH(SMALL(TASKS!$O$11:$O$110,7),TASKS!$O$11:$O$110,0)),"")) -> High | E24: =IF(SMALL(TASKS!$O$11:$O$110,7)>=99999,"",IFERROR(INDEX(TASKS!$H$11:$H$110,MATCH(SMALL(TASKS!$O$11:$O$110,7),TASKS!$O$11:$O$110,0)),"")) -> 46325 | F24: =IF(SMALL(TASKS!$O$11:$O$110,7)>=99999,"",IFERROR(INDEX(TASKS!$K$11:$K$110,MATCH(SMALL(TASKS!$O$11:$O$110,7),TASKS!$O$11:$O$110,0)),"")) -> 0 | G24: =IF(SMALL(TASKS!$O$11:$O$110,7)>=99999,"",IFERROR(INDEX(TASKS!$L$11:$L$110,MATCH(SMALL(TASKS!$O$11:$O$110,7),TASKS!$O$11:$O$110,0)),"")) -> Complete test by closing | H24: =IF(SMALL(TASKS!$O$11:$O$110,7)>=99999,"",IFERROR(INDEX(TASKS!$M$11:$M$110,MATCH(SMALL(TASKS!$O$11:$O$110,7),TASKS!$O$11:$O$110,0)),"")) -> Due soon | J24: =IF(SMALL(HANDOVER!$O$11:$O$100,7)>=99999,"",IFERROR(INDEX(HANDOVER!$G$11:$G$100,MATCH(SMALL(HANDOVER!$O$11:$O$100,7),HANDOVER!$O$11:$O$100,0)),"")) | K24: =IF(SMALL(HANDOVER!$O$11:$O$100,7)>=99999,"",IFERROR(INDEX(HANDOVER!$C$11:$C$100,MATCH(SMALL(HANDOVER!$O$11:$O$100,7),HANDOVER!$O$11:$O$100,0)),"")) | L24: =IF(SMALL(HANDOVER!$O$11:$O$100,7)>=99999,"",IFERROR(INDEX(HANDOVER!$D$11:$D$100,MATCH(SMALL(HANDOVER!$O$11:$O$100,7),HANDOVER!$O$11:$O$100,0)),"")) | M24: =IF(SMALL(HANDOVER!$O$11:$O$100,7)>=99999,"",IFERROR(INDEX(HANDOVER!$E$11:$E$100,MATCH(SMALL(HANDOVER!$O$11:$O$100,7),HANDOVER!$O$11:$O$100,0)),"")) | N24: =IF(SMALL(HANDOVER!$O$11:$O$100,7)>=99999,"",IFERROR(INDEX(HANDOVER!$J$11:$J$100,MATCH(SMALL(HANDOVER!$O$11:$O$100,7),HANDOVER!$O$11:$O$100,0)),"")) | O24: =IF(SMALL(HANDOVER!$O$11:$O$100,7)>=99999,"",IFERROR(INDEX(HANDOVER!$K$11:$K$100,MATCH(SMALL(HANDOVER!$O$11:$O$100,7),HANDOVER!$O$11:$O$100,0)),"")) | P24: =IF(SMALL(HANDOVER!$O$11:$O$100,7)>=99999,"",IFERROR(INDEX(HANDOVER!$M$11:$M$100,MATCH(SMALL(HANDOVER!$O$11:$O$100,7),HANDOVER!$O$11:$O$100,0)),""))
A25: =IF(SMALL(TASKS!$O$11:$O$110,8)>=99999,"",IFERROR(INDEX(TASKS!$C$11:$C$110,MATCH(SMALL(TASKS!$O$11:$O$110,8),TASKS!$O$11:$O$110,0)),"")) -> Review weekly service backlog | B25: =IF(SMALL(TASKS!$O$11:$O$110,8)>=99999,"",IFERROR(INDEX(TASKS!$B$11:$B$110,MATCH(SMALL(TASKS!$O$11:$O$110,8),TASKS!$O$11:$O$110,0)),"")) -> Customer Service | C25: =IF(SMALL(TASKS!$O$11:$O$110,8)>=99999,"",IFERROR(INDEX(TASKS!$E$11:$E$110,MATCH(SMALL(TASKS!$O$11:$O$110,8),TASKS!$O$11:$O$110,0)),"")) -> Noor Al Mansoori | D25: =IF(SMALL(TASKS!$O$11:$O$110,8)>=99999,"",IFERROR(INDEX(TASKS!$F$11:$F$110,MATCH(SMALL(TASKS!$O$11:$O$110,8),TASKS!$O$11:$O$110,0)),"")) -> Medium | E25: =IF(SMALL(TASKS!$O$11:$O$110,8)>=99999,"",IFERROR(INDEX(TASKS!$H$11:$H$110,MATCH(SMALL(TASKS!$O$11:$O$110,8),TASKS!$O$11:$O$110,0)),"")) -> 46324 | F25: =IF(SMALL(TASKS!$O$11:$O$110,8)>=99999,"",IFERROR(INDEX(TASKS!$K$11:$K$110,MATCH(SMALL(TASKS!$O$11:$O$110,8),TASKS!$O$11:$O$110,0)),"")) -> 0 | G25: =IF(SMALL(TASKS!$O$11:$O$110,8)>=99999,"",IFERROR(INDEX(TASKS!$L$11:$L$110,MATCH(SMALL(TASKS!$O$11:$O$110,8),TASKS!$O$11:$O$110,0)),"")) -> Assign cases older than 48 hours | H25: =IF(SMALL(TASKS!$O$11:$O$110,8)>=99999,"",IFERROR(INDEX(TASKS!$M$11:$M$110,MATCH(SMALL(TASKS!$O$11:$O$110,8),TASKS!$O$11:$O$110,0)),"")) -> Due soon
A26: =IF(SMALL(TASKS!$O$11:$O$110,9)>=99999,"",IFERROR(INDEX(TASKS!$C$11:$C$110,MATCH(SMALL(TASKS!$O$11:$O$110,9),TASKS!$O$11:$O$110,0)),"")) -> Prepare weekly sales commitment review | B26: =IF(SMALL(TASKS!$O$11:$O$110,9)>=99999,"",IFERROR(INDEX(TASKS!$B$11:$B$110,MATCH(SMALL(TASKS!$O$11:$O$110,9),TASKS!$O$11:$O$110,0)),"")) -> Sales | C26: =IF(SMALL(TASKS!$O$11:$O$110,9)>=99999,"",IFERROR(INDEX(TASKS!$E$11:$E$110,MATCH(SMALL(TASKS!$O$11:$O$110,9),TASKS!$O$11:$O$110,0)),"")) -> Daniel Ruiz | D26: =IF(SMALL(TASKS!$O$11:$O$110,9)>=99999,"",IFERROR(INDEX(TASKS!$F$11:$F$110,MATCH(SMALL(TASKS!$O$11:$O$110,9),TASKS!$O$11:$O$110,0)),"")) -> Medium | E26: =IF(SMALL(TASKS!$O$11:$O$110,9)>=99999,"",IFERROR(INDEX(TASKS!$H$11:$H$110,MATCH(SMALL(TASKS!$O$11:$O$110,9),TASKS!$O$11:$O$110,0)),"")) -> 46325 | F26: =IF(SMALL(TASKS!$O$11:$O$110,9)>=99999,"",IFERROR(INDEX(TASKS!$K$11:$K$110,MATCH(SMALL(TASKS!$O$11:$O$110,9),TASKS!$O$11:$O$110,0)),"")) -> 0.25 | G26: =IF(SMALL(TASKS!$O$11:$O$110,9)>=99999,"",IFERROR(INDEX(TASKS!$L$11:$L$110,MATCH(SMALL(TASKS!$O$11:$O$110,9),TASKS!$O$11:$O$110,0)),"")) -> Validate owner updates | H26: =IF(SMALL(TASKS!$O$11:$O$110,9)>=99999,"",IFERROR(INDEX(TASKS!$M$11:$M$110,MATCH(SMALL(TASKS!$O$11:$O$110,9),TASKS!$O$11:$O$110,0)),"")) -> Due soon
A27: =IF(SMALL(TASKS!$O$11:$O$110,10)>=99999,"",IFERROR(INDEX(TASKS!$C$11:$C$110,MATCH(SMALL(TASKS!$O$11:$O$110,10),TASKS!$O$11:$O$110,0)),"")) -> Review monthly supplier invoices | B27: =IF(SMALL(TASKS!$O$11:$O$110,10)>=99999,"",IFERROR(INDEX(TASKS!$B$11:$B$110,MATCH(SMALL(TASKS!$O$11:$O$110,10),TASKS!$O$11:$O$110,0)),"")) -> Finance | C27: =IF(SMALL(TASKS!$O$11:$O$110,10)>=99999,"",IFERROR(INDEX(TASKS!$E$11:$E$110,MATCH(SMALL(TASKS!$O$11:$O$110,10),TASKS!$O$11:$O$110,0)),"")) -> Sofia Kim | D27: =IF(SMALL(TASKS!$O$11:$O$110,10)>=99999,"",IFERROR(INDEX(TASKS!$F$11:$F$110,MATCH(SMALL(TASKS!$O$11:$O$110,10),TASKS!$O$11:$O$110,0)),"")) -> Medium | E27: =IF(SMALL(TASKS!$O$11:$O$110,10)>=99999,"",IFERROR(INDEX(TASKS!$H$11:$H$110,MATCH(SMALL(TASKS!$O$11:$O$110,10),TASKS!$O$11:$O$110,0)),"")) -> 46326 | F27: =IF(SMALL(TASKS!$O$11:$O$110,10)>=99999,"",IFERROR(INDEX(TASKS!$K$11:$K$110,MATCH(SMALL(TASKS!$O$11:$O$110,10),TASKS!$O$11:$O$110,0)),"")) -> 0 | G27: =IF(SMALL(TASKS!$O$11:$O$110,10)>=99999,"",IFERROR(INDEX(TASKS!$L$11:$L$110,MATCH(SMALL(TASKS!$O$11:$O$110,10),TASKS!$O$11:$O$110,0)),"")) -> Resolve unmatched invoice | H27: =IF(SMALL(TASKS!$O$11:$O$110,10)>=99999,"",IFERROR(INDEX(TASKS!$M$11:$M$110,MATCH(SMALL(TASKS!$O$11:$O$110,10),TASKS!$O$11:$O$110,0)),"")) -> Due soon | J27: TODAY'S CHECKLIST STATUS | K27: TODAY'S CHECKLIST STATUS | L27: TODAY'S CHECKLIST STATUS | M27: TODAY'S CHECKLIST STATUS | N27: TODAY'S CHECKLIST STATUS | O27: TODAY'S CHECKLIST STATUS | P27: TODAY'S CHECKLIST STATUS | Q27: TODAY'S CHECKLIST STATUS | R27: TODAY'S CHECKLIST STATUS | S27: TODAY'S CHECKLIST STATUS | T27: TODAY'S CHECKLIST STATUS
J28: Shift | K28: Required | L28: Complete | M28: Exceptions | N28: Remaining
J29: Opening | K29: =COUNTIFS(CHECKLISTS!$B$11:$B$130,SETUP!$D$11,CHECKLISTS!$C$11:$C$130,J29,CHECKLISTS!$G$11:$G$130,"Yes") -> 4 | L29: =COUNTIFS(CHECKLISTS!$B$11:$B$130,SETUP!$D$11,CHECKLISTS!$C$11:$C$130,J29,CHECKLISTS!$H$11:$H$130,"Complete") -> 3 | M29: =COUNTIFS(CHECKLISTS!$B$11:$B$130,SETUP!$D$11,CHECKLISTS!$C$11:$C$130,J29,CHECKLISTS!$H$11:$H$130,"Exception") -> 1 | N29: =MAX(0,K29-L29) -> 1
J30: Midday | K30: =COUNTIFS(CHECKLISTS!$B$11:$B$130,SETUP!$D$11,CHECKLISTS!$C$11:$C$130,J30,CHECKLISTS!$G$11:$G$130,"Yes") -> 2 | L30: =COUNTIFS(CHECKLISTS!$B$11:$B$130,SETUP!$D$11,CHECKLISTS!$C$11:$C$130,J30,CHECKLISTS!$H$11:$H$130,"Complete") -> 2 | M30: =COUNTIFS(CHECKLISTS!$B$11:$B$130,SETUP!$D$11,CHECKLISTS!$C$11:$C$130,J30,CHECKLISTS!$H$11:$H$130,"Exception") -> 0 | N30: =MAX(0,K30-L30) -> 0
J31: Closing | K31: =COUNTIFS(CHECKLISTS!$B$11:$B$130,SETUP!$D$11,CHECKLISTS!$C$11:$C$130,J31,CHECKLISTS!$G$11:$G$130,"Yes") -> 2 | L31: =COUNTIFS(CHECKLISTS!$B$11:$B$130,SETUP!$D$11,CHECKLISTS!$C$11:$C$130,J31,CHECKLISTS!$H$11:$H$130,"Complete") -> 0 | M31: =COUNTIFS(CHECKLISTS!$B$11:$B$130,SETUP!$D$11,CHECKLISTS!$C$11:$C$130,J31,CHECKLISTS!$H$11:$H$130,"Exception") -> 0 | N31: =MAX(0,K31-L31) -> 2

Sheet TASKS
AA1: Operations | AB1: Maya Hassan | AC1: Critical | AD1: Daily | AE1: Not started
A2: Home | B2: Home | C2: Dashboard | D2: Dashboard | E2: Daily plan | F2: Daily plan | G2: Tasks | H2: Tasks | I2: Checklists | J2: Checklists | K2: Handover | L2: Handover | M2: Issues | N2: Issues | O2: KPI log | P2: KPI log | Q2: Setup | R2: Setup | S2: Audit | T2: Audit | AA2: Sales | AB2: Daniel Ruiz | AC2: High | AD2: Weekly | AE2: In progress
AA3: Customer Service | AB3: Sofia Kim | AC3: Medium | AD3: Monthly | AE3: Waiting
A4: WORK CONTROL | B4: WORK CONTROL | C4: WORK CONTROL | D4: WORK CONTROL | E4: WORK CONTROL | F4: WORK CONTROL | G4: WORK CONTROL | H4: WORK CONTROL | I4: WORK CONTROL | J4: WORK CONTROL | K4: WORK CONTROL | L4: WORK CONTROL | M4: WORK CONTROL | N4: WORK CONTROL | O4: WORK CONTROL | P4: WORK CONTROL | Q4: WORK CONTROL | R4: WORK CONTROL | S4: WORK CONTROL | T4: WORK CONTROL | AA4: Finance | AB4: Lucas Martin | AC4: Low | AD4: One-time | AE4: Completed
AA5: Facilities | AB5: Noor Al Mansoori | AE5: Cancelled
A6: Task Register | B6: Task Register | C6: Task Register | D6: Task Register | E6: Task Register | F6: Task Register | G6: Task Register | H6: Task Register | I6: Task Register | J6: Task Register | K6: Task Register | L6: Task Register | M6: Task Register | N6: Task Register | O6: Task Register | P6: Task Register | Q6: Task Register | R6: Task Register | S6: Task Register | T6: Task Register | AB6: Omar Saleh
A7: Control recurring and one-time work with ownership, deadlines, progress, and follow-up. | B7: Control recurring and one-time work with ownership, deadlines, progress, and follow-up. | C7: Control recurring and one-time work with ownership, deadlines, progress, and follow-up. | D7: Control recurring and one-time work with ownership, deadlines, progress, and follow-up. | E7: Control recurring and one-time work with ownership, deadlines, progress, and follow-up. | F7: Control recurring and one-time work with ownership, deadlines, progress, and follow-up. | G7: Control recurring and one-time work with ownership, deadlines, progress, and follow-up. | H7: Control recurring and one-time work with ownership, deadlines, progress, and follow-up. | I7: Control recurring and one-time work with ownership, deadlines, progress, and follow-up. | J7: Control recurring and one-time work with ownership, deadlines, progress, and follow-up. | K7: Control recurring and one-time work with ownership, deadlines, progress, and follow-up. | L7: Control recurring and one-time work with ownership, deadlines, progress, and follow-up. | M7: Control recurring and one-time work with ownership, deadlines, progress, and follow-up. | N7: Control recurring and one-time work with ownership, deadlines, progress, and follow-up. | O7: Control recurring and one-time work with ownership, deadlines, progress, and follow-up. | P7: Control recurring and one-time work with ownership, deadlines, progress, and follow-up. | Q7: Control recurring and one-time work with ownership, deadlines, progress, and follow-up. | R7: Control recurring and one-time work with ownership, deadlines, progress, and follow-up. | S7: Control recurring and one-time work with ownership, deadlines, progress, and follow-up. | T7: Control recurring and one-time work with ownership, deadlines, progress, and follow-up.
A10: Task ID | B10: Department | C10: Task | D10: Frequency | E10: Owner | F10: Priority | G10: Created date | H10: Due date | I10: Status | J10: Completion date | K10: Progress | L10: Next action | M10: Action status | N10: Data check | O10: Queue rank
A11: T-001 | B11: Operations | C11: Complete opening safety walk | D11: Daily | E11: Maya Hassan | F11: High | G11: 46323 | H11: 46323 | I11: Completed | J11: 46323 | K11: 1 | L11: Record any exception in Issues | M11: =IF(A11="","",IF(OR(B11="",C11="",D11="",E11="",F11="",G11="",H11="",I11=""),"Missing",IF(I11="Completed","Complete",IF(I11="Cancelled","Closed",IF(H11<SETUP!$D$11,"Overdue",IF(H11=SETUP!$D$11,"Due today",IF(H11<=SETUP!$D$11+SETUP!$D$12,"Due soon","On track"))))))) -> Complete | N11: =IF(A11="","",IF(OR(COUNTIF($A$11:$A$110,A11)>1,B11="",C11="",D11="",E11="",F11="",G11="",H11="",I11="",K11<0,K11>1,AND(I11="Completed",J11="")),"ERROR","PASS")) -> PASS | O11: =IF(A11="",99999,IF(OR(M11="Complete",M11="Closed"),99999,IF(M11="Overdue",100,IF(M11="Due today",200,IF(M11="Due soon",300,400)))+IF(F11="Critical",0,IF(F11="High",10,IF(F11="Medium",20,30)))+ROW()/10000)) -> 99999
A12: T-002 | B12: Customer Service | C12: Review overnight customer messages | D12: Daily | E12: Noor Al Mansoori | F12: Medium | G12: 46323 | H12: 46323 | I12: Completed | J12: 46323 | K12: 1 | L12: Escalate urgent cases | M12: =IF(A12="","",IF(OR(B12="",C12="",D12="",E12="",F12="",G12="",H12="",I12=""),"Missing",IF(I12="Completed","Complete",IF(I12="Cancelled","Closed",IF(H12<SETUP!$D$11,"Overdue",IF(H12=SETUP!$D$11,"Due today",IF(H12<=SETUP!$D$11+SETUP!$D$12,"Due soon","On track"))))))) -> Complete | N12: =IF(A12="","",IF(OR(COUNTIF($A$11:$A$110,A12)>1,B12="",C12="",D12="",E12="",F12="",G12="",H12="",I12="",K12<0,K12>1,AND(I12="Completed",J12="")),"ERROR","PASS")) -> PASS | O12: =IF(A12="",99999,IF(OR(M12="Complete",M12="Closed"),99999,IF(M12="Overdue",100,IF(M12="Due today",200,IF(M12="Due soon",300,400)))+IF(F12="Critical",0,IF(F12="High",10,IF(F12="Medium",20,30)))+ROW()/10000)) -> 99999
A13: T-003 | B13: Operations | C13: Confirm staff and shift coverage | D13: Daily | E13: Maya Hassan | F13: Critical | G13: 46323 | H13: 46323 | I13: In progress | K13: 0.6 | L13: Confirm closing replacement | M13: =IF(A13="","",IF(OR(B13="",C13="",D13="",E13="",F13="",G13="",H13="",I13=""),"Missing",IF(I13="Completed","Complete",IF(I13="Cancelled","Closed",IF(H13<SETUP!$D$11,"Overdue",IF(H13=SETUP!$D$11,"Due today",IF(H13<=SETUP!$D$11+SETUP!$D$12,"Due soon","On track"))))))) -> Due today | N13: =IF(A13="","",IF(OR(COUNTIF($A$11:$A$110,A13)>1,B13="",C13="",D13="",E13="",F13="",G13="",H13="",I13="",K13<0,K13>1,AND(I13="Completed",J13="")),"ERROR","PASS")) -> PASS | O13: =IF(A13="",99999,IF(OR(M13="Complete",M13="Closed"),99999,IF(M13="Overdue",100,IF(M13="Due today",200,IF(M13="Due soon",300,400)))+IF(F13="Critical",0,IF(F13="High",10,IF(F13="Medium",20,30)))+ROW()/10000)) -> 200.0013
A14: T-004 | B14: Sales | C14: Dispatch priority customer orders | D14: Daily | E14: Daniel Ruiz | F14: High | G14: 46323 | H14: 46323 | I14: In progress | K14: 0.45 | L14: Release remaining two orders | M14: =IF(A14="","",IF(OR(B14="",C14="",D14="",E14="",F14="",G14="",H14="",I14=""),"Missing",IF(I14="Completed","Complete",IF(I14="Cancelled","Closed",IF(H14<SETUP!$D$11,"Overdue",IF(H14=SETUP!$D$11,"Due today",IF(H14<=SETUP!$D$11+SETUP!$D$12,"Due soon","On track"))))))) -> Due today | N14: =IF(A14="","",IF(OR(COUNTIF($A$11:$A$110,A14)>1,B14="",C14="",D14="",E14="",F14="",G14="",H14="",I14="",K14<0,K14>1,AND(I14="Completed",J14="")),"ERROR","PASS")) -> PASS | O14: =IF(A14="",99999,IF(OR(M14="Complete",M14="Closed"),99999,IF(M14="Overdue",100,IF(M14="Due today",200,IF(M14="Due soon",300,400)))+IF(F14="Critical",0,IF(F14="High",10,IF(F14="Medium",20,30)))+ROW()/10000)) -> 210.0014
A15: T-005 | B15: Operations | C15: Resolve late supplier delivery | D15: One-time | E15: Omar Saleh | F15: High | G15: 46320 | H15: 46322 | I15: Waiting | K15: 0.35 | L15: Obtain confirmed arrival time | M15: =IF(A15="","",IF(OR(B15="",C15="",D15="",E15="",F15="",G15="",H15="",I15=""),"Missing",IF(I15="Completed","Complete",IF(I15="Cancelled","Closed",IF(H15<SETUP!$D$11,"Overdue",IF(H15=SETUP!$D$11,"Due today",IF(H15<=SETUP!$D$11+SETUP!$D$12,"Due soon","On track"))))))) -> Overdue | N15: =IF(A15="","",IF(OR(COUNTIF($A$11:$A$110,A15)>1,B15="",C15="",D15="",E15="",F15="",G15="",H15="",I15="",K15<0,K15>1,AND(I15="Completed",J15="")),"ERROR","PASS")) -> PASS | O15: =IF(A15="",99999,IF(OR(M15="Complete",M15="Closed"),99999,IF(M15="Overdue",100,IF(M15="Due today",200,IF(M15="Due soon",300,400)))+IF(F15="Critical",0,IF(F15="High",10,IF(F15="Medium",20,30)))+ROW()/10000)) -> 110.0015
A16: T-006 | B16: Finance | C16: Complete end-of-day cash review | D16: Daily | E16: Sofia Kim | F16: High | G16: 46323 | H16: 46323 | I16: Not started | K16: 0 | L16: Compare receipts with settlement | M16: =IF(A16="","",IF(OR(B16="",C16="",D16="",E16="",F16="",G16="",H16="",I16=""),"Missing",IF(I16="Completed","Complete",IF(I16="Cancelled","Closed",IF(H16<SETUP!$D$11,"Overdue",IF(H16=SETUP!$D$11,"Due today",IF(H16<=SETUP!$D$11+SETUP!$D$12,"Due soon","On track"))))))) -> Due today | N16: =IF(A16="","",IF(OR(COUNTIF($A$11:$A$110,A16)>1,B16="",C16="",D16="",E16="",F16="",G16="",H16="",I16="",K16<0,K16>1,AND(I16="Completed",J16="")),"ERROR","PASS")) -> PASS | O16: =IF(A16="",99999,IF(OR(M16="Complete",M16="Closed"),99999,IF(M16="Overdue",100,IF(M16="Due today",200,IF(M16="Due soon",300,400)))+IF(F16="Critical",0,IF(F16="High",10,IF(F16="Medium",20,30)))+ROW()/10000)) -> 210.0016
A17: T-007 | B17: Customer Service | C17: Review weekly service backlog | D17: Weekly | E17: Noor Al Mansoori | F17: Medium | G17: 46322 | H17: 46324 | I17: Not started | K17: 0 | L17: Assign cases older than 48 hours | M17: =IF(A17="","",IF(OR(B17="",C17="",D17="",E17="",F17="",G17="",H17="",I17=""),"Missing",IF(I17="Completed","Complete",IF(I17="Cancelled","Closed",IF(H17<SETUP!$D$11,"Overdue",IF(H17=SETUP!$D$11,"Due today",IF(H17<=SETUP!$D$11+SETUP!$D$12,"Due soon","On track"))))))) -> Due soon | N17: =IF(A17="","",IF(OR(COUNTIF($A$11:$A$110,A17)>1,B17="",C17="",D17="",E17="",F17="",G17="",H17="",I17="",K17<0,K17>1,AND(I17="Completed",J17="")),"ERROR","PASS")) -> PASS | O17: =IF(A17="",99999,IF(OR(M17="Complete",M17="Closed"),99999,IF(M17="Overdue",100,IF(M17="Due today",200,IF(M17="Due soon",300,400)))+IF(F17="Critical",0,IF(F17="High",10,IF(F17="Medium",20,30)))+ROW()/10000)) -> 320.0017
A18: T-008 | B18: Operations | C18: Update stock exception log | D18: Daily | E18: Lucas Martin | F18: Medium | G18: 46323 | H18: 46323 | I18: Completed | J18: 46323 | K18: 1 | L18: Confirm tomorrow's count list | M18: =IF(A18="","",IF(OR(B18="",C18="",D18="",E18="",F18="",G18="",H18="",I18=""),"Missing",IF(I18="Completed","Complete",IF(I18="Cancelled","Closed",IF(H18<SETUP!$D$11,"Overdue",IF(H18=SETUP!$D$11,"Due today",IF(H18<=SETUP!$D$11+SETUP!$D$12,"Due soon","On track"))))))) -> Complete | N18: =IF(A18="","",IF(OR(COUNTIF($A$11:$A$110,A18)>1,B18="",C18="",D18="",E18="",F18="",G18="",H18="",I18="",K18<0,K18>1,AND(I18="Completed",J18="")),"ERROR","PASS")) -> PASS | O18: =IF(A18="",99999,IF(OR(M18="Complete",M18="Closed"),99999,IF(M18="Overdue",100,IF(M18="Due today",200,IF(M18="Due soon",300,400)))+IF(F18="Critical",0,IF(F18="High",10,IF(F18="Medium",20,30)))+ROW()/10000)) -> 99999
A19: T-009 | B19: Facilities | C19: Test emergency lighting | D19: Weekly | E19: Lucas Martin | F19: High | G19: 46321 | H19: 46325 | I19: Not started | K19: 0 | L19: Complete test by closing | M19: =IF(A19="","",IF(OR(B19="",C19="",D19="",E19="",F19="",G19="",H19="",I19=""),"Missing",IF(I19="Completed","Complete",IF(I19="Cancelled","Closed",IF(H19<SETUP!$D$11,"Overdue",IF(H19=SETUP!$D$11,"Due today",IF(H19<=SETUP!$D$11+SETUP!$D$12,"Due soon","On track"))))))) -> Due soon | N19: =IF(A19="","",IF(OR(COUNTIF($A$11:$A$110,A19)>1,B19="",C19="",D19="",E19="",F19="",G19="",H19="",I19="",K19<0,K19>1,AND(I19="Completed",J19="")),"ERROR","PASS")) -> PASS | O19: =IF(A19="",99999,IF(OR(M19="Complete",M19="Closed"),99999,IF(M19="Overdue",100,IF(M19="Due today",200,IF(M19="Due soon",300,400)))+IF(F19="Critical",0,IF(F19="High",10,IF(F19="Medium",20,30)))+ROW()/10000)) -> 310.0019
A20: T-010 | B20: Sales | C20: Prepare weekly sales commitment review | D20: Weekly | E20: Daniel Ruiz | F20: Medium | G20: 46322 | H20: 46325 | I20: In progress | K20: 0.25 | L20: Validate owner updates | M20: =IF(A20="","",IF(OR(B20="",C20="",D20="",E20="",F20="",G20="",H20="",I20=""),"Missing",IF(I20="Completed","Complete",IF(I20="Cancelled","Closed",IF(H20<SETUP!$D$11,"Overdue",IF(H20=SETUP!$D$11,"Due today",IF(H20<=SETUP!$D$11+SETUP!$D$12,"Due soon","On track"))))))) -> Due soon | N20: =IF(A20="","",IF(OR(COUNTIF($A$11:$A$110,A20)>1,B20="",C20="",D20="",E20="",F20="",G20="",H20="",I20="",K20<0,K20>1,AND(I20="Completed",J20="")),"ERROR","PASS")) -> PASS | O20: =IF(A20="",99999,IF(OR(M20="Complete",M20="Closed"),99999,IF(M20="Overdue",100,IF(M20="Due today",200,IF(M20="Due soon",300,400)))+IF(F20="Critical",0,IF(F20="High",10,IF(F20="Medium",20,30)))+ROW()/10000)) -> 320.002
A21: T-011 | B21: Facilities | C21: Close air-conditioning maintenance action | D21: One-time | E21: Omar Saleh | F21: High | G21: 46315 | H21: 46321 | I21: In progress | K21: 0.8 | L21: Attach service confirmation | M21: =IF(A21="","",IF(OR(B21="",C21="",D21="",E21="",F21="",G21="",H21="",I21=""),"Missing",IF(I21="Completed","Complete",IF(I21="Cancelled","Closed",IF(H21<SETUP!$D$11,"Overdue",IF(H21=SETUP!$D$11,"Due today",IF(H21<=SETUP!$D$11+SETUP!$D$12,"Due soon","On track"))))))) -> Overdue | N21: =IF(A21="","",IF(OR(COUNTIF($A$11:$A$110,A21)>1,B21="",C21="",D21="",E21="",F21="",G21="",H21="",I21="",K21<0,K21>1,AND(I21="Completed",J21="")),"ERROR","PASS")) -> PASS | O21: =IF(A21="",99999,IF(OR(M21="Complete",M21="Closed"),99999,IF(M21="Overdue",100,IF(M21="Due today",200,IF(M21="Due soon",300,400)))+IF(F21="Critical",0,IF(F21="High",10,IF(F21="Medium",20,30)))+ROW()/10000)) -> 110.0021
A22: T-012 | B22: Finance | C22: Review monthly supplier invoices | D22: Monthly | E22: Sofia Kim | F22: Medium | G22: 46320 | H22: 46326 | I22: Not started | K22: 0 | L22: Resolve unmatched invoice | M22: =IF(A22="","",IF(OR(B22="",C22="",D22="",E22="",F22="",G22="",H22="",I22=""),"Missing",IF(I22="Completed","Complete",IF(I22="Cancelled","Closed",IF(H22<SETUP!$D$11,"Overdue",IF(H22=SETUP!$D$11,"Due today",IF(H22<=SETUP!$D$11+SETUP!$D$12,"Due soon","On track"))))))) -> Due soon | N22: =IF(A22="","",IF(OR(COUNTIF($A$11:$A$110,A22)>1,B22="",C22="",D22="",E22="",F22="",G22="",H22="",I22="",K22<0,K22>1,AND(I22="Completed",J22="")),"ERROR","PASS")) -> PASS | O22: =IF(A22="",99999,IF(OR(M22="Complete",M22="Closed"),99999,IF(M22="Overdue",100,IF(M22="Due today",200,IF(M22="Due soon",300,400)))+IF(F22="Critical",0,IF(F22="High",10,IF(F22="Medium",20,30)))+ROW()/10000)) -> 320.0022
A23: T-013 | B23: Customer Service | C23: Publish revised escalation rota | D23: One-time | E23: Noor Al Mansoori | F23: High | G23: 46319 | H23: 46323 | I23: Waiting | K23: 0.5 | L23: Obtain manager approval | M23: =IF(A23="","",IF(OR(B23="",C23="",D23="",E23="",F23="",G23="",H23="",I23=""),"Missing",IF(I23="Completed","Complete",IF(I23="Cancelled","Closed",IF(H23<SETUP!$D$11,"Overdue",IF(H23=SETUP!$D$11,"Due today",IF(H23<=SETUP!$D$11+SETUP!$D$12,"Due soon","On track"))))))) -> Due today | N23: =IF(A23="","",IF(OR(COUNTIF($A$11:$A$110,A23)>1,B23="",C23="",D23="",E23="",F23="",G23="",H23="",I23="",K23<0,K23>1,AND(I23="Completed",J23="")),"ERROR","PASS")) -> PASS | O23: =IF(A23="",99999,IF(OR(M23="Complete",M23="Closed"),99999,IF(M23="Overdue",100,IF(M23="Due today",200,IF(M23="Due soon",300,400)))+IF(F23="Critical",0,IF(F23="High",10,IF(F23="Medium",20,30)))+ROW()/10000)) -> 210.0023
A24: T-014 | B24: Operations | C24: Archive completed daily packs | D24: Weekly | E24: Lucas Martin | F24: Low | G24: 46322 | H24: 46328 | I24: Not started | K24: 0 | L24: Confirm retention folder | M24: =IF(A24="","",IF(OR(B24="",C24="",D24="",E24="",F24="",G24="",H24="",I24=""),"Missing",IF(I24="Completed","Complete",IF(I24="Cancelled","Closed",IF(H24<SETUP!$D$11,"Overdue",IF(H24=SETUP!$D$11,"Due today",IF(H24<=SETUP!$D$11+SETUP!$D$12,"Due soon","On track"))))))) -> On track | N24: =IF(A24="","",IF(OR(COUNTIF($A$11:$A$110,A24)>1,B24="",C24="",D24="",E24="",F24="",G24="",H24="",I24="",K24<0,K24>1,AND(I24="Completed",J24="")),"ERROR","PASS")) -> PASS | O24: =IF(A24="",99999,IF(OR(M24="Complete",M24="Closed"),99999,IF(M24="Overdue",100,IF(M24="Due today",200,IF(M24="Due soon",300,400)))+IF(F24="Critical",0,IF(F24="High",10,IF(F24="Medium",20,30)))+ROW()/10000)) -> 430.0024
M25: =IF(A25="","",IF(OR(B25="",C25="",D25="",E25="",F25="",G25="",H25="",I25=""),"Missing",IF(I25="Completed","Complete",IF(I25="Cancelled","Closed",IF(H25<SETUP!$D$11,"Overdue",IF(H25=SETUP!$D$11,"Due today",IF(H25<=SETUP!$D$11+SETUP!$D$12,"Due soon","On track"))))))) | N25: =IF(A25="","",IF(OR(COUNTIF($A$11:$A$110,A25)>1,B25="",C25="",D25="",E25="",F25="",G25="",H25="",I25="",K25<0,K25>1,AND(I25="Completed",J25="")),"ERROR","PASS")) | O25: =IF(A25="",99999,IF(OR(M25="Complete",M25="Closed"),99999,IF(M25="Overdue",100,IF(M25="Due today",200,IF(M25="Due soon",300,400)))+IF(F25="Critical",0,IF(F25="High",10,IF(F25="Medium",20,30)))+ROW()/10000)) -> 99999
M26: =IF(A26="","",IF(OR(B26="",C26="",D26="",E26="",F26="",G26="",H26="",I26=""),"Missing",IF(I26="Completed","Complete",IF(I26="Cancelled","Closed",IF(H26<SETUP!$D$11,"Overdue",IF(H26=SETUP!$D$11,"Due today",IF(H26<=SETUP!$D$11+SETUP!$D$12,"Due soon","On track"))))))) | N26: =IF(A26="","",IF(OR(COUNTIF($A$11:$A$110,A26)>1,B26="",C26="",D26="",E26="",F26="",G26="",H26="",I26="",K26<0,K26>1,AND(I26="Completed",J26="")),"ERROR","PASS")) | O26: =IF(A26="",99999,IF(OR(M26="Complete",M26="Closed"),99999,IF(M26="Overdue",100,IF(M26="Due today",200,IF(M26="Due soon",300,400)))+IF(F26="Critical",0,IF(F26="High",10,IF(F26="Medium",20,30)))+ROW()/10000)) -> 99999
M27: =IF(A27="","",IF(OR(B27="",C27="",D27="",E27="",F27="",G27="",H27="",I27=""),"Missing",IF(I27="Completed","Complete",IF(I27="Cancelled","Closed",IF(H27<SETUP!$D$11,"Overdue",IF(H27=SETUP!$D$11,"Due today",IF(H27<=SETUP!$D$11+SETUP!$D$12,"Due soon","On track"))))))) | N27: =IF(A27="","",IF(OR(COUNTIF($A$11:$A$110,A27)>1,B27="",C27="",D27="",E27="",F27="",G27="",H27="",I27="",K27<0,K27>1,AND(I27="Completed",J27="")),"ERROR","PASS")) | O27: =IF(A27="",99999,IF(OR(M27="Complete",M27="Closed"),99999,IF(M27="Overdue",100,IF(M27="Due today",200,IF(M27="Due soon",300,400)))+IF(F27="Critical",0,IF(F27="High",10,IF(F27="Medium",20,30)))+ROW()/10000)) -> 99999
M28: =IF(A28="","",IF(OR(B28="",C28="",D28="",E28="",F28="",G28="",H28="",I28=""),"Missing",IF(I28="Completed","Complete",IF(I28="Cancelled","Closed",IF(H28<SETUP!$D$11,"Overdue",IF(H28=SETUP!$D$11,"Due today",IF(H28<=SETUP!$D$11+SETUP!$D$12,"Due soon","On track"))))))) | N28: =IF(A28="","",IF(OR(COUNTIF($A$11:$A$110,A28)>1,B28="",C28="",D28="",E28="",F28="",G28="",H28="",I28="",K28<0,K28>1,AND(I28="Completed",J28="")),"ERROR","PASS")) | O28: =IF(A28="",99999,IF(OR(M28="Complete",M28="Closed"),99999,IF(M28="Overdue",100,IF(M28="Due today",200,IF(M28="Due soon",300,400)))+IF(F28="Critical",0,IF(F28="High",10,IF(F28="Medium",20,30)))+ROW()/10000)) -> 99999
M29: =IF(A29="","",IF(OR(B29="",C29="",D29="",E29="",F29="",G29="",H29="",I29=""),"Missing",IF(I29="Completed","Complete",IF(I29="Cancelled","Closed",IF(H29<SETUP!$D$11,"Overdue",IF(H29=SETUP!$D$11,"Due today",IF(H29<=SETUP!$D$11+SETUP!$D$12,"Due soon","On track"))))))) | N29: =IF(A29="","",IF(OR(COUNTIF($A$11:$A$110,A29)>1,B29="",C29="",D29="",E29="",F29="",G29="",H29="",I29="",K29<0,K29>1,AND(I29="Completed",J29="")),"ERROR","PASS")) | O29: =IF(A29="",99999,IF(OR(M29="Complete",M29="Closed"),99999,IF(M29="Overdue",100,IF(M29="Due today",200,IF(M29="Due soon",300,400)))+IF(F29="Critical",0,IF(F29="High",10,IF(F29="Medium",20,30)))+ROW()/10000)) -> 99999
M30: =IF(A30="","",IF(OR(B30="",C30="",D30="",E30="",F30="",G30="",H30="",I30=""),"Missing",IF(I30="Completed","Complete",IF(I30="Cancelled","Closed",IF(H30<SETUP!$D$11,"Overdue",IF(H30=SETUP!$D$11,"Due today",IF(H30<=SETUP!$D$11+SETUP!$D$12,"Due soon","On track"))))))) | N30: =IF(A30="","",IF(OR(COUNTIF($A$11:$A$110,A30)>1,B30="",C30="",D30="",E30="",F30="",G30="",H30="",I30="",K30<0,K30>1,AND(I30="Completed",J30="")),"ERROR","PASS")) | O30: =IF(A30="",99999,IF(OR(M30="Complete",M30="Closed"),99999,IF(M30="Overdue",100,IF(M30="Due today",200,IF(M30="Due soon",300,400)))+IF(F30="Critical",0,IF(F30="High",10,IF(F30="Medium",20,30)))+ROW()/10000)) -> 99999
M31: =IF(A31="","",IF(OR(B31="",C31="",D31="",E31="",F31="",G31="",H31="",I31=""),"Missing",IF(I31="Completed","Complete",IF(I31="Cancelled","Closed",IF(H31<SETUP!$D$11,"Overdue",IF(H31=SETUP!$D$11,"Due today",IF(H31<=SETUP!$D$11+SETUP!$D$12,"Due soon","On track"))))))) | N31: =IF(A31="","",IF(OR(COUNTIF($A$11:$A$110,A31)>1,B31="",C31="",D31="",E31="",F31="",G31="",H31="",I31="",K31<0,K31>1,AND(I31="Completed",J31="")),"ERROR","PASS")) | O31: =IF(A31="",99999,IF(OR(M31="Complete",M31="Closed"),99999,IF(M31="Overdue",100,IF(M31="Due today",200,IF(M31="Due soon",300,400)))+IF(F31="Critical",0,IF(F31="High",10,IF(F31="Medium",20,30)))+ROW()/10000)) -> 99999
M32: =IF(A32="","",IF(OR(B32="",C32="",D32="",E32="",F32="",G32="",H32="",I32=""),"Missing",IF(I32="Completed","Complete",IF(I32="Cancelled","Closed",IF(H32<SETUP!$D$11,"Overdue",IF(H32=SETUP!$D$11,"Due today",IF(H32<=SETUP!$D$11+SETUP!$D$12,"Due soon","On track"))))))) | N32: =IF(A32="","",IF(OR(COUNTIF($A$11:$A$110,A32)>1,B32="",C32="",D32="",E32="",F32="",G32="",H32="",I32="",K32<0,K32>1,AND(I32="Completed",J32="")),"ERROR","PASS")) | O32: =IF(A32="",99999,IF(OR(M32="Complete",M32="Closed"),99999,IF(M32="Overdue",100,IF(M32="Due today",200,IF(M32="Due soon",300,400)))+IF(F32="Critical",0,IF(F32="High",10,IF(F32="Medium",20,30)))+ROW()/10000)) -> 99999
M33: =IF(A33="","",IF(OR(B33="",C33="",D33="",E33="",F33="",G33="",H33="",I33=""),"Missing",IF(I33="Completed","Complete",IF(I33="Cancelled","Closed",IF(H33<SETUP!$D$11,"Overdue",IF(H33=SETUP!$D$11,"Due today",IF(H33<=SETUP!$D$11+SETUP!$D$12,"Due soon","On track"))))))) | N33: =IF(A33="","",IF(OR(COUNTIF($A$11:$A$110,A33)>1,B33="",C33="",D33="",E33="",F33="",G33="",H33="",I33="",K33<0,K33>1,AND(I33="Completed",J33="")),"ERROR","PASS")) | O33: =IF(A33="",99999,IF(OR(M33="Complete",M33="Closed"),99999,IF(M33="Overdue",100,IF(M33="Due today",200,IF(M33="Due soon",300,400)))+IF(F33="Critical",0,IF(F33="High",10,IF(F33="Medium",20,30)))+ROW()/10000)) -> 99999
M34: =IF(A34="","",IF(OR(B34="",C34="",D34="",E34="",F34="",G34="",H34="",I34=""),"Missing",IF(I34="Completed","Complete",IF(I34="Cancelled","Closed",IF(H34<SETUP!$D$11,"Overdue",IF(H34=SETUP!$D$11,"Due today",IF(H34<=SETUP!$D$11+SETUP!$D$12,"Due soon","On track"))))))) | N34: =IF(A34="","",IF(OR(COUNTIF($A$11:$A$110,A34)>1,B34="",C34="",D34="",E34="",F34="",G34="",H34="",I34="",K34<0,K34>1,AND(I34="Completed",J34="")),"ERROR","PASS")) | O34: =IF(A34="",99999,IF(OR(M34="Complete",M34="Closed"),99999,IF(M34="Overdue",100,IF(M34="Due today",200,IF(M34="Due soon",300,400)))+IF(F34="Critical",0,IF(F34="High",10,IF(F34="Medium",20,30)))+ROW()/10000)) -> 99999
M35: =IF(A35="","",IF(OR(B35="",C35="",D35="",E35="",F35="",G35="",H35="",I35=""),"Missing",IF(I35="Completed","Complete",IF(I35="Cancelled","Closed",IF(H35<SETUP!$D$11,"Overdue",IF(H35=SETUP!$D$11,"Due today",IF(H35<=SETUP!$D$11+SETUP!$D$12,"Due soon","On track"))))))) | N35: =IF(A35="","",IF(OR(COUNTIF($A$11:$A$110,A35)>1,B35="",C35="",D35="",E35="",F35="",G35="",H35="",I35="",K35<0,K35>1,AND(I35="Completed",J35="")),"ERROR","PASS")) | O35: =IF(A35="",99999,IF(OR(M35="Complete",M35="Closed"),99999,IF(M35="Overdue",100,IF(M35="Due today",200,IF(M35="Due soon",300,400)))+IF(F35="Critical",0,IF(F35="High",10,IF(F35="Medium",20,30)))+ROW()/10000)) -> 99999
M36: =IF(A36="","",IF(OR(B36="",C36="",D36="",E36="",F36="",G36="",H36="",I36=""),"Missing",IF(I36="Completed","Complete",IF(I36="Cancelled","Closed",IF(H36<SETUP!$D$11,"Overdue",IF(H36=SETUP!$D$11,"Due today",IF(H36<=SETUP!$D$11+SETUP!$D$12,"Due soon","On track"))))))) | N36: =IF(A36="","",IF(OR(COUNTIF($A$11:$A$110,A36)>1,B36="",C36="",D36="",E36="",F36="",G36="",H36="",I36="",K36<0,K36>1,AND(I36="Completed",J36="")),"ERROR","PASS")) | O36: =IF(A36="",99999,IF(OR(M36="Complete",M36="Closed"),99999,IF(M36="Overdue",100,IF(M36="Due today",200,IF(M36="Due soon",300,400)))+IF(F36="Critical",0,IF(F36="High",10,IF(F36="Medium",20,30)))+ROW()/10000)) -> 99999
... M110: =IF(A110="","",IF(OR(B110="",C110="",D110="",E110="",F110="",G110="",H110="",I110=""),"Missing",IF(I110="Completed","Complete",IF(I110="Cancelled","Closed",IF(H110<SETUP!$D$11,"Overdue",IF(H110=SETUP!$D$11,"Due today",IF(H110<=SETUP!$D$11+SETUP!$D$12,"Due soon","On track"))))))) | N110: =IF(A110="","",IF(OR(COUNTIF($A$11:$A$110,A110)>1,B110="",C110="",D110="",E110="",F110="",G110="",H110="",I110="",K110<0,K110>1,AND(I110="Completed",J110="")),"ERROR","PASS")) | O110: =IF(A110="",99999,IF(OR(M110="Complete",M110="Closed"),99999,IF(M110="Overdue",100,IF(M110="Due today",200,IF(M110="Due soon",300,400)))+IF(F110="Critical",0,IF(F110="High",10,IF(F110="Medium",20,30)))+ROW()/10000)) -> 99999

Sheet CHECKLISTS
AA1: Opening | AB1: Maya Hassan | AC1: Yes | AD1: Not started
A2: Home | B2: Home | C2: Dashboard | D2: Dashboard | E2: Daily plan | F2: Daily plan | G2: Tasks | H2: Tasks | I2: Checklists | J2: Checklists | K2: Handover | L2: Handover | M2: Issues | N2: Issues | O2: KPI log | P2: KPI log | Q2: Setup | R2: Setup | S2: Audit | T2: Audit | AA2: Midday | AB2: Daniel Ruiz | AC2: No | AD2: Complete
AA3: Closing | AB3: Sofia Kim | AD3: Not applicable
A4: PROCESS CONTROL | B4: PROCESS CONTROL | C4: PROCESS CONTROL | D4: PROCESS CONTROL | E4: PROCESS CONTROL | F4: PROCESS CONTROL | G4: PROCESS CONTROL | H4: PROCESS CONTROL | I4: PROCESS CONTROL | J4: PROCESS CONTROL | K4: PROCESS CONTROL | L4: PROCESS CONTROL | M4: PROCESS CONTROL | N4: PROCESS CONTROL | O4: PROCESS CONTROL | P4: PROCESS CONTROL | Q4: PROCESS CONTROL | R4: PROCESS CONTROL | S4: PROCESS CONTROL | T4: PROCESS CONTROL | AB4: Lucas Martin | AD4: Exception
AB5: Noor Al Mansoori
A6: Operational Checklists | B6: Operational Checklists | C6: Operational Checklists | D6: Operational Checklists | E6: Operational Checklists | F6: Operational Checklists | G6: Operational Checklists | H6: Operational Checklists | I6: Operational Checklists | J6: Operational Checklists | K6: Operational Checklists | L6: Operational Checklists | M6: Operational Checklists | N6: Operational Checklists | O6: Operational Checklists | P6: Operational Checklists | Q6: Operational Checklists | R6: Operational Checklists | S6: Operational Checklists | T6: Operational Checklists | AB6: Omar Saleh
A7: Record opening, closing, safety, service, and process checks with visible exceptions. | B7: Record opening, closing, safety, service, and process checks with visible exceptions. | C7: Record opening, closing, safety, service, and process checks with visible exceptions. | D7: Record opening, closing, safety, service, and process checks with visible exceptions. | E7: Record opening, closing, safety, service, and process checks with visible exceptions. | F7: Record opening, closing, safety, service, and process checks with visible exceptions. | G7: Record opening, closing, safety, service, and process checks with visible exceptions. | H7: Record opening, closing, safety, service, and process checks with visible exceptions. | I7: Record opening, closing, safety, service, and process checks with visible exceptions. | J7: Record opening, closing, safety, service, and process checks with visible exceptions. | K7: Record opening, closing, safety, service, and process checks with visible exceptions. | L7: Record opening, closing, safety, service, and process checks with visible exceptions. | M7: Record opening, closing, safety, service, and process checks with visible exceptions. | N7: Record opening, closing, safety, service, and process checks with visible exceptions. | O7: Record opening, closing, safety, service, and process checks with visible exceptions. | P7: Record opening, closing, safety, service, and process checks with visible exceptions. | Q7: Record opening, closing, safety, service, and process checks with visible exceptions. | R7: Record opening, closing, safety, service, and process checks with visible exceptions. | S7: Record opening, closing, safety, service, and process checks with visible exceptions. | T7: Record opening, closing, safety, service, and process checks with visible exceptions.
A10: Check ID | B10: Date | C10: Shift | D10: Area | E10: Checklist item | F10: Owner | G10: Required? | H10: Status | I10: Completed time | J10: Evidence / notes | K10: Exception owner | L10: Exception due | M10: Control status | N10: Data check | O10: Queue rank
A11: C-001 | B11: 46323 | C11: Opening | D11: Premises | E11: Entrances clear and secure | F11: Maya Hassan | G11: Yes | H11: Complete | I11: 46323.249 | J11: No exceptions | M11: =IF(A11="","",IF(OR(B11="",C11="",D11="",E11="",F11="",G11="",H11=""),"Missing",IF(H11="Complete","Complete",IF(H11="Not applicable","Closed",IF(H11="Exception",IF(OR(K11="",L11=""),"Missing",IF(L11<SETUP!$D$11,"Overdue","Exception")),IF(B11=SETUP!$D$11,"Due today","On track")))))) -> Complete | N11: =IF(A11="","",IF(OR(COUNTIF($A$11:$A$130,A11)>1,B11="",C11="",D11="",E11="",F11="",G11="",H11="",AND(H11="Complete",I11=""),AND(H11="Exception",OR(K11="",L11=""))),"ERROR","PASS")) -> PASS | O11: =IF(A11="",99999,IF(B11<>SETUP!$D$11,99999,IF(M11="Overdue",100,IF(M11="Exception",200,IF(M11="Due today",300,99999)))+ROW()/10000)) -> 99999.001
A12: C-002 | B12: 46323 | C12: Opening | D12: Safety | E12: Emergency exits accessible | F12: Maya Hassan | G12: Yes | H12: Complete | I12: 46323.251 | J12: Checked all exits | M12: =IF(A12="","",IF(OR(B12="",C12="",D12="",E12="",F12="",G12="",H12=""),"Missing",IF(H12="Complete","Complete",IF(H12="Not applicable","Closed",IF(H12="Exception",IF(OR(K12="",L12=""),"Missing",IF(L12<SETUP!$D$11,"Overdue","Exception")),IF(B12=SETUP!$D$11,"Due today","On track")))))) -> Complete | N12: =IF(A12="","",IF(OR(COUNTIF($A$11:$A$130,A12)>1,B12="",C12="",D12="",E12="",F12="",G12="",H12="",AND(H12="Complete",I12=""),AND(H12="Exception",OR(K12="",L12=""))),"ERROR","PASS")) -> PASS | O12: =IF(A12="",99999,IF(B12<>SETUP!$D$11,99999,IF(M12="Overdue",100,IF(M12="Exception",200,IF(M12="Due today",300,99999)))+ROW()/10000)) -> 99999.001
A13: C-003 | B13: 46323 | C13: Opening | D13: Systems | E13: Core systems available | F13: Lucas Martin | G13: Yes | H13: Complete | I13: 46323.253 | J13: All services online | M13: =IF(A13="","",IF(OR(B13="",C13="",D13="",E13="",F13="",G13="",H13=""),"Missing",IF(H13="Complete","Complete",IF(H13="Not applicable","Closed",IF(H13="Exception",IF(OR(K13="",L13=""),"Missing",IF(L13<SETUP!$D$11,"Overdue","Exception")),IF(B13=SETUP!$D$11,"Due today","On track")))))) -> Complete | N13: =IF(A13="","",IF(OR(COUNTIF($A$11:$A$130,A13)>1,B13="",C13="",D13="",E13="",F13="",G13="",H13="",AND(H13="Complete",I13=""),AND(H13="Exception",OR(K13="",L13=""))),"ERROR","PASS")) -> PASS | O13: =IF(A13="",99999,IF(B13<>SETUP!$D$11,99999,IF(M13="Overdue",100,IF(M13="Exception",200,IF(M13="Due today",300,99999)))+ROW()/10000)) -> 99999.001
A14: C-004 | B14: 46323 | C14: Opening | D14: Inventory | E14: Priority orders ready | F14: Lucas Martin | G14: Yes | H14: Exception | J14: Two orders waiting for replacement stock | K14: Omar Saleh | L14: 46323 | M14: =IF(A14="","",IF(OR(B14="",C14="",D14="",E14="",F14="",G14="",H14=""),"Missing",IF(H14="Complete","Complete",IF(H14="Not applicable","Closed",IF(H14="Exception",IF(OR(K14="",L14=""),"Missing",IF(L14<SETUP!$D$11,"Overdue","Exception")),IF(B14=SETUP!$D$11,"Due today","On track")))))) -> Exception | N14: =IF(A14="","",IF(OR(COUNTIF($A$11:$A$130,A14)>1,B14="",C14="",D14="",E14="",F14="",G14="",H14="",AND(H14="Complete",I14=""),AND(H14="Exception",OR(K14="",L14=""))),"ERROR","PASS")) -> PASS | O14: =IF(A14="",99999,IF(B14<>SETUP!$D$11,99999,IF(M14="Overdue",100,IF(M14="Exception",200,IF(M14="Due today",300,99999)))+ROW()/10000)) -> 200.0014
A15: C-005 | B15: 46323 | C15: Midday | D15: Service | E15: Customer queue within threshold | F15: Noor Al Mansoori | G15: Yes | H15: Complete | I15: 46323.503 | J15: Oldest case 3.5 hours | M15: =IF(A15="","",IF(OR(B15="",C15="",D15="",E15="",F15="",G15="",H15=""),"Missing",IF(H15="Complete","Complete",IF(H15="Not applicable","Closed",IF(H15="Exception",IF(OR(K15="",L15=""),"Missing",IF(L15<SETUP!$D$11,"Overdue","Exception")),IF(B15=SETUP!$D$11,"Due today","On track")))))) -> Complete | N15: =IF(A15="","",IF(OR(COUNTIF($A$11:$A$130,A15)>1,B15="",C15="",D15="",E15="",F15="",G15="",H15="",AND(H15="Complete",I15=""),AND(H15="Exception",OR(K15="",L15=""))),"ERROR","PASS")) -> PASS | O15: =IF(A15="",99999,IF(B15<>SETUP!$D$11,99999,IF(M15="Overdue",100,IF(M15="Exception",200,IF(M15="Due today",300,99999)))+ROW()/10000)) -> 99999.001
A16: C-006 | B16: 46323 | C16: Midday | D16: Facilities | E16: Temperature and utilities normal | F16: Lucas Martin | G16: Yes | H16: Complete | I16: 46323.506 | J16: Normal | M16: =IF(A16="","",IF(OR(B16="",C16="",D16="",E16="",F16="",G16="",H16=""),"Missing",IF(H16="Complete","Complete",IF(H16="Not applicable","Closed",IF(H16="Exception",IF(OR(K16="",L16=""),"Missing",IF(L16<SETUP!$D$11,"Overdue","Exception")),IF(B16=SETUP!$D$11,"Due today","On track")))))) -> Complete | N16: =IF(A16="","",IF(OR(COUNTIF($A$11:$A$130,A16)>1,B16="",C16="",D16="",E16="",F16="",G16="",H16="",AND(H16="Complete",I16=""),AND(H16="Exception",OR(K16="",L16=""))),"ERROR","PASS")) -> PASS | O16: =IF(A16="",99999,IF(B16<>SETUP!$D$11,99999,IF(M16="Overdue",100,IF(M16="Exception",200,IF(M16="Due today",300,99999)))+ROW()/10000)) -> 99999.002
A17: C-007 | B17: 46323 | C17: Closing | D17: Finance | E17: Cash and settlement reconciled | F17: Sofia Kim | G17: Yes | H17: Not started | M17: =IF(A17="","",IF(OR(B17="",C17="",D17="",E17="",F17="",G17="",H17=""),"Missing",IF(H17="Complete","Complete",IF(H17="Not applicable","Closed",IF(H17="Exception",IF(OR(K17="",L17=""),"Missing",IF(L17<SETUP!$D$11,"Overdue","Exception")),IF(B17=SETUP!$D$11,"Due today","On track")))))) -> Due today | N17: =IF(A17="","",IF(OR(COUNTIF($A$11:$A$130,A17)>1,B17="",C17="",D17="",E17="",F17="",G17="",H17="",AND(H17="Complete",I17=""),AND(H17="Exception",OR(K17="",L17=""))),"ERROR","PASS")) -> PASS | O17: =IF(A17="",99999,IF(B17<>SETUP!$D$11,99999,IF(M17="Overdue",100,IF(M17="Exception",200,IF(M17="Due today",300,99999)))+ROW()/10000)) -> 300.0017
A18: C-008 | B18: 46323 | C18: Closing | D18: Premises | E18: Closing security sweep complete | F18: Maya Hassan | G18: Yes | H18: Not started | M18: =IF(A18="","",IF(OR(B18="",C18="",D18="",E18="",F18="",G18="",H18=""),"Missing",IF(H18="Complete","Complete",IF(H18="Not applicable","Closed",IF(H18="Exception",IF(OR(K18="",L18=""),"Missing",IF(L18<SETUP!$D$11,"Overdue","Exception")),IF(B18=SETUP!$D$11,"Due today","On track")))))) -> Due today | N18: =IF(A18="","",IF(OR(COUNTIF($A$11:$A$130,A18)>1,B18="",C18="",D18="",E18="",F18="",G18="",H18="",AND(H18="Complete",I18=""),AND(H18="Exception",OR(K18="",L18=""))),"ERROR","PASS")) -> PASS | O18: =IF(A18="",99999,IF(B18<>SETUP!$D$11,99999,IF(M18="Overdue",100,IF(M18="Exception",200,IF(M18="Due today",300,99999)))+ROW()/10000)) -> 300.0018
A19: C-009 | B19: 46322 | C19: Closing | D19: Finance | E19: Cash and settlement reconciled | F19: Sofia Kim | G19: Yes | H19: Complete | I19: 46322.816 | J19: Matched | M19: =IF(A19="","",IF(OR(B19="",C19="",D19="",E19="",F19="",G19="",H19=""),"Missing",IF(H19="Complete","Complete",IF(H19="Not applicable","Closed",IF(H19="Exception",IF(OR(K19="",L19=""),"Missing",IF(L19<SETUP!$D$11,"Overdue","Exception")),IF(B19=SETUP!$D$11,"Due today","On track")))))) -> Complete | N19: =IF(A19="","",IF(OR(COUNTIF($A$11:$A$130,A19)>1,B19="",C19="",D19="",E19="",F19="",G19="",H19="",AND(H19="Complete",I19=""),AND(H19="Exception",OR(K19="",L19=""))),"ERROR","PASS")) -> PASS | O19: =IF(A19="",99999,IF(B19<>SETUP!$D$11,99999,IF(M19="Overdue",100,IF(M19="Exception",200,IF(M19="Due today",300,99999)))+ROW()/10000)) -> 99999
A20: C-010 | B20: 46322 | C20: Closing | D20: Premises | E20: Closing security sweep complete | F20: Maya Hassan | G20: Yes | H20: Complete | I20: 46322.821 | J20: Complete | M20: =IF(A20="","",IF(OR(B20="",C20="",D20="",E20="",F20="",G20="",H20=""),"Missing",IF(H20="Complete","Complete",IF(H20="Not applicable","Closed",IF(H20="Exception",IF(OR(K20="",L20=""),"Missing",IF(L20<SETUP!$D$11,"Overdue","Exception")),IF(B20=SETUP!$D$11,"Due today","On track")))))) -> Complete | N20: =IF(A20="","",IF(OR(COUNTIF($A$11:$A$130,A20)>1,B20="",C20="",D20="",E20="",F20="",G20="",H20="",AND(H20="Complete",I20=""),AND(H20="Exception",OR(K20="",L20=""))),"ERROR","PASS")) -> PASS | O20: =IF(A20="",99999,IF(B20<>SETUP!$D$11,99999,IF(M20="Overdue",100,IF(M20="Exception",200,IF(M20="Due today",300,99999)))+ROW()/10000)) -> 99999
M21: =IF(A21="","",IF(OR(B21="",C21="",D21="",E21="",F21="",G21="",H21=""),"Missing",IF(H21="Complete","Complete",IF(H21="Not applicable","Closed",IF(H21="Exception",IF(OR(K21="",L21=""),"Missing",IF(L21<SETUP!$D$11,"Overdue","Exception")),IF(B21=SETUP!$D$11,"Due today","On track")))))) | N21: =IF(A21="","",IF(OR(COUNTIF($A$11:$A$130,A21)>1,B21="",C21="",D21="",E21="",F21="",G21="",H21="",AND(H21="Complete",I21=""),AND(H21="Exception",OR(K21="",L21=""))),"ERROR","PASS")) | O21: =IF(A21="",99999,IF(B21<>SETUP!$D$11,99999,IF(M21="Overdue",100,IF(M21="Exception",200,IF(M21="Due today",300,99999)))+ROW()/10000)) -> 99999
M22: =IF(A22="","",IF(OR(B22="",C22="",D22="",E22="",F22="",G22="",H22=""),"Missing",IF(H22="Complete","Complete",IF(H22="Not applicable","Closed",IF(H22="Exception",IF(OR(K22="",L22=""),"Missing",IF(L22<SETUP!$D$11,"Overdue","Exception")),IF(B22=SETUP!$D$11,"Due today","On track")))))) | N22: =IF(A22="","",IF(OR(COUNTIF($A$11:$A$130,A22)>1,B22="",C22="",D22="",E22="",F22="",G22="",H22="",AND(H22="Complete",I22=""),AND(H22="Exception",OR(K22="",L22=""))),"ERROR","PASS")) | O22: =IF(A22="",99999,IF(B22<>SETUP!$D$11,99999,IF(M22="Overdue",100,IF(M22="Exception",200,IF(M22="Due today",300,99999)))+ROW()/10000)) -> 99999
M23: =IF(A23="","",IF(OR(B23="",C23="",D23="",E23="",F23="",G23="",H23=""),"Missing",IF(H23="Complete","Complete",IF(H23="Not applicable","Closed",IF(H23="Exception",IF(OR(K23="",L23=""),"Missing",IF(L23<SETUP!$D$11,"Overdue","Exception")),IF(B23=SETUP!$D$11,"Due today","On track")))))) | N23: =IF(A23="","",IF(OR(COUNTIF($A$11:$A$130,A23)>1,B23="",C23="",D23="",E23="",F23="",G23="",H23="",AND(H23="Complete",I23=""),AND(H23="Exception",OR(K23="",L23=""))),"ERROR","PASS")) | O23: =IF(A23="",99999,IF(B23<>SETUP!$D$11,99999,IF(M23="Overdue",100,IF(M23="Exception",200,IF(M23="Due today",300,99999)))+ROW()/10000)) -> 99999
M24: =IF(A24="","",IF(OR(B24="",C24="",D24="",E24="",F24="",G24="",H24=""),"Missing",IF(H24="Complete","Complete",IF(H24="Not applicable","Closed",IF(H24="Exception",IF(OR(K24="",L24=""),"Missing",IF(L24<SETUP!$D$11,"Overdue","Exception")),IF(B24=SETUP!$D$11,"Due today","On track")))))) | N24: =IF(A24="","",IF(OR(COUNTIF($A$11:$A$130,A24)>1,B24="",C24="",D24="",E24="",F24="",G24="",H24="",AND(H24="Complete",I24=""),AND(H24="Exception",OR(K24="",L24=""))),"ERROR","PASS")) | O24: =IF(A24="",99999,IF(B24<>SETUP!$D$11,99999,IF(M24="Overdue",100,IF(M24="Exception",200,IF(M24="Due today",300,99999)))+ROW()/10000)) -> 99999
M25: =IF(A25="","",IF(OR(B25="",C25="",D25="",E25="",F25="",G25="",H25=""),"Missing",IF(H25="Complete","Complete",IF(H25="Not applicable","Closed",IF(H25="Exception",IF(OR(K25="",L25=""),"Missing",IF(L25<SETUP!$D$11,"Overdue","Exception")),IF(B25=SETUP!$D$11,"Due today","On track")))))) | N25: =IF(A25="","",IF(OR(COUNTIF($A$11:$A$130,A25)>1,B25="",C25="",D25="",E25="",F25="",G25="",H25="",AND(H25="Complete",I25=""),AND(H25="Exception",OR(K25="",L25=""))),"ERROR","PASS")) | O25: =IF(A25="",99999,IF(B25<>SETUP!$D$11,99999,IF(M25="Overdue",100,IF(M25="Exception",200,IF(M25="Due today",300,99999)))+ROW()/10000)) -> 99999
M26: =IF(A26="","",IF(OR(B26="",C26="",D26="",E26="",F26="",G26="",H26=""),"Missing",IF(H26="Complete","Complete",IF(H26="Not applicable","Closed",IF(H26="Exception",IF(OR(K26="",L26=""),"Missing",IF(L26<SETUP!$D$11,"Overdue","Exception")),IF(B26=SETUP!$D$11,"Due today","On track")))))) | N26: =IF(A26="","",IF(OR(COUNTIF($A$11:$A$130,A26)>1,B26="",C26="",D26="",E26="",F26="",G26="",H26="",AND(H26="Complete",I26=""),AND(H26="Exception",OR(K26="",L26=""))),"ERROR","PASS")) | O26: =IF(A26="",99999,IF(B26<>SETUP!$D$11,99999,IF(M26="Overdue",100,IF(M26="Exception",200,IF(M26="Due today",300,99999)))+ROW()/10000)) -> 99999
M27: =IF(A27="","",IF(OR(B27="",C27="",D27="",E27="",F27="",G27="",H27=""),"Missing",IF(H27="Complete","Complete",IF(H27="Not applicable","Closed",IF(H27="Exception",IF(OR(K27="",L27=""),"Missing",IF(L27<SETUP!$D$11,"Overdue","Exception")),IF(B27=SETUP!$D$11,"Due today","On track")))))) | N27: =IF(A27="","",IF(OR(COUNTIF($A$11:$A$130,A27)>1,B27="",C27="",D27="",E27="",F27="",G27="",H27="",AND(H27="Complete",I27=""),AND(H27="Exception",OR(K27="",L27=""))),"ERROR","PASS")) | O27: =IF(A27="",99999,IF(B27<>SETUP!$D$11,99999,IF(M27="Overdue",100,IF(M27="Exception",200,IF(M27="Due today",300,99999)))+ROW()/10000)) -> 99999
M28: =IF(A28="","",IF(OR(B28="",C28="",D28="",E28="",F28="",G28="",H28=""),"Missing",IF(H28="Complete","Complete",IF(H28="Not applicable","Closed",IF(H28="Exception",IF(OR(K28="",L28=""),"Missing",IF(L28<SETUP!$D$11,"Overdue","Exception")),IF(B28=SETUP!$D$11,"Due today","On track")))))) | N28: =IF(A28="","",IF(OR(COUNTIF($A$11:$A$130,A28)>1,B28="",C28="",D28="",E28="",F28="",G28="",H28="",AND(H28="Complete",I28=""),AND(H28="Exception",OR(K28="",L28=""))),"ERROR","PASS")) | O28: =IF(A28="",99999,IF(B28<>SETUP!$D$11,99999,IF(M28="Overdue",100,IF(M28="Exception",200,IF(M28="Due today",300,99999)))+ROW()/10000)) -> 99999
M29: =IF(A29="","",IF(OR(B29="",C29="",D29="",E29="",F29="",G29="",H29=""),"Missing",IF(H29="Complete","Complete",IF(H29="Not applicable","Closed",IF(H29="Exception",IF(OR(K29="",L29=""),"Missing",IF(L29<SETUP!$D$11,"Overdue","Exception")),IF(B29=SETUP!$D$11,"Due today","On track")))))) | N29: =IF(A29="","",IF(OR(COUNTIF($A$11:$A$130,A29)>1,B29="",C29="",D29="",E29="",F29="",G29="",H29="",AND(H29="Complete",I29=""),AND(H29="Exception",OR(K29="",L29=""))),"ERROR","PASS")) | O29: =IF(A29="",99999,IF(B29<>SETUP!$D$11,99999,IF(M29="Overdue",100,IF(M29="Exception",200,IF(M29="Due today",300,99999)))+ROW()/10000)) -> 99999
M30: =IF(A30="","",IF(OR(B30="",C30="",D30="",E30="",F30="",G30="",H30=""),"Missing",IF(H30="Complete","Complete",IF(H30="Not applicable","Closed",IF(H30="Exception",IF(OR(K30="",L30=""),"Missing",IF(L30<SETUP!$D$11,"Overdue","Exception")),IF(B30=SETUP!$D$11,"Due today","On track")))))) | N30: =IF(A30="","",IF(OR(COUNTIF($A$11:$A$130,A30)>1,B30="",C30="",D30="",E30="",F30="",G30="",H30="",AND(H30="Complete",I30=""),AND(H30="Exception",OR(K30="",L30=""))),"ERROR","PASS")) | O30: =IF(A30="",99999,IF(B30<>SETUP!$D$11,99999,IF(M30="Overdue",100,IF(M30="Exception",200,IF(M30="Due today",300,99999)))+ROW()/10000)) -> 99999
M31: =IF(A31="","",IF(OR(B31="",C31="",D31="",E31="",F31="",G31="",H31=""),"Missing",IF(H31="Complete","Complete",IF(H31="Not applicable","Closed",IF(H31="Exception",IF(OR(K31="",L31=""),"Missing",IF(L31<SETUP!$D$11,"Overdue","Exception")),IF(B31=SETUP!$D$11,"Due today","On track")))))) | N31: =IF(A31="","",IF(OR(COUNTIF($A$11:$A$130,A31)>1,B31="",C31="",D31="",E31="",F31="",G31="",H31="",AND(H31="Complete",I31=""),AND(H31="Exception",OR(K31="",L31=""))),"ERROR","PASS")) | O31: =IF(A31="",99999,IF(B31<>SETUP!$D$11,99999,IF(M31="Overdue",100,IF(M31="Exception",200,IF(M31="Due today",300,99999)))+ROW()/10000)) -> 99999
M32: =IF(A32="","",IF(OR(B32="",C32="",D32="",E32="",F32="",G32="",H32=""),"Missing",IF(H32="Complete","Complete",IF(H32="Not applicable","Closed",IF(H32="Exception",IF(OR(K32="",L32=""),"Missing",IF(L32<SETUP!$D$11,"Overdue","Exception")),IF(B32=SETUP!$D$11,"Due today","On track")))))) | N32: =IF(A32="","",IF(OR(COUNTIF($A$11:$A$130,A32)>1,B32="",C32="",D32="",E32="",F32="",G32="",H32="",AND(H32="Complete",I32=""),AND(H32="Exception",OR(K32="",L32=""))),"ERROR","PASS")) | O32: =IF(A32="",99999,IF(B32<>SETUP!$D$11,99999,IF(M32="Overdue",100,IF(M32="Exception",200,IF(M32="Due today",300,99999)))+ROW()/10000)) -> 99999
... M130: =IF(A130="","",IF(OR(B130="",C130="",D130="",E130="",F130="",G130="",H130=""),"Missing",IF(H130="Complete","Complete",IF(H130="Not applicable","Closed",IF(H130="Exception",IF(OR(K130="",L130=""),"Missing",IF(L130<SETUP!$D$11,"Overdue","Exception")),IF(B130=SETUP!$D$11,"Due today","On track")))))) | N130: =IF(A130="","",IF(OR(COUNTIF($A$11:$A$130,A130)>1,B130="",C130="",D130="",E130="",F130="",G130="",H130="",AND(H130="Complete",I130=""),AND(H130="Exception",OR(K130="",L130=""))),"ERROR","PASS")) | O130: =IF(A130="",99999,IF(B130<>SETUP!$D$11,99999,IF(M130="Overdue",100,IF(M130="Exception",200,IF(M130="Due today",300,99999)))+ROW()/10000)) -> 99999

Sheet HANDOVER
AA1: Opening | AB1: Maya Hassan | AC1: Critical | AD1: Not started
A2: Home | B2: Home | C2: Dashboard | D2: Dashboard | E2: Daily plan | F2: Daily plan | G2: Tasks | H2: Tasks | I2: Checklists | J2: Checklists | K2: Handover | L2: Handover | M2: Issues | N2: Issues | O2: KPI log | P2: KPI log | Q2: Setup | R2: Setup | S2: Audit | T2: Audit | AA2: Midday | AB2: Daniel Ruiz | AC2: High | AD2: In progress
AA3: Closing | AB3: Sofia Kim | AC3: Medium | AD3: Waiting
A4: SHIFT CONTINUITY | B4: SHIFT CONTINUITY | C4: SHIFT CONTINUITY | D4: SHIFT CONTINUITY | E4: SHIFT CONTINUITY | F4: SHIFT CONTINUITY | G4: SHIFT CONTINUITY | H4: SHIFT CONTINUITY | I4: SHIFT CONTINUITY | J4: SHIFT CONTINUITY | K4: SHIFT CONTINUITY | L4: SHIFT CONTINUITY | M4: SHIFT CONTINUITY | N4: SHIFT CONTINUITY | O4: SHIFT CONTINUITY | P4: SHIFT CONTINUITY | Q4: SHIFT CONTINUITY | R4: SHIFT CONTINUITY | S4: SHIFT CONTINUITY | T4: SHIFT CONTINUITY | AB4: Lucas Martin | AC4: Low | AD4: Completed
AB5: Noor Al Mansoori | AD5: Cancelled
A6: Shift Handover Log | B6: Shift Handover Log | C6: Shift Handover Log | D6: Shift Handover Log | E6: Shift Handover Log | F6: Shift Handover Log | G6: Shift Handover Log | H6: Shift Handover Log | I6: Shift Handover Log | J6: Shift Handover Log | K6: Shift Handover Log | L6: Shift Handover Log | M6: Shift Handover Log | N6: Shift Handover Log | O6: Shift Handover Log | P6: Shift Handover Log | Q6: Shift Handover Log | R6: Shift Handover Log | S6: Shift Handover Log | T6: Shift Handover Log | AB6: Omar Saleh
A7: Preserve operational context between shifts and keep every required action accountable. | B7: Preserve operational context between shifts and keep every required action accountable. | C7: Preserve operational context between shifts and keep every required action accountable. | D7: Preserve operational context between shifts and keep every required action accountable. | E7: Preserve operational context between shifts and keep every required action accountable. | F7: Preserve operational context between shifts and keep every required action accountable. | G7: Preserve operational context between shifts and keep every required action accountable. | H7: Preserve operational context between shifts and keep every required action accountable. | I7: Preserve operational context between shifts and keep every required action accountable. | J7: Preserve operational context between shifts and keep every required action accountable. | K7: Preserve operational context between shifts and keep every required action accountable. | L7: Preserve operational context between shifts and keep every required action accountable. | M7: Preserve operational context between shifts and keep every required action accountable. | N7: Preserve operational context between shifts and keep every required action accountable. | O7: Preserve operational context between shifts and keep every required action accountable. | P7: Preserve operational context between shifts and keep every required action accountable. | Q7: Preserve operational context between shifts and keep every required action accountable. | R7: Preserve operational context between shifts and keep every required action accountable. | S7: Preserve operational context between shifts and keep every required action accountable. | T7: Preserve operational context between shifts and keep every required action accountable.
A10: Handover ID | B10: Date | C10: Shift | D10: From | E10: To | F10: Priority | G10: Topic | H10: Details | I10: Required action | J10: Action owner | K10: Due date | L10: Status | M10: Action status | N10: Data check | O10: Queue rank
A11: H-001 | B11: 46323 | C11: Opening | D11: Maya Hassan | E11: Lucas Martin | F11: High | G11: Supplier delay | H11: Replacement stock has not arrived | I11: Confirm arrival and update orders | J11: Omar Saleh | K11: 46323 | L11: In progress | M11: =IF(A11="","",IF(OR(B11="",C11="",D11="",E11="",F11="",G11="",H11="",L11=""),"Missing",IF(I11="","None",IF(L11="Completed","Complete",IF(L11="Cancelled","Closed",IF(OR(J11="",K11=""),"Missing",IF(K11<SETUP!$D$11,"Overdue",IF(K11=SETUP!$D$11,"Due today",IF(K11<=SETUP!$D$11+SETUP!$D$12,"Due soon","On track"))))))))) -> Due today | N11: =IF(A11="","",IF(OR(COUNTIF($A$11:$A$100,A11)>1,B11="",C11="",D11="",E11="",F11="",G11="",H11="",L11="",AND(I11<>"",OR(J11="",K11=""))),"ERROR","PASS")) -> PASS | O11: =IF(A11="",99999,IF(OR(M11="Complete",M11="Closed",M11="None"),99999,IF(M11="Overdue",100,IF(M11="Due today",200,IF(M11="Due soon",300,400)))+IF(F11="Critical",0,IF(F11="High",10,IF(F11="Medium",20,30)))+ROW()/10000)) -> 210.0011
A12: H-002 | B12: 46323 | C12: Opening | D12: Noor Al Mansoori | E12: Daniel Ruiz | F12: Medium | G12: Priority customer | H12: Customer requested delivery confirmation | I12: Call customer after dispatch | J12: Daniel Ruiz | K12: 46323 | L12: Not started | M12: =IF(A12="","",IF(OR(B12="",C12="",D12="",E12="",F12="",G12="",H12="",L12=""),"Missing",IF(I12="","None",IF(L12="Completed","Complete",IF(L12="Cancelled","Closed",IF(OR(J12="",K12=""),"Missing",IF(K12<SETUP!$D$11,"Overdue",IF(K12=SETUP!$D$11,"Due today",IF(K12<=SETUP!$D$11+SETUP!$D$12,"Due soon","On track"))))))))) -> Due today | N12: =IF(A12="","",IF(OR(COUNTIF($A$11:$A$100,A12)>1,B12="",C12="",D12="",E12="",F12="",G12="",H12="",L12="",AND(I12<>"",OR(J12="",K12=""))),"ERROR","PASS")) -> PASS | O12: =IF(A12="",99999,IF(OR(M12="Complete",M12="Closed",M12="None"),99999,IF(M12="Overdue",100,IF(M12="Due today",200,IF(M12="Due soon",300,400)))+IF(F12="Critical",0,IF(F12="High",10,IF(F12="Medium",20,30)))+ROW()/10000)) -> 220.0012
A13: H-003 | B13: 46322 | C13: Closing | D13: Lucas Martin | E13: Maya Hassan | F13: High | G13: Cooling unit | H13: Technician completed temporary repair | I13: Obtain permanent repair date | J13: Omar Saleh | K13: 46323 | L13: Waiting | M13: =IF(A13="","",IF(OR(B13="",C13="",D13="",E13="",F13="",G13="",H13="",L13=""),"Missing",IF(I13="","None",IF(L13="Completed","Complete",IF(L13="Cancelled","Closed",IF(OR(J13="",K13=""),"Missing",IF(K13<SETUP!$D$11,"Overdue",IF(K13=SETUP!$D$11,"Due today",IF(K13<=SETUP!$D$11+SETUP!$D$12,"Due soon","On track"))))))))) -> Due today | N13: =IF(A13="","",IF(OR(COUNTIF($A$11:$A$100,A13)>1,B13="",C13="",D13="",E13="",F13="",G13="",H13="",L13="",AND(I13<>"",OR(J13="",K13=""))),"ERROR","PASS")) -> PASS | O13: =IF(A13="",99999,IF(OR(M13="Complete",M13="Closed",M13="None"),99999,IF(M13="Overdue",100,IF(M13="Due today",200,IF(M13="Due soon",300,400)))+IF(F13="Critical",0,IF(F13="High",10,IF(F13="Medium",20,30)))+ROW()/10000)) -> 210.0013
A14: H-004 | B14: 46322 | C14: Closing | D14: Sofia Kim | E14: Maya Hassan | F14: Low | G14: Settlement review | H14: All totals matched | L14: Completed | M14: =IF(A14="","",IF(OR(B14="",C14="",D14="",E14="",F14="",G14="",H14="",L14=""),"Missing",IF(I14="","None",IF(L14="Completed","Complete",IF(L14="Cancelled","Closed",IF(OR(J14="",K14=""),"Missing",IF(K14<SETUP!$D$11,"Overdue",IF(K14=SETUP!$D$11,"Due today",IF(K14<=SETUP!$D$11+SETUP!$D$12,"Due soon","On track"))))))))) -> None | N14: =IF(A14="","",IF(OR(COUNTIF($A$11:$A$100,A14)>1,B14="",C14="",D14="",E14="",F14="",G14="",H14="",L14="",AND(I14<>"",OR(J14="",K14=""))),"ERROR","PASS")) -> PASS | O14: =IF(A14="",99999,IF(OR(M14="Complete",M14="Closed",M14="None"),99999,IF(M14="Overdue",100,IF(M14="Due today",200,IF(M14="Due soon",300,400)))+IF(F14="Critical",0,IF(F14="High",10,IF(F14="Medium",20,30)))+ROW()/10000)) -> 99999
A15: H-005 | B15: 46323 | C15: Midday | D15: Lucas Martin | E15: Maya Hassan | F15: Medium | G15: Stock count | H15: Three items require recount | I15: Complete recount before closing | J15: Lucas Martin | K15: 46323 | L15: In progress | M15: =IF(A15="","",IF(OR(B15="",C15="",D15="",E15="",F15="",G15="",H15="",L15=""),"Missing",IF(I15="","None",IF(L15="Completed","Complete",IF(L15="Cancelled","Closed",IF(OR(J15="",K15=""),"Missing",IF(K15<SETUP!$D$11,"Overdue",IF(K15=SETUP!$D$11,"Due today",IF(K15<=SETUP!$D$11+SETUP!$D$12,"Due soon","On track"))))))))) -> Due today | N15: =IF(A15="","",IF(OR(COUNTIF($A$11:$A$100,A15)>1,B15="",C15="",D15="",E15="",F15="",G15="",H15="",L15="",AND(I15<>"",OR(J15="",K15=""))),"ERROR","PASS")) -> PASS | O15: =IF(A15="",99999,IF(OR(M15="Complete",M15="Closed",M15="None"),99999,IF(M15="Overdue",100,IF(M15="Due today",200,IF(M15="Due soon",300,400)))+IF(F15="Critical",0,IF(F15="High",10,IF(F15="Medium",20,30)))+ROW()/10000)) -> 220.0015
M16: =IF(A16="","",IF(OR(B16="",C16="",D16="",E16="",F16="",G16="",H16="",L16=""),"Missing",IF(I16="","None",IF(L16="Completed","Complete",IF(L16="Cancelled","Closed",IF(OR(J16="",K16=""),"Missing",IF(K16<SETUP!$D$11,"Overdue",IF(K16=SETUP!$D$11,"Due today",IF(K16<=SETUP!$D$11+SETUP!$D$12,"Due soon","On track"))))))))) | N16: =IF(A16="","",IF(OR(COUNTIF($A$11:$A$100,A16)>1,B16="",C16="",D16="",E16="",F16="",G16="",H16="",L16="",AND(I16<>"",OR(J16="",K16=""))),"ERROR","PASS")) | O16: =IF(A16="",99999,IF(OR(M16="Complete",M16="Closed",M16="None"),99999,IF(M16="Overdue",100,IF(M16="Due today",200,IF(M16="Due soon",300,400)))+IF(F16="Critical",0,IF(F16="High",10,IF(F16="Medium",20,30)))+ROW()/10000)) -> 99999
M17: =IF(A17="","",IF(OR(B17="",C17="",D17="",E17="",F17="",G17="",H17="",L17=""),"Missing",IF(I17="","None",IF(L17="Completed","Complete",IF(L17="Cancelled","Closed",IF(OR(J17="",K17=""),"Missing",IF(K17<SETUP!$D$11,"Overdue",IF(K17=SETUP!$D$11,"Due today",IF(K17<=SETUP!$D$11+SETUP!$D$12,"Due soon","On track"))))))))) | N17: =IF(A17="","",IF(OR(COUNTIF($A$11:$A$100,A17)>1,B17="",C17="",D17="",E17="",F17="",G17="",H17="",L17="",AND(I17<>"",OR(J17="",K17=""))),"ERROR","PASS")) | O17: =IF(A17="",99999,IF(OR(M17="Complete",M17="Closed",M17="None"),99999,IF(M17="Overdue",100,IF(M17="Due today",200,IF(M17="Due soon",300,400)))+IF(F17="Critical",0,IF(F17="High",10,IF(F17="Medium",20,30)))+ROW()/10000)) -> 99999
M18: =IF(A18="","",IF(OR(B18="",C18="",D18="",E18="",F18="",G18="",H18="",L18=""),"Missing",IF(I18="","None",IF(L18="Completed","Complete",IF(L18="Cancelled","Closed",IF(OR(J18="",K18=""),"Missing",IF(K18<SETUP!$D$11,"Overdue",IF(K18=SETUP!$D$11,"Due today",IF(K18<=SETUP!$D$11+SETUP!$D$12,"Due soon","On track"))))))))) | N18: =IF(A18="","",IF(OR(COUNTIF($A$11:$A$100,A18)>1,B18="",C18="",D18="",E18="",F18="",G18="",H18="",L18="",AND(I18<>"",OR(J18="",K18=""))),"ERROR","PASS")) | O18: =IF(A18="",99999,IF(OR(M18="Complete",M18="Closed",M18="None"),99999,IF(M18="Overdue",100,IF(M18="Due today",200,IF(M18="Due soon",300,400)))+IF(F18="Critical",0,IF(F18="High",10,IF(F18="Medium",20,30)))+ROW()/10000)) -> 99999
M19: =IF(A19="","",IF(OR(B19="",C19="",D19="",E19="",F19="",G19="",H19="",L19=""),"Missing",IF(I19="","None",IF(L19="Completed","Complete",IF(L19="Cancelled","Closed",IF(OR(J19="",K19=""),"Missing",IF(K19<SETUP!$D$11,"Overdue",IF(K19=SETUP!$D$11,"Due today",IF(K19<=SETUP!$D$11+SETUP!$D$12,"Due soon","On track"))))))))) | N19: =IF(A19="","",IF(OR(COUNTIF($A$11:$A$100,A19)>1,B19="",C19="",D19="",E19="",F19="",G19="",H19="",L19="",AND(I19<>"",OR(J19="",K19=""))),"ERROR","PASS")) | O19: =IF(A19="",99999,IF(OR(M19="Complete",M19="Closed",M19="None"),99999,IF(M19="Overdue",100,IF(M19="Due today",200,IF(M19="Due soon",300,400)))+IF(F19="Critical",0,IF(F19="High",10,IF(F19="Medium",20,30)))+ROW()/10000)) -> 99999
M20: =IF(A20="","",IF(OR(B20="",C20="",D20="",E20="",F20="",G20="",H20="",L20=""),"Missing",IF(I20="","None",IF(L20="Completed","Complete",IF(L20="Cancelled","Closed",IF(OR(J20="",K20=""),"Missing",IF(K20<SETUP!$D$11,"Overdue",IF(K20=SETUP!$D$11,"Due today",IF(K20<=SETUP!$D$11+SETUP!$D$12,"Due soon","On track"))))))))) | N20: =IF(A20="","",IF(OR(COUNTIF($A$11:$A$100,A20)>1,B20="",C20="",D20="",E20="",F20="",G20="",H20="",L20="",AND(I20<>"",OR(J20="",K20=""))),"ERROR","PASS")) | O20: =IF(A20="",99999,IF(OR(M20="Complete",M20="Closed",M20="None"),99999,IF(M20="Overdue",100,IF(M20="Due today",200,IF(M20="Due soon",300,400)))+IF(F20="Critical",0,IF(F20="High",10,IF(F20="Medium",20,30)))+ROW()/10000)) -> 99999
M21: =IF(A21="","",IF(OR(B21="",C21="",D21="",E21="",F21="",G21="",H21="",L21=""),"Missing",IF(I21="","None",IF(L21="Completed","Complete",IF(L21="Cancelled","Closed",IF(OR(J21="",K21=""),"Missing",IF(K21<SETUP!$D$11,"Overdue",IF(K21=SETUP!$D$11,"Due today",IF(K21<=SETUP!$D$11+SETUP!$D$12,"Due soon","On track"))))))))) | N21: =IF(A21="","",IF(OR(COUNTIF($A$11:$A$100,A21)>1,B21="",C21="",D21="",E21="",F21="",G21="",H21="",L21="",AND(I21<>"",OR(J21="",K21=""))),"ERROR","PASS")) | O21: =IF(A21="",99999,IF(OR(M21="Complete",M21="Closed",M21="None"),99999,IF(M21="Overdue",100,IF(M21="Due today",200,IF(M21="Due soon",300,400)))+IF(F21="Critical",0,IF(F21="High",10,IF(F21="Medium",20,30)))+ROW()/10000)) -> 99999
M22: =IF(A22="","",IF(OR(B22="",C22="",D22="",E22="",F22="",G22="",H22="",L22=""),"Missing",IF(I22="","None",IF(L22="Completed","Complete",IF(L22="Cancelled","Closed",IF(OR(J22="",K22=""),"Missing",IF(K22<SETUP!$D$11,"Overdue",IF(K22=SETUP!$D$11,"Due today",IF(K22<=SETUP!$D$11+SETUP!$D$12,"Due soon","On track"))))))))) | N22: =IF(A22="","",IF(OR(COUNTIF($A$11:$A$100,A22)>1,B22="",C22="",D22="",E22="",F22="",G22="",H22="",L22="",AND(I22<>"",OR(J22="",K22=""))),"ERROR","PASS")) | O22: =IF(A22="",99999,IF(OR(M22="Complete",M22="Closed",M22="None"),99999,IF(M22="Overdue",100,IF(M22="Due today",200,IF(M22="Due soon",300,400)))+IF(F22="Critical",0,IF(F22="High",10,IF(F22="Medium",20,30)))+ROW()/10000)) -> 99999
M23: =IF(A23="","",IF(OR(B23="",C23="",D23="",E23="",F23="",G23="",H23="",L23=""),"Missing",IF(I23="","None",IF(L23="Completed","Complete",IF(L23="Cancelled","Closed",IF(OR(J23="",K23=""),"Missing",IF(K23<SETUP!$D$11,"Overdue",IF(K23=SETUP!$D$11,"Due today",IF(K23<=SETUP!$D$11+SETUP!$D$12,"Due soon","On track"))))))))) | N23: =IF(A23="","",IF(OR(COUNTIF($A$11:$A$100,A23)>1,B23="",C23="",D23="",E23="",F23="",G23="",H23="",L23="",AND(I23<>"",OR(J23="",K23=""))),"ERROR","PASS")) | O23: =IF(A23="",99999,IF(OR(M23="Complete",M23="Closed",M23="None"),99999,IF(M23="Overdue",100,IF(M23="Due today",200,IF(M23="Due soon",300,400)))+IF(F23="Critical",0,IF(F23="High",10,IF(F23="Medium",20,30)))+ROW()/10000)) -> 99999
M24: =IF(A24="","",IF(OR(B24="",C24="",D24="",E24="",F24="",G24="",H24="",L24=""),"Missing",IF(I24="","None",IF(L24="Completed","Complete",IF(L24="Cancelled","Closed",IF(OR(J24="",K24=""),"Missing",IF(K24<SETUP!$D$11,"Overdue",IF(K24=SETUP!$D$11,"Due today",IF(K24<=SETUP!$D$11+SETUP!$D$12,"Due soon","On track"))))))))) | N24: =IF(A24="","",IF(OR(COUNTIF($A$11:$A$100,A24)>1,B24="",C24="",D24="",E24="",F24="",G24="",H24="",L24="",AND(I24<>"",OR(J24="",K24=""))),"ERROR","PASS")) | O24: =IF(A24="",99999,IF(OR(M24="Complete",M24="Closed",M24="None"),99999,IF(M24="Overdue",100,IF(M24="Due today",200,IF(M24="Due soon",300,400)))+IF(F24="Critical",0,IF(F24="High",10,IF(F24="Medium",20,30)))+ROW()/10000)) -> 99999
M25: =IF(A25="","",IF(OR(B25="",C25="",D25="",E25="",F25="",G25="",H25="",L25=""),"Missing",IF(I25="","None",IF(L25="Completed","Complete",IF(L25="Cancelled","Closed",IF(OR(J25="",K25=""),"Missing",IF(K25<SETUP!$D$11,"Overdue",IF(K25=SETUP!$D$11,"Due today",IF(K25<=SETUP!$D$11+SETUP!$D$12,"Due soon","On track"))))))))) | N25: =IF(A25="","",IF(OR(COUNTIF($A$11:$A$100,A25)>1,B25="",C25="",D25="",E25="",F25="",G25="",H25="",L25="",AND(I25<>"",OR(J25="",K25=""))),"ERROR","PASS")) | O25: =IF(A25="",99999,IF(OR(M25="Complete",M25="Closed",M25="None"),99999,IF(M25="Overdue",100,IF(M25="Due today",200,IF(M25="Due soon",300,400)))+IF(F25="Critical",0,IF(F25="High",10,IF(F25="Medium",20,30)))+ROW()/10000)) -> 99999
M26: =IF(A26="","",IF(OR(B26="",C26="",D26="",E26="",F26="",G26="",H26="",L26=""),"Missing",IF(I26="","None",IF(L26="Completed","Complete",IF(L26="Cancelled","Closed",IF(OR(J26="",K26=""),"Missing",IF(K26<SETUP!$D$11,"Overdue",IF(K26=SETUP!$D$11,"Due today",IF(K26<=SETUP!$D$11+SETUP!$D$12,"Due soon","On track"))))))))) | N26: =IF(A26="","",IF(OR(COUNTIF($A$11:$A$100,A26)>1,B26="",C26="",D26="",E26="",F26="",G26="",H26="",L26="",AND(I26<>"",OR(J26="",K26=""))),"ERROR","PASS")) | O26: =IF(A26="",99999,IF(OR(M26="Complete",M26="Closed",M26="None"),99999,IF(M26="Overdue",100,IF(M26="Due today",200,IF(M26="Due soon",300,400)))+IF(F26="Critical",0,IF(F26="High",10,IF(F26="Medium",20,30)))+ROW()/10000)) -> 99999
M27: =IF(A27="","",IF(OR(B27="",C27="",D27="",E27="",F27="",G27="",H27="",L27=""),"Missing",IF(I27="","None",IF(L27="Completed","Complete",IF(L27="Cancelled","Closed",IF(OR(J27="",K27=""),"Missing",IF(K27<SETUP!$D$11,"Overdue",IF(K27=SETUP!$D$11,"Due today",IF(K27<=SETUP!$D$11+SETUP!$D$12,"Due soon","On track"))))))))) | N27: =IF(A27="","",IF(OR(COUNTIF($A$11:$A$100,A27)>1,B27="",C27="",D27="",E27="",F27="",G27="",H27="",L27="",AND(I27<>"",OR(J27="",K27=""))),"ERROR","PASS")) | O27: =IF(A27="",99999,IF(OR(M27="Complete",M27="Closed",M27="None"),99999,IF(M27="Overdue",100,IF(M27="Due today",200,IF(M27="Due soon",300,400)))+IF(F27="Critical",0,IF(F27="High",10,IF(F27="Medium",20,30)))+ROW()/10000)) -> 99999
... M100: =IF(A100="","",IF(OR(B100="",C100="",D100="",E100="",F100="",G100="",H100="",L100=""),"Missing",IF(I100="","None",IF(L100="Completed","Complete",IF(L100="Cancelled","Closed",IF(OR(J100="",K100=""),"Missing",IF(K100<SETUP!$D$11,"Overdue",IF(K100=SETUP!$D$11,"Due today",IF(K100<=SETUP!$D$11+SETUP!$D$12,"Due soon","On track"))))))))) | N100: =IF(A100="","",IF(OR(COUNTIF($A$11:$A$100,A100)>1,B100="",C100="",D100="",E100="",F100="",G100="",H100="",L100="",AND(I100<>"",OR(J100="",K100=""))),"ERROR","PASS")) | O100: =IF(A100="",99999,IF(OR(M100="Complete",M100="Closed",M100="None"),99999,IF(M100="Overdue",100,IF(M100="Due today",200,IF(M100="Due soon",300,400)))+IF(F100="Critical",0,IF(F100="High",10,IF(F100="Medium",20,30)))+ROW()/10000)) -> 99999

Sheet ISSUES
AA1: Operations | AB1: Critical | AC1: Maya Hassan | AD1: Open
A2: Home | B2: Home | C2: Dashboard | D2: Dashboard | E2: Daily plan | F2: Daily plan | G2: Tasks | H2: Tasks | I2: Checklists | J2: Checklists | K2: Handover | L2: Handover | M2: Issues | N2: Issues | O2: KPI log | P2: KPI log | Q2: Setup | R2: Setup | S2: Audit | T2: Audit | AA2: Sales | AB2: High | AC2: Daniel Ruiz | AD2: Investigating
AA3: Customer Service | AB3: Medium | AC3: Sofia Kim | AD3: Action in progress
A4: CORRECTIVE ACTION | B4: CORRECTIVE ACTION | C4: CORRECTIVE ACTION | D4: CORRECTIVE ACTION | E4: CORRECTIVE ACTION | F4: CORRECTIVE ACTION | G4: CORRECTIVE ACTION | H4: CORRECTIVE ACTION | I4: CORRECTIVE ACTION | J4: CORRECTIVE ACTION | K4: CORRECTIVE ACTION | L4: CORRECTIVE ACTION | M4: CORRECTIVE ACTION | N4: CORRECTIVE ACTION | O4: CORRECTIVE ACTION | P4: CORRECTIVE ACTION | Q4: CORRECTIVE ACTION | R4: CORRECTIVE ACTION | S4: CORRECTIVE ACTION | T4: CORRECTIVE ACTION | AA4: Finance | AB4: Low | AC4: Lucas Martin | AD4: Monitoring
AA5: Facilities | AC5: Noor Al Mansoori | AD5: Closed
A6: Issues and Corrective Actions | B6: Issues and Corrective Actions | C6: Issues and Corrective Actions | D6: Issues and Corrective Actions | E6: Issues and Corrective Actions | F6: Issues and Corrective Actions | G6: Issues and Corrective Actions | H6: Issues and Corrective Actions | I6: Issues and Corrective Actions | J6: Issues and Corrective Actions | K6: Issues and Corrective Actions | L6: Issues and Corrective Actions | M6: Issues and Corrective Actions | N6: Issues and Corrective Actions | O6: Issues and Corrective Actions | P6: Issues and Corrective Actions | Q6: Issues and Corrective Actions | R6: Issues and Corrective Actions | S6: Issues and Corrective Actions | T6: Issues and Corrective Actions | AC6: Omar Saleh
A7: Record incidents, contain impact, assign corrective action, and monitor closure. | B7: Record incidents, contain impact, assign corrective action, and monitor closure. | C7: Record incidents, contain impact, assign corrective action, and monitor closure. | D7: Record incidents, contain impact, assign corrective action, and monitor closure. | E7: Record incidents, contain impact, assign corrective action, and monitor closure. | F7: Record incidents, contain impact, assign corrective action, and monitor closure. | G7: Record incidents, contain impact, assign corrective action, and monitor closure. | H7: Record incidents, contain impact, assign corrective action, and monitor closure. | I7: Record incidents, contain impact, assign corrective action, and monitor closure. | J7: Record incidents, contain impact, assign corrective action, and monitor closure. | K7: Record incidents, contain impact, assign corrective action, and monitor closure. | L7: Record incidents, contain impact, assign corrective action, and monitor closure. | M7: Record incidents, contain impact, assign corrective action, and monitor closure. | N7: Record incidents, contain impact, assign corrective action, and monitor closure. | O7: Record incidents, contain impact, assign corrective action, and monitor closure. | P7: Record incidents, contain impact, assign corrective action, and monitor closure. | Q7: Record incidents, contain impact, assign corrective action, and monitor closure. | R7: Record incidents, contain impact, assign corrective action, and monitor closure. | S7: Record incidents, contain impact, assign corrective action, and monitor closure. | T7: Record incidents, contain impact, assign corrective action, and monitor closure.
A10: Issue ID | B10: Date raised | C10: Department | D10: Issue | E10: Severity | F10: Operational impact | G10: Immediate containment | H10: Root cause | I10: Corrective action | J10: Owner | K10: Due date | L10: Status | M10: Closed date | N10: Next review | O10: Aging days | P10: Action status | Q10: Data check | R10: Queue rank
A11: I-001 | B11: 46322 | C11: Operations | D11: Replacement stock delivery delayed | E11: High | F11: Two priority orders blocked | G11: Reserved alternative stock | H11: Carrier capacity constraint | I11: Confirm backup carrier process | J11: Omar Saleh | K11: 46323 | L11: Action in progress | N11: 46323 | O11: =IF(A11="","",IF(L11="Closed",MAX(0,M11-B11),MAX(0,SETUP!$D$11-B11))) -> 1 | P11: =IF(A11="","",IF(OR(B11="",C11="",D11="",E11="",F11="",G11="",J11="",K11="",L11=""),"Missing",IF(L11="Closed","Closed",IF(K11<SETUP!$D$11,"Overdue",IF(K11=SETUP!$D$11,"Due today",IF(K11<=SETUP!$D$11+SETUP!$D$12,"Due soon","On track")))))) -> Due today | Q11: =IF(A11="","",IF(OR(COUNTIF($A$11:$A$100,A11)>1,B11="",C11="",D11="",E11="",F11="",G11="",J11="",K11="",L11="",AND(L11="Closed",M11=""),AND(M11<>"",M11<B11),K11<B11),"ERROR","PASS")) -> PASS | R11: =IF(A11="",99999,IF(P11="Closed",99999,IF(P11="Overdue",100,IF(P11="Due today",200,IF(P11="Due soon",300,400)))+IF(E11="Critical",0,IF(E11="High",10,IF(E11="Medium",20,30)))+ROW()/10000)) -> 210.0011
A12: I-002 | B12: 46315 | C12: Facilities | D12: Cooling unit intermittent fault | E12: High | F12: Risk to comfort and equipment | G12: Temporary repair and monitoring | H12: Control board degradation | I12: Replace control board | J12: Omar Saleh | K12: 46321 | L12: Monitoring | N12: 46324 | O12: =IF(A12="","",IF(L12="Closed",MAX(0,M12-B12),MAX(0,SETUP!$D$11-B12))) -> 8 | P12: =IF(A12="","",IF(OR(B12="",C12="",D12="",E12="",F12="",G12="",J12="",K12="",L12=""),"Missing",IF(L12="Closed","Closed",IF(K12<SETUP!$D$11,"Overdue",IF(K12=SETUP!$D$11,"Due today",IF(K12<=SETUP!$D$11+SETUP!$D$12,"Due soon","On track")))))) -> Overdue | Q12: =IF(A12="","",IF(OR(COUNTIF($A$11:$A$100,A12)>1,B12="",C12="",D12="",E12="",F12="",G12="",J12="",K12="",L12="",AND(L12="Closed",M12=""),AND(M12<>"",M12<B12),K12<B12),"ERROR","PASS")) -> PASS | R12: =IF(A12="",99999,IF(P12="Closed",99999,IF(P12="Overdue",100,IF(P12="Due today",200,IF(P12="Due soon",300,400)))+IF(E12="Critical",0,IF(E12="High",10,IF(E12="Medium",20,30)))+ROW()/10000)) -> 110.0012
A13: I-003 | B13: 46321 | C13: Customer Service | D13: Escalation rota has coverage gap | E13: Medium | F13: Slower response after 18:00 | G13: Manager covers gap temporarily | H13: Leave change not reflected | I13: Publish approved rota | J13: Noor Al Mansoori | K13: 46323 | L13: Investigating | N13: 46323 | O13: =IF(A13="","",IF(L13="Closed",MAX(0,M13-B13),MAX(0,SETUP!$D$11-B13))) -> 2 | P13: =IF(A13="","",IF(OR(B13="",C13="",D13="",E13="",F13="",G13="",J13="",K13="",L13=""),"Missing",IF(L13="Closed","Closed",IF(K13<SETUP!$D$11,"Overdue",IF(K13=SETUP!$D$11,"Due today",IF(K13<=SETUP!$D$11+SETUP!$D$12,"Due soon","On track")))))) -> Due today | Q13: =IF(A13="","",IF(OR(COUNTIF($A$11:$A$100,A13)>1,B13="",C13="",D13="",E13="",F13="",G13="",J13="",K13="",L13="",AND(L13="Closed",M13=""),AND(M13<>"",M13<B13),K13<B13),"ERROR","PASS")) -> PASS | R13: =IF(A13="",99999,IF(P13="Closed",99999,IF(P13="Overdue",100,IF(P13="Due today",200,IF(P13="Due soon",300,400)))+IF(E13="Critical",0,IF(E13="High",10,IF(E13="Medium",20,30)))+ROW()/10000)) -> 220.0013
A14: I-004 | B14: 46319 | C14: Finance | D14: Supplier invoice reference mismatch | E14: Low | F14: One invoice cannot be approved | G14: Invoice placed on hold | H14: Purchase reference entered incorrectly | I14: Correct source reference and recheck | J14: Sofia Kim | K14: 46326 | L14: Action in progress | N14: 46325 | O14: =IF(A14="","",IF(L14="Closed",MAX(0,M14-B14),MAX(0,SETUP!$D$11-B14))) -> 4 | P14: =IF(A14="","",IF(OR(B14="",C14="",D14="",E14="",F14="",G14="",J14="",K14="",L14=""),"Missing",IF(L14="Closed","Closed",IF(K14<SETUP!$D$11,"Overdue",IF(K14=SETUP!$D$11,"Due today",IF(K14<=SETUP!$D$11+SETUP!$D$12,"Due soon","On track")))))) -> Due soon | Q14: =IF(A14="","",IF(OR(COUNTIF($A$11:$A$100,A14)>1,B14="",C14="",D14="",E14="",F14="",G14="",J14="",K14="",L14="",AND(L14="Closed",M14=""),AND(M14<>"",M14<B14),K14<B14),"ERROR","PASS")) -> PASS | R14: =IF(A14="",99999,IF(P14="Closed",99999,IF(P14="Overdue",100,IF(P14="Due today",200,IF(P14="Due soon",300,400)))+IF(E14="Critical",0,IF(E14="High",10,IF(E14="Medium",20,30)))+ROW()/10000)) -> 330.0014
A15: I-005 | B15: 46310 | C15: Sales | D15: Priority-order confirmation delays | E15: Medium | F15: Customers call for updates | G15: Manual confirmation list introduced | H15: No standard dispatch trigger | I15: Add dispatch confirmation checklist | J15: Daniel Ruiz | K15: 46320 | L15: Closed | M15: 46320 | N15: 46327 | O15: =IF(A15="","",IF(L15="Closed",MAX(0,M15-B15),MAX(0,SETUP!$D$11-B15))) -> 10 | P15: =IF(A15="","",IF(OR(B15="",C15="",D15="",E15="",F15="",G15="",J15="",K15="",L15=""),"Missing",IF(L15="Closed","Closed",IF(K15<SETUP!$D$11,"Overdue",IF(K15=SETUP!$D$11,"Due today",IF(K15<=SETUP!$D$11+SETUP!$D$12,"Due soon","On track")))))) -> Closed | Q15: =IF(A15="","",IF(OR(COUNTIF($A$11:$A$100,A15)>1,B15="",C15="",D15="",E15="",F15="",G15="",J15="",K15="",L15="",AND(L15="Closed",M15=""),AND(M15<>"",M15<B15),K15<B15),"ERROR","PASS")) -> PASS | R15: =IF(A15="",99999,IF(P15="Closed",99999,IF(P15="Overdue",100,IF(P15="Due today",200,IF(P15="Due soon",300,400)))+IF(E15="Critical",0,IF(E15="High",10,IF(E15="Medium",20,30)))+ROW()/10000)) -> 99999
A16: I-006 | B16: 46323 | C16: Operations | D16: Three stock items need recount | E16: Medium | F16: Availability not confirmed | G16: Items quarantined from allocation | I16: Recount and correct record | J16: Lucas Martin | K16: 46323 | L16: Open | N16: 46323 | O16: =IF(A16="","",IF(L16="Closed",MAX(0,M16-B16),MAX(0,SETUP!$D$11-B16))) -> 0 | P16: =IF(A16="","",IF(OR(B16="",C16="",D16="",E16="",F16="",G16="",J16="",K16="",L16=""),"Missing",IF(L16="Closed","Closed",IF(K16<SETUP!$D$11,"Overdue",IF(K16=SETUP!$D$11,"Due today",IF(K16<=SETUP!$D$11+SETUP!$D$12,"Due soon","On track")))))) -> Due today | Q16: =IF(A16="","",IF(OR(COUNTIF($A$11:$A$100,A16)>1,B16="",C16="",D16="",E16="",F16="",G16="",J16="",K16="",L16="",AND(L16="Closed",M16=""),AND(M16<>"",M16<B16),K16<B16),"ERROR","PASS")) -> PASS | R16: =IF(A16="",99999,IF(P16="Closed",99999,IF(P16="Overdue",100,IF(P16="Due today",200,IF(P16="Due soon",300,400)))+IF(E16="Critical",0,IF(E16="High",10,IF(E16="Medium",20,30)))+ROW()/10000)) -> 220.0016
O17: =IF(A17="","",IF(L17="Closed",MAX(0,M17-B17),MAX(0,SETUP!$D$11-B17))) | P17: =IF(A17="","",IF(OR(B17="",C17="",D17="",E17="",F17="",G17="",J17="",K17="",L17=""),"Missing",IF(L17="Closed","Closed",IF(K17<SETUP!$D$11,"Overdue",IF(K17=SETUP!$D$11,"Due today",IF(K17<=SETUP!$D$11+SETUP!$D$12,"Due soon","On track")))))) | Q17: =IF(A17="","",IF(OR(COUNTIF($A$11:$A$100,A17)>1,B17="",C17="",D17="",E17="",F17="",G17="",J17="",K17="",L17="",AND(L17="Closed",M17=""),AND(M17<>"",M17<B17),K17<B17),"ERROR","PASS")) | R17: =IF(A17="",99999,IF(P17="Closed",99999,IF(P17="Overdue",100,IF(P17="Due today",200,IF(P17="Due soon",300,400)))+IF(E17="Critical",0,IF(E17="High",10,IF(E17="Medium",20,30)))+ROW()/10000)) -> 99999
O18: =IF(A18="","",IF(L18="Closed",MAX(0,M18-B18),MAX(0,SETUP!$D$11-B18))) | P18: =IF(A18="","",IF(OR(B18="",C18="",D18="",E18="",F18="",G18="",J18="",K18="",L18=""),"Missing",IF(L18="Closed","Closed",IF(K18<SETUP!$D$11,"Overdue",IF(K18=SETUP!$D$11,"Due today",IF(K18<=SETUP!$D$11+SETUP!$D$12,"Due soon","On track")))))) | Q18: =IF(A18="","",IF(OR(COUNTIF($A$11:$A$100,A18)>1,B18="",C18="",D18="",E18="",F18="",G18="",J18="",K18="",L18="",AND(L18="Closed",M18=""),AND(M18<>"",M18<B18),K18<B18),"ERROR","PASS")) | R18: =IF(A18="",99999,IF(P18="Closed",99999,IF(P18="Overdue",100,IF(P18="Due today",200,IF(P18="Due soon",300,400)))+IF(E18="Critical",0,IF(E18="High",10,IF(E18="Medium",20,30)))+ROW()/10000)) -> 99999
O19: =IF(A19="","",IF(L19="Closed",MAX(0,M19-B19),MAX(0,SETUP!$D$11-B19))) | P19: =IF(A19="","",IF(OR(B19="",C19="",D19="",E19="",F19="",G19="",J19="",K19="",L19=""),"Missing",IF(L19="Closed","Closed",IF(K19<SETUP!$D$11,"Overdue",IF(K19=SETUP!$D$11,"Due today",IF(K19<=SETUP!$D$11+SETUP!$D$12,"Due soon","On track")))))) | Q19: =IF(A19="","",IF(OR(COUNTIF($A$11:$A$100,A19)>1,B19="",C19="",D19="",E19="",F19="",G19="",J19="",K19="",L19="",AND(L19="Closed",M19=""),AND(M19<>"",M19<B19),K19<B19),"ERROR","PASS")) | R19: =IF(A19="",99999,IF(P19="Closed",99999,IF(P19="Overdue",100,IF(P19="Due today",200,IF(P19="Due soon",300,400)))+IF(E19="Critical",0,IF(E19="High",10,IF(E19="Medium",20,30)))+ROW()/10000)) -> 99999
O20: =IF(A20="","",IF(L20="Closed",MAX(0,M20-B20),MAX(0,SETUP!$D$11-B20))) | P20: =IF(A20="","",IF(OR(B20="",C20="",D20="",E20="",F20="",G20="",J20="",K20="",L20=""),"Missing",IF(L20="Closed","Closed",IF(K20<SETUP!$D$11,"Overdue",IF(K20=SETUP!$D$11,"Due today",IF(K20<=SETUP!$D$11+SETUP!$D$12,"Due soon","On track")))))) | Q20: =IF(A20="","",IF(OR(COUNTIF($A$11:$A$100,A20)>1,B20="",C20="",D20="",E20="",F20="",G20="",J20="",K20="",L20="",AND(L20="Closed",M20=""),AND(M20<>"",M20<B20),K20<B20),"ERROR","PASS")) | R20: =IF(A20="",99999,IF(P20="Closed",99999,IF(P20="Overdue",100,IF(P20="Due today",200,IF(P20="Due soon",300,400)))+IF(E20="Critical",0,IF(E20="High",10,IF(E20="Medium",20,30)))+ROW()/10000)) -> 99999
O21: =IF(A21="","",IF(L21="Closed",MAX(0,M21-B21),MAX(0,SETUP!$D$11-B21))) | P21: =IF(A21="","",IF(OR(B21="",C21="",D21="",E21="",F21="",G21="",J21="",K21="",L21=""),"Missing",IF(L21="Closed","Closed",IF(K21<SETUP!$D$11,"Overdue",IF(K21=SETUP!$D$11,"Due today",IF(K21<=SETUP!$D$11+SETUP!$D$12,"Due soon","On track")))))) | Q21: =IF(A21="","",IF(OR(COUNTIF($A$11:$A$100,A21)>1,B21="",C21="",D21="",E21="",F21="",G21="",J21="",K21="",L21="",AND(L21="Closed",M21=""),AND(M21<>"",M21<B21),K21<B21),"ERROR","PASS")) | R21: =IF(A21="",99999,IF(P21="Closed",99999,IF(P21="Overdue",100,IF(P21="Due today",200,IF(P21="Due soon",300,400)))+IF(E21="Critical",0,IF(E21="High",10,IF(E21="Medium",20,30)))+ROW()/10000)) -> 99999
O22: =IF(A22="","",IF(L22="Closed",MAX(0,M22-B22),MAX(0,SETUP!$D$11-B22))) | P22: =IF(A22="","",IF(OR(B22="",C22="",D22="",E22="",F22="",G22="",J22="",K22="",L22=""),"Missing",IF(L22="Closed","Closed",IF(K22<SETUP!$D$11,"Overdue",IF(K22=SETUP!$D$11,"Due today",IF(K22<=SETUP!$D$11+SETUP!$D$12,"Due soon","On track")))))) | Q22: =IF(A22="","",IF(OR(COUNTIF($A$11:$A$100,A22)>1,B22="",C22="",D22="",E22="",F22="",G22="",J22="",K22="",L22="",AND(L22="Closed",M22=""),AND(M22<>"",M22<B22),K22<B22),"ERROR","PASS")) | R22: =IF(A22="",99999,IF(P22="Closed",99999,IF(P22="Overdue",100,IF(P22="Due today",200,IF(P22="Due soon",300,400)))+IF(E22="Critical",0,IF(E22="High",10,IF(E22="Medium",20,30)))+ROW()/10000)) -> 99999
O23: =IF(A23="","",IF(L23="Closed",MAX(0,M23-B23),MAX(0,SETUP!$D$11-B23))) | P23: =IF(A23="","",IF(OR(B23="",C23="",D23="",E23="",F23="",G23="",J23="",K23="",L23=""),"Missing",IF(L23="Closed","Closed",IF(K23<SETUP!$D$11,"Overdue",IF(K23=SETUP!$D$11,"Due today",IF(K23<=SETUP!$D$11+SETUP!$D$12,"Due soon","On track")))))) | Q23: =IF(A23="","",IF(OR(COUNTIF($A$11:$A$100,A23)>1,B23="",C23="",D23="",E23="",F23="",G23="",J23="",K23="",L23="",AND(L23="Closed",M23=""),AND(M23<>"",M23<B23),K23<B23),"ERROR","PASS")) | R23: =IF(A23="",99999,IF(P23="Closed",99999,IF(P23="Overdue",100,IF(P23="Due today",200,IF(P23="Due soon",300,400)))+IF(E23="Critical",0,IF(E23="High",10,IF(E23="Medium",20,30)))+ROW()/10000)) -> 99999
O24: =IF(A24="","",IF(L24="Closed",MAX(0,M24-B24),MAX(0,SETUP!$D$11-B24))) | P24: =IF(A24="","",IF(OR(B24="",C24="",D24="",E24="",F24="",G24="",J24="",K24="",L24=""),"Missing",IF(L24="Closed","Closed",IF(K24<SETUP!$D$11,"Overdue",IF(K24=SETUP!$D$11,"Due today",IF(K24<=SETUP!$D$11+SETUP!$D$12,"Due soon","On track")))))) | Q24: =IF(A24="","",IF(OR(COUNTIF($A$11:$A$100,A24)>1,B24="",C24="",D24="",E24="",F24="",G24="",J24="",K24="",L24="",AND(L24="Closed",M24=""),AND(M24<>"",M24<B24),K24<B24),"ERROR","PASS")) | R24: =IF(A24="",99999,IF(P24="Closed",99999,IF(P24="Overdue",100,IF(P24="Due today",200,IF(P24="Due soon",300,400)))+IF(E24="Critical",0,IF(E24="High",10,IF(E24="Medium",20,30)))+ROW()/10000)) -> 99999
O25: =IF(A25="","",IF(L25="Closed",MAX(0,M25-B25),MAX(0,SETUP!$D$11-B25))) | P25: =IF(A25="","",IF(OR(B25="",C25="",D25="",E25="",F25="",G25="",J25="",K25="",L25=""),"Missing",IF(L25="Closed","Closed",IF(K25<SETUP!$D$11,"Overdue",IF(K25=SETUP!$D$11,"Due today",IF(K25<=SETUP!$D$11+SETUP!$D$12,"Due soon","On track")))))) | Q25: =IF(A25="","",IF(OR(COUNTIF($A$11:$A$100,A25)>1,B25="",C25="",D25="",E25="",F25="",G25="",J25="",K25="",L25="",AND(L25="Closed",M25=""),AND(M25<>"",M25<B25),K25<B25),"ERROR","PASS")) | R25: =IF(A25="",99999,IF(P25="Closed",99999,IF(P25="Overdue",100,IF(P25="Due today",200,IF(P25="Due soon",300,400)))+IF(E25="Critical",0,IF(E25="High",10,IF(E25="Medium",20,30)))+ROW()/10000)) -> 99999
O26: =IF(A26="","",IF(L26="Closed",MAX(0,M26-B26),MAX(0,SETUP!$D$11-B26))) | P26: =IF(A26="","",IF(OR(B26="",C26="",D26="",E26="",F26="",G26="",J26="",K26="",L26=""),"Missing",IF(L26="Closed","Closed",IF(K26<SETUP!$D$11,"Overdue",IF(K26=SETUP!$D$11,"Due today",IF(K26<=SETUP!$D$11+SETUP!$D$12,"Due soon","On track")))))) | Q26: =IF(A26="","",IF(OR(COUNTIF($A$11:$A$100,A26)>1,B26="",C26="",D26="",E26="",F26="",G26="",J26="",K26="",L26="",AND(L26="Closed",M26=""),AND(M26<>"",M26<B26),K26<B26),"ERROR","PASS")) | R26: =IF(A26="",99999,IF(P26="Closed",99999,IF(P26="Overdue",100,IF(P26="Due today",200,IF(P26="Due soon",300,400)))+IF(E26="Critical",0,IF(E26="High",10,IF(E26="Medium",20,30)))+ROW()/10000)) -> 99999
O27: =IF(A27="","",IF(L27="Closed",MAX(0,M27-B27),MAX(0,SETUP!$D$11-B27))) | P27: =IF(A27="","",IF(OR(B27="",C27="",D27="",E27="",F27="",G27="",J27="",K27="",L27=""),"Missing",IF(L27="Closed","Closed",IF(K27<SETUP!$D$11,"Overdue",IF(K27=SETUP!$D$11,"Due today",IF(K27<=SETUP!$D$11+SETUP!$D$12,"Due soon","On track")))))) | Q27: =IF(A27="","",IF(OR(COUNTIF($A$11:$A$100,A27)>1,B27="",C27="",D27="",E27="",F27="",G27="",J27="",K27="",L27="",AND(L27="Closed",M27=""),AND(M27<>"",M27<B27),K27<B27),"ERROR","PASS")) | R27: =IF(A27="",99999,IF(P27="Closed",99999,IF(P27="Overdue",100,IF(P27="Due today",200,IF(P27="Due soon",300,400)))+IF(E27="Critical",0,IF(E27="High",10,IF(E27="Medium",20,30)))+ROW()/10000)) -> 99999
O28: =IF(A28="","",IF(L28="Closed",MAX(0,M28-B28),MAX(0,SETUP!$D$11-B28))) | P28: =IF(A28="","",IF(OR(B28="",C28="",D28="",E28="",F28="",G28="",J28="",K28="",L28=""),"Missing",IF(L28="Closed","Closed",IF(K28<SETUP!$D$11,"Overdue",IF(K28=SETUP!$D$11,"Due today",IF(K28<=SETUP!$D$11+SETUP!$D$12,"Due soon","On track")))))) | Q28: =IF(A28="","",IF(OR(COUNTIF($A$11:$A$100,A28)>1,B28="",C28="",D28="",E28="",F28="",G28="",J28="",K28="",L28="",AND(L28="Closed",M28=""),AND(M28<>"",M28<B28),K28<B28),"ERROR","PASS")) | R28: =IF(A28="",99999,IF(P28="Closed",99999,IF(P28="Overdue",100,IF(P28="Due today",200,IF(P28="Due soon",300,400)))+IF(E28="Critical",0,IF(E28="High",10,IF(E28="Medium",20,30)))+ROW()/10000)) -> 99999
... O100: =IF(A100="","",IF(L100="Closed",MAX(0,M100-B100),MAX(0,SETUP!$D$11-B100))) | P100: =IF(A100="","",IF(OR(B100="",C100="",D100="",E100="",F100="",G100="",J100="",K100="",L100=""),"Missing",IF(L100="Closed","Closed",IF(K100<SETUP!$D$11,"Overdue",IF(K100=SETUP!$D$11,"Due today",IF(K100<=SETUP!$D$11+SETUP!$D$12,"Due soon","On track")))))) | Q100: =IF(A100="","",IF(OR(COUNTIF($A$11:$A$100,A100)>1,B100="",C100="",D100="",E100="",F100="",G100="",J100="",K100="",L100="",AND(L100="Closed",M100=""),AND(M100<>"",M100<B100),K100<B100),"ERROR","PASS")) | R100: =IF(A100="",99999,IF(P100="Closed",99999,IF(P100="Overdue",100,IF(P100="Due today",200,IF(P100="Due soon",300,400)))+IF(E100="Critical",0,IF(E100="High",10,IF(E100="Medium",20,30)))+ROW()/10000)) -> 99999

Sheet KPI LOG
AA1: Operations | AB1: % | AC1: Higher is better
A2: Home | B2: Home | C2: Dashboard | D2: Dashboard | E2: Daily plan | F2: Daily plan | G2: Tasks | H2: Tasks | I2: Checklists | J2: Checklists | K2: Handover | L2: Handover | M2: Issues | N2: Issues | O2: KPI log | P2: KPI log | Q2: Setup | R2: Setup | S2: Audit | T2: Audit | AA2: Sales | AB2: Count | AC2: Lower is better
AA3: Customer Service | AB3: Minutes | AC3: Meet target
A4: PERFORMANCE CONTROL | B4: PERFORMANCE CONTROL | C4: PERFORMANCE CONTROL | D4: PERFORMANCE CONTROL | E4: PERFORMANCE CONTROL | F4: PERFORMANCE CONTROL | G4: PERFORMANCE CONTROL | H4: PERFORMANCE CONTROL | I4: PERFORMANCE CONTROL | J4: PERFORMANCE CONTROL | K4: PERFORMANCE CONTROL | L4: PERFORMANCE CONTROL | M4: PERFORMANCE CONTROL | N4: PERFORMANCE CONTROL | O4: PERFORMANCE CONTROL | P4: PERFORMANCE CONTROL | Q4: PERFORMANCE CONTROL | R4: PERFORMANCE CONTROL | S4: PERFORMANCE CONTROL | T4: PERFORMANCE CONTROL | AA4: Finance | AB4: Hours
AA5: Facilities | AB5: Days
A6: Operational KPI Log | B6: Operational KPI Log | C6: Operational KPI Log | D6: Operational KPI Log | E6: Operational KPI Log | F6: Operational KPI Log | G6: Operational KPI Log | H6: Operational KPI Log | I6: Operational KPI Log | J6: Operational KPI Log | K6: Operational KPI Log | L6: Operational KPI Log | M6: Operational KPI Log | N6: Operational KPI Log | O6: Operational KPI Log | P6: Operational KPI Log | Q6: Operational KPI Log | R6: Operational KPI Log | S6: Operational KPI Log | T6: Operational KPI Log
A7: Track operating measures against defined targets without hiding missing results. | B7: Track operating measures against defined targets without hiding missing results. | C7: Track operating measures against defined targets without hiding missing results. | D7: Track operating measures against defined targets without hiding missing results. | E7: Track operating measures against defined targets without hiding missing results. | F7: Track operating measures against defined targets without hiding missing results. | G7: Track operating measures against defined targets without hiding missing results. | H7: Track operating measures against defined targets without hiding missing results. | I7: Track operating measures against defined targets without hiding missing results. | J7: Track operating measures against defined targets without hiding missing results. | K7: Track operating measures against defined targets without hiding missing results. | L7: Track operating measures against defined targets without hiding missing results. | M7: Track operating measures against defined targets without hiding missing results. | N7: Track operating measures against defined targets without hiding missing results. | O7: Track operating measures against defined targets without hiding missing results. | P7: Track operating measures against defined targets without hiding missing results. | Q7: Track operating measures against defined targets without hiding missing results. | R7: Track operating measures against defined targets without hiding missing results. | S7: Track operating measures against defined targets without hiding missing results. | T7: Track operating measures against defined targets without hiding missing results.
A10: Date | B10: KPI ID | C10: Department | D10: Metric | E10: Unit | F10: Direction | G10: Target | H10: Actual | I10: Variance | J10: Performance | K10: KPI status | L10: Data check
A11: 46287 | B11: KPI-01 | C11: Operations | D11: Orders dispatched on time | E11: % | F11: Higher is better | G11: 0.95 | H11: 0.92 | I11: =IF(A11="","",IF(F11="Lower is better",G11-H11,H11-G11)) -> -0.03 | J11: =IF(A11="","",IF(OR(G11="",H11="",G11=0,H11=0),"",IF(F11="Lower is better",G11/H11,H11/G11))) -> 0.96842105 | K11: =IF(A11="","",IF(OR(B11="",C11="",D11="",E11="",F11="",G11="",H11=""),"Missing",IF(F11="Higher is better",IF(H11>=G11,"Met","Below target"),IF(F11="Lower is better",IF(H11<=G11,"Met","Below target"),IF(H11=G11,"Met","Below target"))))) -> Below target | L11: =IF(A11="","",IF(OR(COUNTIFS($A$11:$A$150,A11,$B$11:$B$150,B11)>1,B11="",C11="",D11="",E11="",F11="",G11="",H11=""),"ERROR","PASS")) -> PASS
A12: 46287 | B12: KPI-02 | C12: Customer Service | D12: Oldest open service case | E12: Minutes | F12: Lower is better | G12: 240 | H12: 280 | I12: =IF(A12="","",IF(F12="Lower is better",G12-H12,H12-G12)) -> -40 | J12: =IF(A12="","",IF(OR(G12="",H12="",G12=0,H12=0),"",IF(F12="Lower is better",G12/H12,H12/G12))) -> 0.85714286 | K12: =IF(A12="","",IF(OR(B12="",C12="",D12="",E12="",F12="",G12="",H12=""),"Missing",IF(F12="Higher is better",IF(H12>=G12,"Met","Below target"),IF(F12="Lower is better",IF(H12<=G12,"Met","Below target"),IF(H12=G12,"Met","Below target"))))) -> Below target | L12: =IF(A12="","",IF(OR(COUNTIFS($A$11:$A$150,A12,$B$11:$B$150,B12)>1,B12="",C12="",D12="",E12="",F12="",G12="",H12=""),"ERROR","PASS")) -> PASS
A13: 46287 | B13: KPI-03 | C13: Operations | D13: Checklist completion | E13: % | F13: Higher is better | G13: 0.98 | H13: 0.95 | I13: =IF(A13="","",IF(F13="Lower is better",G13-H13,H13-G13)) -> -0.03 | J13: =IF(A13="","",IF(OR(G13="",H13="",G13=0,H13=0),"",IF(F13="Lower is better",G13/H13,H13/G13))) -> 0.96938776 | K13: =IF(A13="","",IF(OR(B13="",C13="",D13="",E13="",F13="",G13="",H13=""),"Missing",IF(F13="Higher is better",IF(H13>=G13,"Met","Below target"),IF(F13="Lower is better",IF(H13<=G13,"Met","Below target"),IF(H13=G13,"Met","Below target"))))) -> Below target | L13: =IF(A13="","",IF(OR(COUNTIFS($A$11:$A$150,A13,$B$11:$B$150,B13)>1,B13="",C13="",D13="",E13="",F13="",G13="",H13=""),"ERROR","PASS")) -> PASS
A14: 46287 | B14: KPI-04 | C14: Operations | D14: Order errors | E14: % | F14: Lower is better | G14: 0.02 | H14: 0.029 | I14: =IF(A14="","",IF(F14="Lower is better",G14-H14,H14-G14)) -> -0.009 | J14: =IF(A14="","",IF(OR(G14="",H14="",G14=0,H14=0),"",IF(F14="Lower is better",G14/H14,H14/G14))) -> 0.68965517 | K14: =IF(A14="","",IF(OR(B14="",C14="",D14="",E14="",F14="",G14="",H14=""),"Missing",IF(F14="Higher is better",IF(H14>=G14,"Met","Below target"),IF(F14="Lower is better",IF(H14<=G14,"Met","Below target"),IF(H14=G14,"Met","Below target"))))) -> Below target | L14: =IF(A14="","",IF(OR(COUNTIFS($A$11:$A$150,A14,$B$11:$B$150,B14)>1,B14="",C14="",D14="",E14="",F14="",G14="",H14=""),"ERROR","PASS")) -> PASS
A15: 46287 | B15: KPI-05 | C15: Facilities | D15: Unplanned downtime | E15: Minutes | F15: Lower is better | G15: 30 | H15: 48 | I15: =IF(A15="","",IF(F15="Lower is better",G15-H15,H15-G15)) -> -18 | J15: =IF(A15="","",IF(OR(G15="",H15="",G15=0,H15=0),"",IF(F15="Lower is better",G15/H15,H15/G15))) -> 0.625 | K15: =IF(A15="","",IF(OR(B15="",C15="",D15="",E15="",F15="",G15="",H15=""),"Missing",IF(F15="Higher is better",IF(H15>=G15,"Met","Below target"),IF(F15="Lower is better",IF(H15<=G15,"Met","Below target"),IF(H15=G15,"Met","Below target"))))) -> Below target | L15: =IF(A15="","",IF(OR(COUNTIFS($A$11:$A$150,A15,$B$11:$B$150,B15)>1,B15="",C15="",D15="",E15="",F15="",G15="",H15=""),"ERROR","PASS")) -> PASS
A16: 46294 | B16: KPI-01 | C16: Operations | D16: Orders dispatched on time | E16: % | F16: Higher is better | G16: 0.95 | H16: 0.94 | I16: =IF(A16="","",IF(F16="Lower is better",G16-H16,H16-G16)) -> -0.01 | J16: =IF(A16="","",IF(OR(G16="",H16="",G16=0,H16=0),"",IF(F16="Lower is better",G16/H16,H16/G16))) -> 0.98947368 | K16: =IF(A16="","",IF(OR(B16="",C16="",D16="",E16="",F16="",G16="",H16=""),"Missing",IF(F16="Higher is better",IF(H16>=G16,"Met","Below target"),IF(F16="Lower is better",IF(H16<=G16,"Met","Below target"),IF(H16=G16,"Met","Below target"))))) -> Below target | L16: =IF(A16="","",IF(OR(COUNTIFS($A$11:$A$150,A16,$B$11:$B$150,B16)>1,B16="",C16="",D16="",E16="",F16="",G16="",H16=""),"ERROR","PASS")) -> PASS
A17: 46294 | B17: KPI-02 | C17: Customer Service | D17: Oldest open service case | E17: Minutes | F17: Lower is better | G17: 240 | H17: 250 | I17: =IF(A17="","",IF(F17="Lower is better",G17-H17,H17-G17)) -> -10 | J17: =IF(A17="","",IF(OR(G17="",H17="",G17=0,H17=0),"",IF(F17="Lower is better",G17/H17,H17/G17))) -> 0.96 | K17: =IF(A17="","",IF(OR(B17="",C17="",D17="",E17="",F17="",G17="",H17=""),"Missing",IF(F17="Higher is better",IF(H17>=G17,"Met","Below target"),IF(F17="Lower is better",IF(H17<=G17,"Met","Below target"),IF(H17=G17,"Met","Below target"))))) -> Below target | L17: =IF(A17="","",IF(OR(COUNTIFS($A$11:$A$150,A17,$B$11:$B$150,B17)>1,B17="",C17="",D17="",E17="",F17="",G17="",H17=""),"ERROR","PASS")) -> PASS
A18: 46294 | B18: KPI-03 | C18: Operations | D18: Checklist completion | E18: % | F18: Higher is better | G18: 0.98 | H18: 0.97 | I18: =IF(A18="","",IF(F18="Lower is better",G18-H18,H18-G18)) -> -0.01 | J18: =IF(A18="","",IF(OR(G18="",H18="",G18=0,H18=0),"",IF(F18="Lower is better",G18/H18,H18/G18))) -> 0.98979592 | K18: =IF(A18="","",IF(OR(B18="",C18="",D18="",E18="",F18="",G18="",H18=""),"Missing",IF(F18="Higher is better",IF(H18>=G18,"Met","Below target"),IF(F18="Lower is better",IF(H18<=G18,"Met","Below target"),IF(H18=G18,"Met","Below target"))))) -> Below target | L18: =IF(A18="","",IF(OR(COUNTIFS($A$11:$A$150,A18,$B$11:$B$150,B18)>1,B18="",C18="",D18="",E18="",F18="",G18="",H18=""),"ERROR","PASS")) -> PASS
A19: 46294 | B19: KPI-04 | C19: Operations | D19: Order errors | E19: % | F19: Lower is better | G19: 0.02 | H19: 0.024 | I19: =IF(A19="","",IF(F19="Lower is better",G19-H19,H19-G19)) -> -0.004 | J19: =IF(A19="","",IF(OR(G19="",H19="",G19=0,H19=0),"",IF(F19="Lower is better",G19/H19,H19/G19))) -> 0.83333333 | K19: =IF(A19="","",IF(OR(B19="",C19="",D19="",E19="",F19="",G19="",H19=""),"Missing",IF(F19="Higher is better",IF(H19>=G19,"Met","Below target"),IF(F19="Lower is better",IF(H19<=G19,"Met","Below target"),IF(H19=G19,"Met","Below target"))))) -> Below target | L19: =IF(A19="","",IF(OR(COUNTIFS($A$11:$A$150,A19,$B$11:$B$150,B19)>1,B19="",C19="",D19="",E19="",F19="",G19="",H19=""),"ERROR","PASS")) -> PASS
A20: 46294 | B20: KPI-05 | C20: Facilities | D20: Unplanned downtime | E20: Minutes | F20: Lower is better | G20: 30 | H20: 20 | I20: =IF(A20="","",IF(F20="Lower is better",G20-H20,H20-G20)) -> 10 | J20: =IF(A20="","",IF(OR(G20="",H20="",G20=0,H20=0),"",IF(F20="Lower is better",G20/H20,H20/G20))) -> 1.5 | K20: =IF(A20="","",IF(OR(B20="",C20="",D20="",E20="",F20="",G20="",H20=""),"Missing",IF(F20="Higher is better",IF(H20>=G20,"Met","Below target"),IF(F20="Lower is better",IF(H20<=G20,"Met","Below target"),IF(H20=G20,"Met","Below target"))))) -> Met | L20: =IF(A20="","",IF(OR(COUNTIFS($A$11:$A$150,A20,$B$11:$B$150,B20)>1,B20="",C20="",D20="",E20="",F20="",G20="",H20=""),"ERROR","PASS")) -> PASS
A21: 46301 | B21: KPI-01 | C21: Operations | D21: Orders dispatched on time | E21: % | F21: Higher is better | G21: 0.95 | H21: 0.96 | I21: =IF(A21="","",IF(F21="Lower is better",G21-H21,H21-G21)) -> 0.01 | J21: =IF(A21="","",IF(OR(G21="",H21="",G21=0,H21=0),"",IF(F21="Lower is better",G21/H21,H21/G21))) -> 1.0105263 | K21: =IF(A21="","",IF(OR(B21="",C21="",D21="",E21="",F21="",G21="",H21=""),"Missing",IF(F21="Higher is better",IF(H21>=G21,"Met","Below target"),IF(F21="Lower is better",IF(H21<=G21,"Met","Below target"),IF(H21=G21,"Met","Below target"))))) -> Met | L21: =IF(A21="","",IF(OR(COUNTIFS($A$11:$A$150,A21,$B$11:$B$150,B21)>1,B21="",C21="",D21="",E21="",F21="",G21="",H21=""),"ERROR","PASS")) -> PASS
A22: 46301 | B22: KPI-02 | C22: Customer Service | D22: Oldest open service case | E22: Minutes | F22: Lower is better | G22: 240 | H22: 230 | I22: =IF(A22="","",IF(F22="Lower is better",G22-H22,H22-G22)) -> 10 | J22: =IF(A22="","",IF(OR(G22="",H22="",G22=0,H22=0),"",IF(F22="Lower is better",G22/H22,H22/G22))) -> 1.0434783 | K22: =IF(A22="","",IF(OR(B22="",C22="",D22="",E22="",F22="",G22="",H22=""),"Missing",IF(F22="Higher is better",IF(H22>=G22,"Met","Below target"),IF(F22="Lower is better",IF(H22<=G22,"Met","Below target"),IF(H22=G22,"Met","Below target"))))) -> Met | L22: =IF(A22="","",IF(OR(COUNTIFS($A$11:$A$150,A22,$B$11:$B$150,B22)>1,B22="",C22="",D22="",E22="",F22="",G22="",H22=""),"ERROR","PASS")) -> PASS
... A40: 46322 | B40: KPI-05 | C40: Facilities | D40: Unplanned downtime | E40: Minutes | F40: Lower is better | G40: 30 | H40: 42 | I40: =IF(A40="","",IF(F40="Lower is better",G40-H40,H40-G40)) -> -12 | J40: =IF(A40="","",IF(OR(G40="",H40="",G40=0,H40=0),"",IF(F40="Lower is better",G40/H40,H40/G40))) -> 0.71428571 | K40: =IF(A40="","",IF(OR(B40="",C40="",D40="",E40="",F40="",G40="",H40=""),"Missing",IF(F40="Higher is better",IF(H40>=G40,"Met","Below target"),IF(F40="Lower is better",IF(H40<=G40,"Met","Below target"),IF(H40=G40,"Met","Below target"))))) -> Below target | L40: =IF(A40="","",IF(OR(COUNTIFS($A$11:$A$150,A40,$B$11:$B$150,B40)>1,B40="",C40="",D40="",E40="",F40="",G40="",H40=""),"ERROR","PASS")) -> PASS
I41: =IF(A41="","",IF(F41="Lower is better",G41-H41,H41-G41)) | J41: =IF(A41="","",IF(OR(G41="",H41="",G41=0,H41=0),"",IF(F41="Lower is better",G41/H41,H41/G41))) | K41: =IF(A41="","",IF(OR(B41="",C41="",D41="",E41="",F41="",G41="",H41=""),"Missing",IF(F41="Higher is better",IF(H41>=G41,"Met","Below target"),IF(F41="Lower is better",IF(H41<=G41,"Met","Below target"),IF(H41=G41,"Met","Below target"))))) | L41: =IF(A41="","",IF(OR(COUNTIFS($A$11:$A$150,A41,$B$11:$B$150,B41)>1,B41="",C41="",D41="",E41="",F41="",G41="",H41=""),"ERROR","PASS"))
I42: =IF(A42="","",IF(F42="Lower is better",G42-H42,H42-G42)) | J42: =IF(A42="","",IF(OR(G42="",H42="",G42=0,H42=0),"",IF(F42="Lower is better",G42/H42,H42/G42))) | K42: =IF(A42="","",IF(OR(B42="",C42="",D42="",E42="",F42="",G42="",H42=""),"Missing",IF(F42="Higher is better",IF(H42>=G42,"Met","Below target"),IF(F42="Lower is better",IF(H42<=G42,"Met","Below target"),IF(H42=G42,"Met","Below target"))))) | L42: =IF(A42="","",IF(OR(COUNTIFS($A$11:$A$150,A42,$B$11:$B$150,B42)>1,B42="",C42="",D42="",E42="",F42="",G42="",H42=""),"ERROR","PASS"))
I43: =IF(A43="","",IF(F43="Lower is better",G43-H43,H43-G43)) | J43: =IF(A43="","",IF(OR(G43="",H43="",G43=0,H43=0),"",IF(F43="Lower is better",G43/H43,H43/G43))) | K43: =IF(A43="","",IF(OR(B43="",C43="",D43="",E43="",F43="",G43="",H43=""),"Missing",IF(F43="Higher is better",IF(H43>=G43,"Met","Below target"),IF(F43="Lower is better",IF(H43<=G43,"Met","Below target"),IF(H43=G43,"Met","Below target"))))) | L43: =IF(A43="","",IF(OR(COUNTIFS($A$11:$A$150,A43,$B$11:$B$150,B43)>1,B43="",C43="",D43="",E43="",F43="",G43="",H43=""),"ERROR","PASS"))
I44: =IF(A44="","",IF(F44="Lower is better",G44-H44,H44-G44)) | J44: =IF(A44="","",IF(OR(G44="",H44="",G44=0,H44=0),"",IF(F44="Lower is better",G44/H44,H44/G44))) | K44: =IF(A44="","",IF(OR(B44="",C44="",D44="",E44="",F44="",G44="",H44=""),"Missing",IF(F44="Higher is better",IF(H44>=G44,"Met","Below target"),IF(F44="Lower is better",IF(H44<=G44,"Met","Below target"),IF(H44=G44,"Met","Below target"))))) | L44: =IF(A44="","",IF(OR(COUNTIFS($A$11:$A$150,A44,$B$11:$B$150,B44)>1,B44="",C44="",D44="",E44="",F44="",G44="",H44=""),"ERROR","PASS"))
I45: =IF(A45="","",IF(F45="Lower is better",G45-H45,H45-G45)) | J45: =IF(A45="","",IF(OR(G45="",H45="",G45=0,H45=0),"",IF(F45="Lower is better",G45/H45,H45/G45))) | K45: =IF(A45="","",IF(OR(B45="",C45="",D45="",E45="",F45="",G45="",H45=""),"Missing",IF(F45="Higher is better",IF(H45>=G45,"Met","Below target"),IF(F45="Lower is better",IF(H45<=G45,"Met","Below target"),IF(H45=G45,"Met","Below target"))))) | L45: =IF(A45="","",IF(OR(COUNTIFS($A$11:$A$150,A45,$B$11:$B$150,B45)>1,B45="",C45="",D45="",E45="",F45="",G45="",H45=""),"ERROR","PASS"))
I46: =IF(A46="","",IF(F46="Lower is better",G46-H46,H46-G46)) | J46: =IF(A46="","",IF(OR(G46="",H46="",G46=0,H46=0),"",IF(F46="Lower is better",G46/H46,H46/G46))) | K46: =IF(A46="","",IF(OR(B46="",C46="",D46="",E46="",F46="",G46="",H46=""),"Missing",IF(F46="Higher is better",IF(H46>=G46,"Met","Below target"),IF(F46="Lower is better",IF(H46<=G46,"Met","Below target"),IF(H46=G46,"Met","Below target"))))) | L46: =IF(A46="","",IF(OR(COUNTIFS($A$11:$A$150,A46,$B$11:$B$150,B46)>1,B46="",C46="",D46="",E46="",F46="",G46="",H46=""),"ERROR","PASS"))
I47: =IF(A47="","",IF(F47="Lower is better",G47-H47,H47-G47)) | J47: =IF(A47="","",IF(OR(G47="",H47="",G47=0,H47=0),"",IF(F47="Lower is better",G47/H47,H47/G47))) | K47: =IF(A47="","",IF(OR(B47="",C47="",D47="",E47="",F47="",G47="",H47=""),"Missing",IF(F47="Higher is better",IF(H47>=G47,"Met","Below target"),IF(F47="Lower is better",IF(H47<=G47,"Met","Below target"),IF(H47=G47,"Met","Below target"))))) | L47: =IF(A47="","",IF(OR(COUNTIFS($A$11:$A$150,A47,$B$11:$B$150,B47)>1,B47="",C47="",D47="",E47="",F47="",G47="",H47=""),"ERROR","PASS"))
I48: =IF(A48="","",IF(F48="Lower is better",G48-H48,H48-G48)) | J48: =IF(A48="","",IF(OR(G48="",H48="",G48=0,H48=0),"",IF(F48="Lower is better",G48/H48,H48/G48))) | K48: =IF(A48="","",IF(OR(B48="",C48="",D48="",E48="",F48="",G48="",H48=""),"Missing",IF(F48="Higher is better",IF(H48>=G48,"Met","Below target"),IF(F48="Lower is better",IF(H48<=G48,"Met","Below target"),IF(H48=G48,"Met","Below target"))))) | L48: =IF(A48="","",IF(OR(COUNTIFS($A$11:$A$150,A48,$B$11:$B$150,B48)>1,B48="",C48="",D48="",E48="",F48="",G48="",H48=""),"ERROR","PASS"))
I49: =IF(A49="","",IF(F49="Lower is better",G49-H49,H49-G49)) | J49: =IF(A49="","",IF(OR(G49="",H49="",G49=0,H49=0),"",IF(F49="Lower is better",G49/H49,H49/G49))) | K49: =IF(A49="","",IF(OR(B49="",C49="",D49="",E49="",F49="",G49="",H49=""),"Missing",IF(F49="Higher is better",IF(H49>=G49,"Met","Below target"),IF(F49="Lower is better",IF(H49<=G49,"Met","Below target"),IF(H49=G49,"Met","Below target"))))) | L49: =IF(A49="","",IF(OR(COUNTIFS($A$11:$A$150,A49,$B$11:$B$150,B49)>1,B49="",C49="",D49="",E49="",F49="",G49="",H49=""),"ERROR","PASS"))
I50: =IF(A50="","",IF(F50="Lower is better",G50-H50,H50-G50)) | J50: =IF(A50="","",IF(OR(G50="",H50="",G50=0,H50=0),"",IF(F50="Lower is better",G50/H50,H50/G50))) | K50: =IF(A50="","",IF(OR(B50="",C50="",D50="",E50="",F50="",G50="",H50=""),"Missing",IF(F50="Higher is better",IF(H50>=G50,"Met","Below target"),IF(F50="Lower is better",IF(H50<=G50,"Met","Below target"),IF(H50=G50,"Met","Below target"))))) | L50: =IF(A50="","",IF(OR(COUNTIFS($A$11:$A$150,A50,$B$11:$B$150,B50)>1,B50="",C50="",D50="",E50="",F50="",G50="",H50=""),"ERROR","PASS"))
I51: =IF(A51="","",IF(F51="Lower is better",G51-H51,H51-G51)) | J51: =IF(A51="","",IF(OR(G51="",H51="",G51=0,H51=0),"",IF(F51="Lower is better",G51/H51,H51/G51))) | K51: =IF(A51="","",IF(OR(B51="",C51="",D51="",E51="",F51="",G51="",H51=""),"Missing",IF(F51="Higher is better",IF(H51>=G51,"Met","Below target"),IF(F51="Lower is better",IF(H51<=G51,"Met","Below target"),IF(H51=G51,"Met","Below target"))))) | L51: =IF(A51="","",IF(OR(COUNTIFS($A$11:$A$150,A51,$B$11:$B$150,B51)>1,B51="",C51="",D51="",E51="",F51="",G51="",H51=""),"ERROR","PASS"))
I52: =IF(A52="","",IF(F52="Lower is better",G52-H52,H52-G52)) | J52: =IF(A52="","",IF(OR(G52="",H52="",G52=0,H52=0),"",IF(F52="Lower is better",G52/H52,H52/G52))) | K52: =IF(A52="","",IF(OR(B52="",C52="",D52="",E52="",F52="",G52="",H52=""),"Missing",IF(F52="Higher is better",IF(H52>=G52,"Met","Below target"),IF(F52="Lower is better",IF(H52<=G52,"Met","Below target"),IF(H52=G52,"Met","Below target"))))) | L52: =IF(A52="","",IF(OR(COUNTIFS($A$11:$A$150,A52,$B$11:$B$150,B52)>1,B52="",C52="",D52="",E52="",F52="",G52="",H52=""),"ERROR","PASS"))
... I150: =IF(A150="","",IF(F150="Lower is better",G150-H150,H150-G150)) | J150: =IF(A150="","",IF(OR(G150="",H150="",G150=0,H150=0),"",IF(F150="Lower is better",G150/H150,H150/G150))) | K150: =IF(A150="","",IF(OR(B150="",C150="",D150="",E150="",F150="",G150="",H150=""),"Missing",IF(F150="Higher is better",IF(H150>=G150,"Met","Below target"),IF(F150="Lower is better",IF(H150<=G150,"Met","Below target"),IF(H150=G150,"Met","Below target"))))) | L150: =IF(A150="","",IF(OR(COUNTIFS($A$11:$A$150,A150,$B$11:$B$150,B150)>1,B150="",C150="",D150="",E150="",F150="",G150="",H150=""),"ERROR","PASS"))

Sheet SETUP
A2: Home | B2: Home | C2: Dashboard | D2: Dashboard | E2: Daily plan | F2: Daily plan | G2: Tasks | H2: Tasks | I2: Checklists | J2: Checklists | K2: Handover | L2: Handover | M2: Issues | N2: Issues | O2: KPI log | P2: KPI log | Q2: Setup | R2: Setup | S2: Audit | T2: Audit
A4: CONTROL SETTINGS | B4: CONTROL SETTINGS | C4: CONTROL SETTINGS | D4: CONTROL SETTINGS | E4: CONTROL SETTINGS | F4: CONTROL SETTINGS | G4: CONTROL SETTINGS | H4: CONTROL SETTINGS | I4: CONTROL SETTINGS | J4: CONTROL SETTINGS | K4: CONTROL SETTINGS | L4: CONTROL SETTINGS | M4: CONTROL SETTINGS | N4: CONTROL SETTINGS | O4: CONTROL SETTINGS | P4: CONTROL SETTINGS | Q4: CONTROL SETTINGS | R4: CONTROL SETTINGS | S4: CONTROL SETTINGS | T4: CONTROL SETTINGS
A6: Operations Settings | B6: Operations Settings | C6: Operations Settings | D6: Operations Settings | E6: Operations Settings | F6: Operations Settings | G6: Operations Settings | H6: Operations Settings | I6: Operations Settings | J6: Operations Settings | K6: Operations Settings | L6: Operations Settings | M6: Operations Settings | N6: Operations Settings | O6: Operations Settings | P6: Operations Settings | Q6: Operations Settings | R6: Operations Settings | S6: Operations Settings | T6: Operations Settings
A7: Set the review date, alert windows, approved lists, shifts, statuses, and KPI definitions. | B7: Set the review date, alert windows, approved lists, shifts, statuses, and KPI definitions. | C7: Set the review date, alert windows, approved lists, shifts, statuses, and KPI definitions. | D7: Set the review date, alert windows, approved lists, shifts, statuses, and KPI definitions. | E7: Set the review date, alert windows, approved lists, shifts, statuses, and KPI definitions. | F7: Set the review date, alert windows, approved lists, shifts, statuses, and KPI definitions. | G7: Set the review date, alert windows, approved lists, shifts, statuses, and KPI definitions. | H7: Set the review date, alert windows, approved lists, shifts, statuses, and KPI definitions. | I7: Set the review date, alert windows, approved lists, shifts, statuses, and KPI definitions. | J7: Set the review date, alert windows, approved lists, shifts, statuses, and KPI definitions. | K7: Set the review date, alert windows, approved lists, shifts, statuses, and KPI definitions. | L7: Set the review date, alert windows, approved lists, shifts, statuses, and KPI definitions. | M7: Set the review date, alert windows, approved lists, shifts, statuses, and KPI definitions. | N7: Set the review date, alert windows, approved lists, shifts, statuses, and KPI definitions. | O7: Set the review date, alert windows, approved lists, shifts, statuses, and KPI definitions. | P7: Set the review date, alert windows, approved lists, shifts, statuses, and KPI definitions. | Q7: Set the review date, alert windows, approved lists, shifts, statuses, and KPI definitions. | R7: Set the review date, alert windows, approved lists, shifts, statuses, and KPI definitions. | S7: Set the review date, alert windows, approved lists, shifts, statuses, and KPI definitions. | T7: Set the review date, alert windows, approved lists, shifts, statuses, and KPI definitions.
A9: BUSINESS CONTROLS | B9: BUSINESS CONTROLS | C9: BUSINESS CONTROLS | D9: BUSINESS CONTROLS | E9: BUSINESS CONTROLS | F9: BUSINESS CONTROLS | G9: BUSINESS CONTROLS | H9: BUSINESS CONTROLS | J9: DEPARTMENTS | K9: DEPARTMENTS | M9: OWNERS | N9: OWNERS | P9: SHIFTS | Q9: SHIFTS
A10: Business name | B10: Business name | C10: Business name | D10: Fictional Cedar & Co. | E10: Fictional Cedar & Co. | F10: Fictional Cedar & Co. | G10: Fictional Cedar & Co. | H10: Fictional Cedar & Co. | J10: Operations | M10: Maya Hassan | P10: Opening
A11: Review date | B11: Review date | C11: Review date | D11: 46323 | E11: 46323 | F11: 46323 | G11: 46323 | H11: 46323 | J11: Sales | M11: Daniel Ruiz | P11: Midday
A12: Due-soon window (days) | B12: Due-soon window (days) | C12: Due-soon window (days) | D12: 3 | E12: 3 | F12: 3 | G12: 3 | H12: 3 | J12: Customer Service | M12: Sofia Kim | P12: Closing
A13: Issue aging warning (days) | B13: Issue aging warning (days) | C13: Issue aging warning (days) | D13: 7 | E13: 7 | F13: 7 | G13: 7 | H13: 7 | J13: Finance | M13: Lucas Martin
A14: KPI reporting date | B14: KPI reporting date | C14: KPI reporting date | D14: 46322 | E14: 46322 | F14: 46322 | G14: 46322 | H14: 46322 | J14: Facilities | M14: Noor Al Mansoori
A15: Week starts on | B15: Week starts on | C15: Week starts on | D15: Monday | E15: Monday | F15: Monday | G15: Monday | H15: Monday | M15: Omar Saleh
A19: KPI DEFINITIONS | B19: KPI DEFINITIONS | C19: KPI DEFINITIONS | D19: KPI DEFINITIONS | E19: KPI DEFINITIONS | F19: KPI DEFINITIONS | G19: KPI DEFINITIONS | H19: KPI DEFINITIONS | J19: PRIORITIES | K19: PRIORITIES | M19: TASK STATUS | N19: TASK STATUS | P19: FREQUENCIES | Q19: FREQUENCIES
A20: KPI ID | B20: Department | C20: Metric | D20: Unit | E20: Direction | F20: Target | J20: Critical | M20: Not started | P20: Daily
A21: KPI-01 | B21: Operations | C21: Orders dispatched on time | D21: % | E21: Higher is better | F21: 0.95 | J21: High | M21: In progress | P21: Weekly
A22: KPI-02 | B22: Customer Service | C22: Oldest open service case | D22: Minutes | E22: Lower is better | F22: 240 | J22: Medium | M22: Waiting | P22: Monthly
A23: KPI-03 | B23: Operations | C23: Checklist completion | D23: % | E23: Higher is better | F23: 0.98 | J23: Low | M23: Completed | P23: One-time
A24: KPI-04 | B24: Operations | C24: Order errors | D24: % | E24: Lower is better | F24: 0.02 | M24: Cancelled
A25: KPI-05 | B25: Facilities | C25: Unplanned downtime | D25: Minutes | E25: Lower is better | F25: 30
J30: CHECK STATUS | K30: CHECK STATUS | M30: ISSUE STATUS | N30: ISSUE STATUS | P30: SEVERITY | Q30: SEVERITY
J31: Not started | M31: Open | P31: Critical
J32: Complete | M32: Investigating | P32: High
J33: Not applicable | M33: Action in progress | P33: Medium
J34: Exception | M34: Monitoring | P34: Low
M35: Closed
A39: SAFE USE | B39: SAFE USE | C39: SAFE USE | D39: SAFE USE | E39: SAFE USE | F39: SAFE USE | G39: SAFE USE | H39: SAFE USE | I39: SAFE USE | J39: SAFE USE | K39: SAFE USE | L39: SAFE USE | M39: SAFE USE | N39: SAFE USE | O39: SAFE USE | P39: SAFE USE | Q39: SAFE USE
A40: Use this workbook for operational coordination and management review. Keep confidential source documents in approved systems. Do not use the workbook as an emergency-response system, legal record, payroll tool, or substitute for required safety procedures. Define owners and escalation routes outside the workbook before use. | B40: Use this workbook for operational coordination and management review. Keep confidential source documents in approved systems. Do not use the workbook as an emergency-response system, legal record, payroll tool, or substitute for required safety procedures. Define owners and escalation routes outside the workbook before use. | C40: Use this workbook for operational coordination and management review. Keep confidential source documents in approved systems. Do not use the workbook as an emergency-response system, legal record, payroll tool, or substitute for required safety procedures. Define owners and escalation routes outside the workbook before use. | D40: Use this workbook for operational coordination and management review. Keep confidential source documents in approved systems. Do not use the workbook as an emergency-response system, legal record, payroll tool, or substitute for required safety procedures. Define owners and escalation routes outside the workbook before use. | E40: Use this workbook for operational coordination and management review. Keep confidential source documents in approved systems. Do not use the workbook as an emergency-response system, legal record, payroll tool, or substitute for required safety procedures. Define owners and escalation routes outside the workbook before use. | F40: Use this workbook for operational coordination and management review. Keep confidential source documents in approved systems. Do not use the workbook as an emergency-response system, legal record, payroll tool, or substitute for required safety procedures. Define owners and escalation routes outside the workbook before use. | G40: Use this workbook for operational coordination and management review. Keep confidential source documents in approved systems. Do not use the workbook as an emergency-response system, legal record, payroll tool, or substitute for required safety procedures. Define owners and escalation routes outside the workbook before use. | H40: Use this workbook for operational coordination and management review. Keep confidential source documents in approved systems. Do not use the workbook as an emergency-response system, legal record, payroll tool, or substitute for required safety procedures. Define owners and escalation routes outside the workbook before use. | I40: Use this workbook for operational coordination and management review. Keep confidential source documents in approved systems. Do not use the workbook as an emergency-response system, legal record, payroll tool, or substitute for required safety procedures. Define owners and escalation routes outside the workbook before use. | J40: Use this workbook for operational coordination and management review. Keep confidential source documents in approved systems. Do not use the workbook as an emergency-response system, legal record, payroll tool, or substitute for required safety procedures. Define owners and escalation routes outside the workbook before use. | K40: Use this workbook for operational coordination and management review. Keep confidential source documents in approved systems. Do not use the workbook as an emergency-response system, legal record, payroll tool, or substitute for required safety procedures. Define owners and escalation routes outside the workbook before use. | L40: Use this workbook for operational coordination and management review. Keep confidential source documents in approved systems. Do not use the workbook as an emergency-response system, legal record, payroll tool, or substitute for required safety procedures. Define owners and escalation routes outside the workbook before use. | M40: Use this workbook for operational coordination and management review. Keep confidential source documents in approved systems. Do not use the workbook as an emergency-response system, legal record, payroll tool, or substitute for required safety procedures. Define owners and escalation routes outside the workbook before use. | N40: Use this workbook for operational coordination and management review. Keep confidential source documents in approved systems. Do not use the workbook as an emergency-response system, legal record, payroll tool, or substitute for required safety procedures. Define owners and escalation routes outside the workbook before use. | O40: Use this workbook for operational coordination and management review. Keep confidential source documents in approved systems. Do not use the workbook as an emergency-response system, legal record, payroll tool, or substitute for required safety procedures. Define owners and escalation routes outside the workbook before use. | P40: Use this workbook for operational coordination and management review. Keep confidential source documents in approved systems. Do not use the workbook as an emergency-response system, legal record, payroll tool, or substitute for required safety procedures. Define owners and escalation routes outside the workbook before use. | Q40: Use this workbook for operational coordination and management review. Keep confidential source documents in approved systems. Do not use the workbook as an emergency-response system, legal record, payroll tool, or substitute for required safety procedures. Define owners and escalation routes outside the workbook before use.
